Workbook
Name \0: #REF!
Name \0: #REF!
Name \0: #REF!
Name \0: #REF!
Name \0: #REF!
Name \0: #REF!
Name \0: #REF!
Name \a: #REF!
Name \a: #REF!
Name \b: #REF!
Name \b: #REF!
Name \c: #REF!
Name \c: #REF!
Name \D: #REF!
Name \e: #REF!
Name \eliminar: #REF!
Name \eliminar1: #REF!
Name \i: #REF!
Name \i: #REF!
Name \L: #REF!
Name \L: #REF!
Name \m: #REF!
Name \m: #REF!
Name \o: #REF!
Name \P: #REF!
Name \P: #REF!
Name \q: #REF!
Name \r: #REF!
Name \r: #REF!
Name \sa: #REF!
Name \t: #REF!
Name \t: #REF!
Name \w: #N/A
Name \x: #REF!
Name \x: #REF!
Name \z: #REF!
Name \z: #REF!
Name _: #REF!
Name _??: {"'?????10.27??????'!$Q$16"}
Name _??: {"'?????10.27??????'!$Q$16"}
Name _??: {"'?????10.27??????'!$Q$16"}
Name _??: {"'?????10.27??????'!$Q$16"}
Name _??: {"'?????10.27??????'!$Q$16"}
Name _??: {"'?????10.27??????'!$Q$16"}
Name _??: {"'?????10.27??????'!$Q$16"}
Name _????: {"'?????10.27??????'!$Q$16"}
Name _????: {"'?????10.27??????'!$Q$16"}
Name _????: {"'?????10.27??????'!$Q$16"}
Name _????: {"'?????10.27??????'!$Q$16"}
Name _????: {"'?????10.27??????'!$Q$16"}
Name _????: {"'?????10.27??????'!$Q$16"}
Name _????: {"'?????10.27??????'!$Q$16"}
Name _??????: {"'?????10.27??????'!$Q$16"}
Name _??????: {"'?????10.27??????'!$Q$16"}
Name _??????: {"'?????10.27??????'!$Q$16"}
Name _??????: {"'?????10.27??????'!$Q$16"}
Name _??????: {"'?????10.27??????'!$Q$16"}
Name _??????: {"'?????10.27??????'!$Q$16"}
Name _??????: {"'?????10.27??????'!$Q$16"}
Name _???????: {"'?????10.27??????'!$Q$16"}

Sheet ACTA ADICIONAL OBRA 
C1: SISTEMA INTEGRADO DE GESTIÓN DE CALIDAD ACTA MODIFICATORIA DE OBRA | P1: CÓDIGO EDUS-FO-13
P2: VERSIÓN 1.0
P3: 01 DE ENERO 2020
A5: UNIDAD EJECUTORA: | B5: EMPRESA DISTRITAL DE DESARROLLO URBANO Y SOSTENIBLE DE SANTA MARTA | E5: ACTA Nª | F5: 1 | J5: VALOR TOTAL ACTA MODIFICATORIA : | L5: =+I257 -> 1150059744 | O5: PERIODO MES | P5: MARZO
N6: FECHA DE ELABORACIÓN | P6: 46098
A8: CONTRATO No : | B8: EDUS064-2025 | J8: FECHA DE INICIACION: | K8: 1 DE AGOSTO DE 2025 | L8: PLAZO INICIAL: | N8: 31 DE DICIEMBRE DE 2025 | O8: PLAZO ACUMULADO INICIAL: | Q8: 5 MESES
A10: OBJETO: | B10: CONSTRUCCION DEL CENTRO DE VIDA PARA EL ADULTO MAYOR " MIGUEL PINEDO BARROS" EN LA LOCALIDAD TRES ( 3) DEL DISTRITO DE SANTA MARTA | J10: FECHA DE SUSPENSIÓN: | K10: 23 DE DICIEMBRE DE 2025 | L10: FECHA DE REANUDACIÓN: | N10: 25 DE FEBRERO DE 2026 | O10: PRORROGA - MODIFICATORIO No.1: | Q10: 2 MESES
A12: CONTRATISTA: | B12: INVERSIONES Y CONSTRUCCIONES R2 S.A.S | J12: FECHA DE VENCIMIENTO No. 2: | L12: 30 DE ABRIL DE 2026 | N12: TIEMPO ADICIONAL SOLICITADO: | Q12: 4 MESES
A14: CONTRATO DE INTERVENTORÍA No : | B14: EDUS086-2025 | J14: VALOR INICIAL (incluido IVA) : | L14: =+F257 -> 4.709458e+09 | N14: VALOR ADICIÓN No 1 : | Q14: =+I257 -> 1150059744
A16: INTERVENTOR: | B16: CONSORCIO INTER. CENTRO DE VIDA 2025 | J16: VALOR TOTAL ACUMULADO: | L16: =+K257 -> 5.8595177e+09 | N16: VALOR TOTAL EN ADICIONES: | Q16: =+I257 -> 1150059744
A18: Item | B18: CONDICIONES ORIGINALES | G18: MAYORES O MENORES CANTIDADES DE OBRA | J18: CONDICIONES ACTUALIZADAS Acta de Modificación No. 001 de fecha 17/03/2026 | L18: OBRA EJECUTADA
L19: ACUMULADO ANTERIOR | N19: PRESENTE ACTA | P19: ACUMULADO
B20: ITEM DE PAGO | C20: UND | D20: CANTIDAD | E20: VALOR UNITARIO | F20: VALOR TOTAL | G20: (+/-) | H20: CANTIDAD | I20: VALOR TOTAL | J20: CANTIDAD | K20: VALOR TOTAL | L20: CANTIDAD | M20: VALOR TOTAL | N20: CANTIDAD | O20: VALOR TOTAL | P20: CANTIDAD | Q20: VALOR TOTAL
A21: 1 | B21: OBRAS PRELIMINARES | F21: =SUM(F22:F24) -> 116681083 | I21: =+SUM(I22:I24) -> -51010295 | K21: =SUM(K22:K24) -> 65670788
A22: 1.1 | B22: Localización y replanteo | C22: m² | D22: 1420.86 | E22: 5189 | F22: =ROUND(D22*E22,0) -> 7372843 | J22: 1420.86 | K22: =ROUND(E22*J22,0) -> 7372843
A23: 1.2 | B23: DESCAPOTE A MAQUINA EXP < O = A .20-AREAS MAYORES A 2000M2-INCL.RETIRO SOBRANTE A 2KM | C23: m² | D23: 2841.72 | E23: 35901 | F23: =ROUND(D23*E23,0) -> 102020590 | G23: (-) | H23: -1420.86 | I23: =+ROUND(H23*E23,0) -> -51010295 | J23: =+D23+H23 -> 1420.86 | K23: =ROUND(E23*J23,0) -> 51010295
A24: 0 | B24: CERRAMIENTO PROVISIONAL EN ZINC, INSTALADO Y PERMANENTE DURANTE LA OBRA EN CONDICIONES OPTIMAS.H= 2,10 MTS, INCLUYE DESMONTE AL FINALIZAR LA OBRA | C24: ml | D24: 152.49 | E24: 47791 | F24: =ROUND(D24*E24,0) -> 7287650 | J24: 152.49 | K24: =ROUND(E24*J24,0) -> 7287650
A25: 2 | B25: MOVIMIENTOS DE TIERRA Y CONSTRUCCIÓN DE CIMENTACIÓN | F25: =SUM(F26:F31) -> 545340020 | I25: =+SUM(I26:I31) -> 43382813 | K25: =SUM(K26:K31) -> 588722833
A26: 2.1 | B26: Excavación mecánica a nivel de subrasante (incluye retiro de sobrantes) | C26: m³ | D26: 4765.5644 | E26: 44034 | F26: =ROUND(D26*E26,0) -> 209846865 | J26: =+D26+H26 -> 4765.5644 | K26: =ROUND(E26*J26,0) -> 209846865
A27: 2.2 | B27: Base granular-Analizada para tipo de gradación SGB-50, clase A . incluye el material y transporte | C27: m³ | D27: 710.43 | E27: 212719 | F27: =ROUND(D27*E27,0) -> 151121959 | G27: (+) | H27: =+'M.C PPTO ORIGINAL'!S210 -> 0 | I27: =+ROUND(H27*E27,0) -> 0 | J27: =+D27+H27 -> 710.43 | K27: =ROUND(E27*J27,0) -> 151121959
A28: 2.3 | B28: Concreto de 210 kg/cm² (3.000 psi) para cimentación. Tamaño según planos estructurales | C28: m³ | D28: 46.65 | E28: 929470 | F28: =ROUND(D28*E28,0) -> 43359776 | G28: (+) | H28: =+'M.C PPTO ORIGINAL'!S259+'M.C PPTO ORIGINAL'!S260 -> 8.722 | I28: =+ROUND(H28*E28,0) -> 8106837 | J28: =+D28+H28 -> 55.372 | K28: =ROUND(E28*J28,0) -> 51466613
A29: 2.4 | B29: Concreto de 210 kg/cm² (3.000 psi) para vigas de cimentación | C29: m³ | D29: 35.65 | E29: 918470 | F29: =ROUND(D29*E29,0) -> 32743456 | G29: (+) | H29: =+'M.C PPTO ORIGINAL'!S309+'M.C PPTO ORIGINAL'!S310+'M.C PPTO ORIGINAL'!S311 -> 22.717625 | I29: =+ROUND(H29*E29,0) -> 20865457 | J29: =+D29+H29 -> 58.367625 | K29: =ROUND(E29*J29,0) -> 53608913
A30: 2.5 | B30: Acero de refuerzo 4.200 kg/cm² (60.000 psi) | C30: kg | D30: 9377.92 | E30: 9876 | F30: =ROUND(D30*E30,0) -> 92616338 | G30: (+) | H30: =+'M.C PPTO ORIGINAL'!S358+'M.C PPTO ORIGINAL'!S359+'M.C PPTO ORIGINAL'!S360 -> 1386 | I30: =+ROUND(H30*E30,0) -> 13688136 | J30: =+D30+H30 -> 10763.92 | K30: =ROUND(E30*J30,0) -> 106304474
A31: 2.6 | B31: Concreto de 280 kg/cm² (4.000 psi) para pedestales | C31: m³ | D31: 16.25 | E31: 963177 | F31: =ROUND(D31*E31,0) -> 15651626 | G31: (+) | H31: 0.75 | I31: =+ROUND(H31*E31,0) -> 722383 | J31: =+D31+H31 -> 17 | K31: =ROUND(E31*J31,0) -> 16374009
A32: 3 | B32: CONSTRUCCIÓN DE COLUMNAS Y VIGAS SUPERIORES | F32: =SUM(F33:F35) -> 395888427 | I32: =+SUM(I33:I35) -> -20190509 | K32: =SUM(K33:K35) -> 375697918
A33: 3.1 | B33: Concreto de 210 kg/cm² (3.000 psi) para vigas y losa superior N+4.5m | C33: m³ | D33: 72 | E33: 1037958 | F33: =ROUND(D33*E33,0) -> 74732976 | G33: (-) | H33: =+'M.C PPTO ORIGINAL'!S456+'M.C PPTO ORIGINAL'!S458 -> -17.59235 | I33: =+ROUND(H33*E33,0) -> -18260120 | J33: =+D33+H33 -> 54.40765 | K33: =ROUND(E33*J33,0) -> 56472856
A34: 3.2 | B34: Concreto de 280Kg/cm2 (4.000psi) para columnas | C34: m³ | D34: 57.12 | E34: 1239244 | F34: =ROUND(D34*E34,0) -> 70785617 | G34: (-) | H34: =+'M.C PPTO ORIGINAL'!S505+'M.C PPTO ORIGINAL'!S507 -> -15.598 | I34: =+ROUND(H34*E34,0) -> -19329728 | J34: =+D34+H34 -> 41.522 | K34: =ROUND(E34*J34,0) -> 51455889
A35: 3.3 | B35: Acero figurado de refuerzo de 4200 kg/cm² (60.000 psi ) | C35: kg | D35: 25351.34 | E35: 9876 | F35: =ROUND(D35*E35,0) -> 250369834 | G35: (+) | H35: =+'M.C PPTO ORIGINAL'!S554+'M.C PPTO ORIGINAL'!S555 -> 1761.78 | I35: =+ROUND(H35*E35,0) -> 17399339 | J35: =+D35+H35 -> 27113.12 | K35: =ROUND(E35*J35,0) -> 267769173
A36: 4 | B36: ESTRUCTURAS METÁLICAS (CUBIERTAS) | F36: =SUM(F37:F39) -> 631619007 | K36: =SUM(K37:K39) -> 631619007
A37: 4.1 | B37: Suministro, fabricación y montaje de estructura metálica. Cubierta N°1 | C37: Kg | D37: 8424.9 | E37: 23951 | F37: =ROUND(D37*E37,0) -> 201784780 | J37: 8424.9 | K37: =ROUND(E37*J37,0) -> 201784780
A38: 4.2 | B38: Suministro, fabricación y montaje de estructura metálica. Cubierta N°2 | C38: Kg | D38: 13249.5 | E38: 23951 | F38: =ROUND(D38*E38,0) -> 317338775 | J38: 13249.5 | K38: =ROUND(E38*J38,0) -> 317338775
A39: 4.3 | B39: Suministro, fabricación y montaje de estructura metálica. Cubierta N°3 | C39: Kg | D39: 4696.9 | E39: 23951 | F39: =ROUND(D39*E39,0) -> 112495452 | J39: 4696.9 | K39: =ROUND(E39*J39,0) -> 112495452
A40: 5 | B40: TANQUE DE ALMACENAMIENTO SUBTERRÁNEO | F40: =SUM(F41) -> 26457294 | K40: =SUM(K41) -> 26457294
A41: 5.1 | B41: Construcción de tanque de almacenamiento subterráneo, incluye montaje del suministro de agua potable y todo lo necesario para su correcto funcionamiento | C41: Und | D41: 1 | E41: 26457294 | F41: =ROUND(D41*E41,0) -> 26457294 | J41: 1 | K41: =ROUND(E41*J41,0) -> 26457294
A42: 6 | B42: REDES DE SUMINISTRO HIDRÁULICO | F42: =SUM(F43:F57) -> 8368175 | I42: =+SUM(I43:I57) -> 867792 | K42: =SUM(K43:K57) -> 9235967
A43: 6.1 | B43: Localización y replanteo | C43: m² | D43: 62.7165 | E43: 5189 | F43: =ROUND(D43*E43,0) -> 325436 | J43: =+D43+H43 -> 62.7165 | K43: =ROUND(E43*J43,0) -> 325436
A44: 6.2 | B44: Excavacion manual sobre terreno, incluye retiro, cargue, transporte de Material sobrante a una distancia maxima de 1 km | C44: m3 | D44: 31.3635 | E44: 48990 | F44: =ROUND(D44*E44,0) -> 1536498 | J44: =+D44+H44 -> 31.3635 | K44: =ROUND(E44*J44,0) -> 1536498
A45: 6.3 | B45: Relleno con material seleccionado compactacion PM=95% | C45: m3 | D45: 12.537 | E45: 124237 | F45: =ROUND(D45*E45,0) -> 1557559 | G45: (+) | H45: 6.28 | I45: =+ROUND(H45*E45,0) -> 780208 | J45: =+D45+H45 -> 18.817 | K45: =ROUND(E45*J45,0) -> 2337768
A46: 6.4 | B46: Suministro e instalación de tuberia hidraulica 1/2" PVC RDE 21. | C46: m | D46: 67.98 | E46: 6637 | F46: =ROUND(D46*E46,0) -> 451183 | I46: =+ROUND(H46*E46,0) -> 0 | J46: =+D46+H46 -> 67.98 | K46: =ROUND(E46*J46,0) -> 451183
A47: 6.5 | B47: Suministro e instalación de tuberia hidraulica 1" PVC RDE 21. | C47: m | D47: 31.3635 | E47: 10137 | F47: =ROUND(D47*E47,0) -> 317932 | G47: (+) | H47: 8.64 | I47: =+ROUND(H47*E47,0) -> 87584 | J47: =+D47+H47 -> 40.0035 | K47: =ROUND(E47*J47,0) -> 405515
A48: 6.6 | B48: Suministro e instalación de tuberia hidraulica 1-1/4" PVC RDE 21. | C48: m | D48: 101.11 | E48: 8737 | F48: =ROUND(D48*E48,0) -> 883398 | I48: =+ROUND(H48*E48,0) -> 0 | J48: =+D48+H48 -> 101.11 | K48: =ROUND(E48*J48,0) -> 883398
A49: 6.7 | B49: Suministro e instalación de accesorios para tuberia hidraulica | C49: Und | D49: 26 | E49: 38347 | F49: =ROUND(D49*E49,0) -> 997022 | I49: =+ROUND(H49*E49,0) -> 0 | J49: =+D49+H49 -> 26 | K49: =ROUND(E49*J49,0) -> 997022
A50: 6.8 | B50: CONEXIÓN DOMICILIRIA INC. MICROMEDIDOR 1 Y TODO LO NECESARIO PARA SU CORRECTA INSTALACIÓN Y FUNCIONAMIENTO. | C50: Und | D50: 1 | E50: 621037 | F50: =ROUND(D50*E50,0) -> 621037 | I50: =+ROUND(H50*E50,0) -> 0 | J50: =+D50+H50 -> 1 | K50: =ROUND(E50*J50,0) -> 621037
A51: 6.9 | B51: SUMINISTRO E INSTALACIÓN REGISTRO DE BOLA D = 1 1/2" TIPO LIVIANO | C51: Und | D51: 1 | E51: 28637 | F51: =ROUND(D51*E51,0) -> 28637 | I51: =+ROUND(H51*E51,0) -> 0 | J51: =+D51+H51 -> 1 | K51: =ROUND(E51*J51,0) -> 28637
A52: 6.10 | B52: SUMINISTRO E INSTALACIÓN REGISTRO DE BOLA D = 1/2" TIPO LIVIANO | C52: Und | D52: 6 | E52: 22637 | F52: =ROUND(D52*E52,0) -> 135822 | I52: =+ROUND(H52*E52,0) -> 0 | J52: =+D52+H52 -> 6 | K52: =ROUND(E52*J52,0) -> 135822
A53: 6.11 | B53: SUMINISTRO E INSTALACIÓN REGISTRO DE BOLA D = 1" TIPO LIVIANO | C53: Und | D53: 1 | E53: 24637 | F53: =ROUND(D53*E53,0) -> 24637 | I53: =+ROUND(H53*E53,0) -> 0 | J53: =+D53+H53 -> 1 | K53: =ROUND(E53*J53,0) -> 24637
A54: 6.12 | B54: SUMINISTRO E INSTALACIÓN REGISTRO DE BOLA D =1 1/4" TIPO LIVIANO | C54: Und | D54: 4 | E54: 44637 | F54: =ROUND(D54*E54,0) -> 178548 | I54: =+ROUND(H54*E54,0) -> 0 | J54: =+D54+H54 -> 4 | K54: =ROUND(E54*J54,0) -> 178548
A55: 6.13 | B55: SUMINISTRO E INSTALACIÓN DUCHA SENCILLA | C55: Und | D55: 2 | E55: 93451 | F55: =ROUND(D55*E55,0) -> 186902 | I55: =+ROUND(H55*E55,0) -> 0 | J55: =+D55+H55 -> 2 | K55: =ROUND(E55*J55,0) -> 186902
A56: 6.14 | B56: Puntos Agua potables de 1/2" Para Lavamanos y lavaplatos | C56: Und | D56: 17 | E56: 23296 | F56: =ROUND(D56*E56,0) -> 396032 | I56: =+ROUND(H56*E56,0) -> 0 | J56: =+D56+H56 -> 17 | K56: =ROUND(E56*J56,0) -> 396032
A57: 6.15 | B57: Puntos Agua potables de 1-1/2" Para Inodoros y Orinales | C57: Und | D57: 17 | E57: 42796 | F57: =ROUND(D57*E57,0) -> 727532 | I57: =+ROUND(H57*E57,0) -> 0 | J57: =+D57+H57 -> 17 | K57: =ROUND(E57*J57,0) -> 727532
A58: 7 | B58: REDES SANITARIAS | F58: =SUM(F59:F73) -> 50463312 | I58: =+SUM(I59:I73) -> 0 | K58: =SUM(K59:K73) -> 50463312
A59: 7.1 | B59: Localización y replanteo | C59: m² | D59: 43.797 | E59: 5189 | F59: =ROUND(D59*E59,0) -> 227263 | I59: =+ROUND(H59*E59,0) -> 0 | J59: 43.797 | K59: =ROUND(E59*J59,0) -> 227263
A60: 7.2 | B60: Excavacion manual sobre terreno, incluye retiro, cargue, transporte de Material sobrante a una distancia maxima de 1 km | C60: m3 | D60: 26.2782 | E60: 48990 | F60: =ROUND(D60*E60,0) -> 1287369 | I60: =+ROUND(H60*E60,0) -> 0 | J60: 26.2782 | K60: =ROUND(E60*J60,0) -> 1287369
A61: 7.3 | B61: Relleno con material seleccionado compactacion PM=95% | C61: m3 | D61: 8.7534 | E61: 124237 | F61: =ROUND(D61*E61,0) -> 1087496 | I61: =+ROUND(H61*E61,0) -> 0 | J61: 8.7534 | K61: =ROUND(E61*J61,0) -> 1087496
A62: 7.4 | B62: Punto sanitario 4" | C62: Und | D62: 14 | E62: 110458 | F62: =ROUND(D62*E62,0) -> 1546412 | I62: =+ROUND(H62*E62,0) -> 0 | J62: 14 | K62: =ROUND(E62*J62,0) -> 1546412
A63: 7.5 | B63: Punto sanitario 2" | C63: Und | D63: 20 | E63: 52948 | F63: =ROUND(D63*E63,0) -> 1058960 | I63: =+ROUND(H63*E63,0) -> 0 | J63: 20 | K63: =ROUND(E63*J63,0) -> 1058960
A64: 7.6 | B64: Suministro e instalacion de Tuberia PVC S Ø 2" | C64: m | D64: 38.04 | E64: 35214 | F64: =ROUND(D64*E64,0) -> 1339541 | I64: =+ROUND(H64*E64,0) -> 0 | J64: 38.04 | K64: =ROUND(E64*J64,0) -> 1339541
A65: 7.7 | B65: Suministro e instalacion de Tuberia PVC S Ø 4" | C65: m | D65: 70.8 | E65: 97157 | F65: =ROUND(D65*E65,0) -> 6878716 | I65: =+ROUND(H65*E65,0) -> 0 | J65: 70.8 | K65: =ROUND(E65*J65,0) -> 6878716
A66: 7.8 | B66: Suministro e instalacion de Tuberia PVC S Ø 6" | C66: m | D66: 37.15 | E66: 451717 | F66: =ROUND(D66*E66,0) -> 16781287 | I66: =+ROUND(H66*E66,0) -> 0 | J66: 37.15 | K66: =ROUND(E66*J66,0) -> 16781287
A67: 7.9 | B67: CAJAS DE INSPECCION DE 60x60x60 cm LADRILLO | C67: Und | D67: 10 | E67: 920757 | F67: =ROUND(D67*E67,0) -> 9207570 | I67: =+ROUND(H67*E67,0) -> 0 | J67: 10 | K67: =ROUND(E67*J67,0) -> 9207570
A68: 7.10 | B68: CAJAS DE INSPECCION DE 80x80x80 cm LADRILLO | C68: Und | D68: 1 | E68: 1320757 | F68: =ROUND(D68*E68,0) -> 1320757 | I68: =+ROUND(H68*E68,0) -> 0 | J68: 1 | K68: =ROUND(E68*J68,0) -> 1320757
A69: 7.11 | B69: Caja de paso con trampa de grasa de 1.3 x 1.1 x 1.0 m en concreto de 17,2 Mpa, tapa reforzada en concreto de 20,7 Mpa | C69: Und | D69: 1 | E69: 4092636 | F69: =ROUND(D69*E69,0) -> 4092636 | I69: =+ROUND(H69*E69,0) -> 0 | J69: 1 | K69: =ROUND(E69*J69,0) -> 4092636
A70: 7.12 | B70: Suministro e instalación de Sifon de piso 2" | C70: Und | D70: 10 | E70: 42027 | F70: =ROUND(D70*E70,0) -> 420270 | I70: =+ROUND(H70*E70,0) -> 0 | J70: 10 | K70: =ROUND(E70*J70,0) -> 420270
... A72: 7.14 | B72: POCETA CORRIDA DE ASEO EN CONCRETO DE 20,7 MPA (3.000 PSI) INCLUYE GRANITO PULIDO, LONGITUD DE DESARROLLO = 1 M | C72: Und | D72: 1 | E72: 823675 | F72: =ROUND(D72*E72,0) -> 823675 | I72: =+ROUND(H72*E72,0) -> 0 | J72: 1 | K72: =ROUND(E72*J72,0) -> 823675
A73: 7.15 | B73: SUMINISTRO E INSTALACION DE TANQUE ELEVADO 2000 LTS CON VALVULA FLOTANTE AUTOMATICA Y SISTEMA DE BOMBEO DESDE EL TANQUE SUBTERRANEO | C73: Und | D73: 1 | E73: 4234000 | F73: =ROUND(D73*E73,0) -> 4234000 | I73: =+ROUND(H73*E73,0) -> 0 | J73: 1 | K73: =ROUND(E73*J73,0) -> 4234000
A74: 8 | B74: REDES DE AGUAS LLUVIAS | F74: =SUM(F75:F85) -> 88257993 | I74: =+SUM(I75:I85) -> 0 | K74: =SUM(K75:K85) -> 88257993
A75: 8.1 | B75: Localización y replanteo | C75: m² | D75: 6.3 | E75: 5189 | F75: =ROUND(D75*E75,0) -> 32691 | I75: =+ROUND(H75*E75,0) -> 0 | J75: 6.3 | K75: =ROUND(E75*J75,0) -> 32691
A76: 8.2 | B76: Excavacion manual sobre terreno, incluye retiro, cargue, transporte de Material sobrante a una distancia maxima de 1 km | C76: m3 | D76: 37.2792 | E76: 48990 | F76: =ROUND(D76*E76,0) -> 1826308 | I76: =+ROUND(H76*E76,0) -> 0 | J76: 37.2792 | K76: =ROUND(E76*J76,0) -> 1826308
A77: 8.3 | B77: Relleno con material seleccionado compactacion PM=95% | C77: m3 | D77: 12.42969 | E77: 124237 | F77: =ROUND(D77*E77,0) -> 1544227 | I77: =+ROUND(H77*E77,0) -> 0 | J77: 12.42969 | K77: =ROUND(E77*J77,0) -> 1544227
A78: 8.4 | B78: Suministro e instalacion de Tuberia PVC S Ø 4" | C78: m | D78: 132.4 | E78: 97157 | F78: =ROUND(D78*E78,0) -> 12863587 | I78: =+ROUND(H78*E78,0) -> 0 | J78: 132.4 | K78: =ROUND(E78*J78,0) -> 12863587
A79: 8.5 | B79: Suministro e instalacion de Tuberia PVC S Ø 6" | C79: m | D79: 132.4 | E79: 453933 | F79: =ROUND(D79*E79,0) -> 60100729 | I79: =+ROUND(H79*E79,0) -> 0 | J79: 132.4 | K79: =ROUND(E79*J79,0) -> 60100729
A80: 8.6 | B80: Suministro e instalación de Bajantes PVC 4" | C80: Und | D80: 7 | E80: 84879 | F80: =ROUND(D80*E80,0) -> 594153 | I80: =+ROUND(H80*E80,0) -> 0 | J80: 7 | K80: =ROUND(E80*J80,0) -> 594153
A81: 8.7 | B81: Registros en Ladrillo Rojo 1.0m x 1.0 m, tapa y fondo en concreto reforzado 3000 psi, incluye cañuela, profundidad entre 0m y 1m | C81: Und | D81: 2 | E81: 1046899 | F81: =ROUND(D81*E81,0) -> 2093798 | I81: =+ROUND(H81*E81,0) -> 0 | J81: 2 | K81: =ROUND(E81*J81,0) -> 2093798
A82: 8.8 | B82: Registros en Ladrillo Rojo 0.60m x 0.6 m, tapa y fondo en concreto reforzado 3000 psi, incluye cañuela, profundidad entre 0m y 0.6m | C82: Und | D82: 4 | E82: 811406 | F82: =ROUND(D82*E82,0) -> 3245624 | I82: =+ROUND(H82*E82,0) -> 0 | J82: 4 | K82: =ROUND(E82*J82,0) -> 3245624
A83: 8.9 | B83: Suministro e instalación de rejilla para bajante | C83: Und | D83: 7 | E83: 15766 | F83: =ROUND(D83*E83,0) -> 110362 | I83: =+ROUND(H83*E83,0) -> 0 | J83: 7 | K83: =ROUND(E83*J83,0) -> 110362
A84: 8.10 | B84: Carcamo prefabricado en concreto con rejilla metalica Alto: 25cm, ancho: 40cm, largo 100cm | C84: Und | D84: 3 | E84: 353153 | F84: =ROUND(D84*E84,0) -> 1059459 | I84: =+ROUND(H84*E84,0) -> 0 | J84: 3 | K84: =ROUND(E84*J84,0) -> 1059459
A85: 8.11 | B85: Sumisnitro de extintor multipopósito. Incluye gabinete e instalación | C85: Und | D85: 15 | E85: 319137 | F85: =ROUND(D85*E85,0) -> 4787055 | I85: =+ROUND(H85*E85,0) -> 0 | J85: 15 | K85: =ROUND(E85*J85,0) -> 4787055
A86: 9 | B86: COMPONENTES ARQUITECTÓNICOS Y DOTACIÓN | F86: =+F87+F94+F100+F102+F107+F111+F114+F124+F126++F131 -> 1392934094 | I86: =+I87+I94+I100+I102+I107+I111+I114+I124+I126+I131 -> -40244853 | K86: =+K87+K94+K100+K102+K107+K111+K114+K124+K126++K131 -> 1352689240
B87: MAMPOSTERIA | F87: =SUM(F88:F93) -> 242727906 | I87: =+SUM(I88:I93) -> 129767986 | K87: =SUM(K88:K93) -> 372495892
A88: 9.1.1 | B88: SOBRE NIVEL EN BLOQUE ESTRUCTURAL N° 5 | C88: ml | D88: 332.64 | E88: 51161 | F88: =ROUND(D88*E88,0) -> 17018195 | G88: (+) | H88: =+'M.C PPTO ORIGINAL'!S1917+'M.C PPTO ORIGINAL'!S1918+'M.C PPTO ORIGINAL'!S1919+'M.C PPTO ORIGINAL'!S1920 -> 98.54 | I88: =+ROUND(H88*E88,0) -> 5041405 | J88: =+D88+H88 -> 431.18 | K88: =ROUND(E88*J88,0) -> 22059600
A89: 9.1.2 | B89: MURO EL BLOQUE ESTRUCTURAL N° 5 | C89: m² | D89: 1263 | E89: 118549 | F89: =ROUND(D89*E89,0) -> 149727387 | G89: (+) | H89: =+'M.C PPTO ORIGINAL'!X2021 -> 670.947 | I89: =+ROUND(H89*E89,0) -> 79540096 | J89: =+D89+H89 -> 1933.947 | K89: =ROUND(E89*J89,0) -> 229267483
A90: 9.1.3 | B90: ALFAJIA EN CONCRETO 3000 PSI | C90: ml | D90: 173.83 | E90: 101279 | F90: =ROUND(D90*E90,0) -> 17605329 | I90: =+ROUND(H90*E90,0) -> 0 | J90: =+D90+H90 -> 173.83 | K90: =ROUND(E90*J90,0) -> 17605329
A91: 9.1.4 | B91: DINTELES EN CONCRETO DE 3000 PSI 15X20 | C91: ml | D91: 106.52 | E91: 103489 | F91: =ROUND(D91*E91,0) -> 11023648 | G91: (+) | H91: =+'M.C PPTO ORIGINAL'!S2093+'M.C PPTO ORIGINAL'!S2094+'M.C PPTO ORIGINAL'!S2095+'M.C PPTO ORIGINAL'!S2096 -> 322.75 | I91: =+ROUND(H91*E91,0) -> 33401075 | J91: =+D91+H91 -> 429.27 | K91: =ROUND(E91*J91,0) -> 44424723
A92: 9.1.5 | B92: MESON EN CONCRETO 3000 PSI, E= 0,1 (INCLUYE REFUERZO) | C92: m² | D92: 19.2 | E92: 297802 | F92: =ROUND(D92*E92,0) -> 5717798 | I92: =+ROUND(H92*E92,0) -> 0 | J92: =+D92+H92 -> 19.2 | K92: =ROUND(E92*J92,0) -> 5717798
A93: 9.1.6 | B93: DOVELAS PARA MAMPOSTERÍA EN BLOQUE ESTRUCTURAL, INCLUYE ACERO DE REFUERZO D=1/2" CADA METRO, ORIFICIO 10X10, CON MORTERO FLUIDO Y EPÓXICO DE ANCLAJE A VIGA DE CIMENTACIÓN. | C93: ml | D93: 1825.4 | E93: 22809 | F93: =ROUND(D93*E93,0) -> 41635549 | G93: (+) | H93: =+'M.C PPTO ORIGINAL'!S2173+'M.C PPTO ORIGINAL'!S2174+'M.C PPTO ORIGINAL'!S2175+'M.C PPTO ORIGINAL'!S2176+'M.C PPTO ORIGINAL'!S2177+'M.C PPTO ORIGINAL'!S2178 -> 516.7 | I93: =+ROUND(H93*E93,0) -> 11785410 | J93: =+D93+H93 -> 2342.1 | K93: =ROUND(E93*J93,0) -> 53420959
B94: PAÑETES | F94: =SUM(F95:F99) -> 112224123 | I94: =+SUM(I95:I99) -> 33774212 | K94: =SUM(K95:K99) -> 145998335
A95: 9.2.1 | B95: FILOS Y DILATACIONES SOBRE MURO | C95: ml | D95: 2355.05 | E95: 2374 | F95: =ROUND(D95*E95,0) -> 5590889 | G95: (+) | H95: =+'M.C PPTO ORIGINAL'!S2242 -> 294 | I95: =+ROUND(H95*E95,0) -> 697956 | J95: =+D95+H95 -> 2649.05 | K95: =ROUND(E95*J95,0) -> 6288845
A96: 9.2.2 | B96: PAÑETE LISO MUROS 1:4, E=1.5 CM | C96: m² | D96: 1803.204 | E96: 22309 | F96: =ROUND(D96*E96,0) -> 40227678 | I96: =+ROUND(H96*E96,0) -> 0 | J96: =+D96+H96 -> 1803.204 | K96: =ROUND(E96*J96,0) -> 40227678
A97: 9.2.3 | B97: PAÑETE CULATAS 1:4 E= 2 CM | C97: m² | D97: 258.1909 | E97: 34934 | F97: =ROUND(D97*E97,0) -> 9019641 | I97: =+ROUND(H97*E97,0) -> 0 | J97: =+D97+H97 -> 258.1909 | K97: =ROUND(E97*J97,0) -> 9019641
A98: 9.2.4 | B98: PAÑETE IMPERMEABILIZADO MUROS 1:3, E= 1,5 CM | C98: m² | D98: 722.0882 | E98: 72349 | F98: =ROUND(D98*E98,0) -> 52242359 | G98: (+) | H98: =+'M.C PPTO ORIGINAL'!W2374+'M.C PPTO ORIGINAL'!W2375+'M.C PPTO ORIGINAL'!W2376+'M.C PPTO ORIGINAL'!W2377+'M.C PPTO ORIGINAL'!W2368+'M.C PPTO ORIGINAL'!W2366 -> 443.4818 | I98: =+ROUND(H98*E98,0) -> 32085465 | J98: =+D98+H98 -> 1165.57 | K98: =ROUND(E98*J98,0) -> 84327824
A99: 9.2.5 | B99: PAÑETE LISO PLACAS 1:4, E=1.5 CM | C99: m² | D99: 192.34 | E99: 26742 | F99: =ROUND(D99*E99,0) -> 5143556 | G99: (+) | H99: =+'M.C PPTO ORIGINAL'!W2398 -> 37.05 | I99: =+ROUND(H99*E99,0) -> 990791 | J99: =+D99+H99 -> 229.39 | K99: =ROUND(E99*J99,0) -> 6134347
B100: CUBIERTAS | F100: =SUM(F101) -> 327299915 | I100: =+SUM(I101) -> 0 | K100: =SUM(K101) -> 327299915
A101: 9.3.1 | B101: TEJA TERMOACUSTICA UPVC DE COLOR | C101: m² | D101: 1254.436 | E101: 260914 | F101: =ROUND(D101*E101,0) -> 327299915 | I101: =+ROUND(H101*E101,0) -> 0 | J101: =+D101+H101 -> 1254.436 | K101: =ROUND(E101*J101,0) -> 327299915
B102: CARPINTERIA MADERA | F102: =SUM(F103:F106) -> 17277007 | I102: =+SUM(I103:I106) -> -17277007 | K102: =SUM(K103:K106) -> 0
A103: 9.4.1 | B103: SUMINISTRO E INSTALACION DE PUERTA ENTAMBORADA + CENEFA DE 1,20X2,60 | C103: UN | D103: 9 | E103: 875425 | F103: =ROUND(D103*E103,0) -> 7878825 | G103: (-) | H103: =-D103 -> -9 | I103: =+ROUND(H103*E103,0) -> -7878825 | J103: =+H103+D103 -> 0 | K103: =ROUND(E103*J103,0) -> 0
A104: 9.4.2 | B104: SUMINISTRO E INSTALACION DE PUERTA ENTAMBORADA + CENEFA DE 1,00X2,60 | C104: UN | D104: 10 | E104: 776565 | F104: =ROUND(D104*E104,0) -> 7765650 | G104: (-) | H104: =-D104 -> -10 | I104: =+ROUND(H104*E104,0) -> -7765650 | J104: =+H104+D104 -> 0 | K104: =ROUND(E104*J104,0) -> 0
A105: 9.4.3 | B105: SUMINISTRO E INSTALACION DE PUERTA ENTAMBORADA + CENEFA DE 0,90X2,60 | C105: UN | D105: 2 | E105: 478133 | F105: =ROUND(D105*E105,0) -> 956266 | G105: (-) | H105: =-D105 -> -2 | I105: =+ROUND(H105*E105,0) -> -956266 | J105: =+H105+D105 -> 0 | K105: =ROUND(E105*J105,0) -> 0
A106: 9.4.4 | B106: SUMINISTRO E INSTALACION DE PUERTA ENTAMBORADA + CENEFA DE 0,80X2,60 | C106: UN | D106: 2 | E106: 338133 | F106: =ROUND(D106*E106,0) -> 676266 | G106: (-) | H106: =-D106 -> -2 | I106: =+ROUND(H106*E106,0) -> -676266 | J106: =+H106+D106 -> 0 | K106: =ROUND(E106*J106,0) -> 0
B107: CARPINTERIA METALICA | F107: =SUM(F108:F110) -> 120751664 | I107: =+SUM(I108:I110) -> 4427866 | K107: =SUM(K108:K110) -> 125179530
A108: 9.5.1 | B108: SUMINISTRO E INSTALACION DE PUERTA METALICA Y VIDRIO DE 2,20X2,60 | C108: UN | D108: 2 | E108: 4330133 | F108: =ROUND(D108*E108,0) -> 8660266 | G108: (+) | H108: =+'M.C PPTO ORIGINAL'!S2554 -> 2 | I108: =+ROUND(H108*E108,0) -> 8660266 | J108: =+H108+D108 -> 4 | K108: =ROUND(E108*J108,0) -> 17320532
...

Sheet M.C PPTO ORIGINAL
D1: MEMORIA DE CÁLCULO DE CANTIDADES DE OBRA
A3: OBJETO: | D3: CONSTRUCCION DEL CENTRO DE VIDA PARA EL ADULTO MAYOR “MIGUEL PINEDO BARROS” EN LA LOCALIDAD TRES DEL DISTRITO DE SANTA MARTA
A6: CAPITULO / ÍTEM | F6: ÍTEM/ DESCRIPCIÓN | M6: UNIDAD | Q6: FORMA DE PAGO
A7: 1.1 | F7: Localización y replanteo | M7: m²
A10: ESQUEMA DE UBICACIÓN EN PLANOS Y REGISTRO FOTOGRÁFICO | L10: LOCALIZACIÓN | M10: DIMENSIONES | P10: AREA | Q10: No.ELEMENTOS | R10: CANTIDAD PARCIAL | S10: CANTIDAD TOTAL
M11: ANCHO | N11: ALTO | O11: LONGITUD
A12: Espacio en el que se incluye una imagen del elemento a calcular, y si se requiere un gráfico con las medidas a partir de las cuales se obtiene la cantidad. | M12: 34 | O12: 41.79 | P12: =+O12*M12 -> 1420.86 | Q12: 1 | R12: =Q12*P12 -> 1420.86 | S12: =R12 -> 1420.86
L43: TOTAL | S43: =SUM(S12:S42) -> 1420.86
A46: FIRMA | G46: FIRMA
A47: JORGE ANTONIO ANDRADE BLANCO | G47: RICARDO JOSE MARTINEZ VELAIDEZ
A48: INGENIERO RESIDENTE DE OBRA | G48: DIRECTOR DE INTERVENTORIA
A49: M.P. 08202-159900 ATL | G49: M.P. 08202-219279 ATL
D51: MEMORIA DE CÁLCULO DE CANTIDADES DE OBRA
A53: OBJETO: | D53: CONSTRUCCION DEL CENTRO DE VIDA PARA EL ADULTO MAYOR “MIGUEL PINEDO BARROS” EN LA LOCALIDAD TRES DEL DISTRITO DE SANTA MARTA
A56: CAPITULO / ÍTEM | F56: ÍTEM/ DESCRIPCIÓN | M56: UNIDAD | Q56: FORMA DE PAGO
A57: 1.2 | F57: DESCAPOTE A MAQUINA EXP < O = A .20-AREAS MAYORES A 2000M2-INCL.RETIRO SOBRANTE A 2KM | M57: m²
A60: ESQUEMA DE UBICACIÓN EN PLANOS Y REGISTRO FOTOGRÁFICO | L60: LOCALIZACIÓN | M60: DIMENSIONES | P60: AREA | Q60: No.ELEMENTOS | R60: CANTIDAD PARCIAL | S60: CANTIDAD TOTAL
M61: ANCHO | N61: ALTO | O61: LONGITUD
A62: Espacio en el que se incluye una imagen del elemento a calcular, y si se requiere un gráfico con las medidas a partir de las cuales se obtiene la cantidad. | M62: 34 | O62: 41.79 | P62: =+O62*M62 -> 1420.86 | Q62: 1 | R62: =Q62*P62 -> 1420.86 | S62: =R62 -> 1420.86
L93: TOTAL | S93: =SUM(S62:S92) -> 1420.86
A96: FIRMA | G96: FIRMA
A97: JORGE ANTONIO ANDRADE BLANCO | G97: RICARDO JOSE MARTINEZ VELAIDEZ
A98: INGENIERO RESIDENTE DE OBRA | G98: DIRECTOR DE INTERVENTORIA
A99: M.P. 08202-159900 ATL | G99: M.P. 08202-219279 ATL
D100: MEMORIA DE CÁLCULO DE CANTIDADES DE OBRA
A102: OBJETO: | D102: CONSTRUCCION DEL CENTRO DE VIDA PARA EL ADULTO MAYOR “MIGUEL PINEDO BARROS” EN LA LOCALIDAD TRES DEL DISTRITO DE SANTA MARTA
A105: CAPITULO / ÍTEM | F105: ÍTEM/ DESCRIPCIÓN | M105: UNIDAD | Q105: FORMA DE PAGO
A106: 1.3 | F106: CERRAMIENTO PROVISIONAL EN ZINC, INSTALADO Y PERMANENTE DURANTE LA OBRA EN CONDICIONES OPTIMAS.H= 2,10 MTS, INCLUYE DESMONTE AL FINALIZAR LA OBRA | M106: ml
A109: ESQUEMA DE UBICACIÓN EN PLANOS Y REGISTRO FOTOGRÁFICO | L109: LOCALIZACIÓN | M109: DIMENSIONES | P109: AREA | Q109: No.ELEMENTOS | R109: CANTIDAD PARCIAL | S109: CANTIDAD TOTAL
M110: ANCHO | N110: ALTO | O110: LONGITUD
A111: Espacio en el que se incluye una imagen del elemento a calcular, y si se requiere un gráfico con las medidas a partir de las cuales se obtiene la cantidad. | O111: 41.79 | P111: =+O111*M111 -> 0 | Q111: 1 | R111: =Q111*P111 -> 0 | S111: =+O111 -> 41.79
O112: 34 | S112: =+O112 -> 34
O113: 34.9 | S113: =+O113 -> 34.9
O114: 41.8 | S114: =+O114 -> 41.8
L142: TOTAL | S142: =SUM(S111:S141) -> 152.49
A145: FIRMA | G145: FIRMA
A146: JORGE ANTONIO ANDRADE BLANCO | G146: RICARDO JOSE MARTINEZ VELAIDEZ
A147: INGENIERO RESIDENTE DE OBRA | G147: DIRECTOR DE INTERVENTORIA
A148: M.P. 08202-159900 ATL | G148: M.P. 08202-219279 ATL
D149: MEMORIA DE CÁLCULO DE CANTIDADES DE OBRA
A151: OBJETO: | D151: CONSTRUCCION DEL CENTRO DE VIDA PARA EL ADULTO MAYOR “MIGUEL PINEDO BARROS” EN LA LOCALIDAD TRES DEL DISTRITO DE SANTA MARTA
A154: CAPITULO / ÍTEM | F154: ÍTEM/ DESCRIPCIÓN | M154: UNIDAD | Q154: FORMA DE PAGO
A155: 2.1 | F155: Excavación mecánica a nivel de subrasante (incluye retiro de sobrantes) | M155: m³
A158: ESQUEMA DE UBICACIÓN EN PLANOS Y REGISTRO FOTOGRÁFICO | L158: LOCALIZACIÓN | M158: DIMENSIONES | P158: AREA | Q158: No.ELEMENTOS | R158: CANTIDAD PARCIAL | S158: CANTIDAD TOTAL
M159: ANCHO | N159: ALTO | O159: LONGITUD
M160: 34 | N160: 1.3 | O160: 41.79 | P160: =+O160*N160*M160 -> 1847.118 | Q160: 2.58 | R160: =Q160*P160 -> 4765.5644 | S160: =R160 -> 4765.5644
L191: TOTAL | S191: =SUM(S160:S190) -> 4765.5644
A194: FIRMA | G194: FIRMA
A195: JORGE ANTONIO ANDRADE BLANCO | G195: RICARDO JOSE MARTINEZ VELAIDEZ
A196: INGENIERO RESIDENTE DE OBRA | G196: DIRECTOR DE INTERVENTORIA
A197: M.P. 08202-159900 ATL | G197: M.P. 08202-219279 ATL
D198: MEMORIA DE CÁLCULO DE CANTIDADES DE OBRA
A200: OBJETO: | D200: CONSTRUCCION DEL CENTRO DE VIDA PARA EL ADULTO MAYOR “MIGUEL PINEDO BARROS” EN LA LOCALIDAD TRES DEL DISTRITO DE SANTA MARTA
A203: CAPITULO / ÍTEM | F203: ÍTEM/ DESCRIPCIÓN | M203: UNIDAD | Q203: FORMA DE PAGO
A204: 2.2 | F204: Base granular-Analizada para tipo de gradación SGB-50, clase A . incluye el material y transporte | M204: m³
A207: ESQUEMA DE UBICACIÓN EN PLANOS Y REGISTRO FOTOGRÁFICO | L207: LOCALIZACIÓN | M207: DIMENSIONES | P207: AREA | Q207: No.ELEMENTOS | R207: CANTIDAD PARCIAL | S207: CANTIDAD TOTAL
M208: ANCHO | N208: ALTO | O208: LONGITUD
M209: 34 | N209: 0.25 | O209: 41.79 | P209: =+O209*N209*M209 -> 355.215 | Q209: 2 | R209: =Q209*P209 -> 710.43 | S209: =R209 -> 710.43
S211: =R211 -> 0
L240: TOTAL | S240: =SUM(S209:S239) -> 710.43
A243: FIRMA | G243: FIRMA
A244: JORGE ANTONIO ANDRADE BLANCO | G244: RICARDO JOSE MARTINEZ VELAIDEZ
A245: INGENIERO RESIDENTE DE OBRA | G245: DIRECTOR DE INTERVENTORIA
A246: M.P. 08202-159900 ATL | G246: M.P. 08202-219279 ATL
D247: MEMORIA DE CÁLCULO DE CANTIDADES DE OBRA
A249: OBJETO: | D249: CONSTRUCCION DEL CENTRO DE VIDA PARA EL ADULTO MAYOR “MIGUEL PINEDO BARROS” EN LA LOCALIDAD TRES DEL DISTRITO DE SANTA MARTA
A252: CAPITULO / ÍTEM | F252: ÍTEM/ DESCRIPCIÓN | M252: UNIDAD | Q252: FORMA DE PAGO
A253: 2.3 | F253: Concreto de 210 kg/cm² (3.000 psi) para cimentación. Tamaño según planos estructurales | M253: m³
A256: ESQUEMA DE UBICACIÓN EN PLANOS Y REGISTRO FOTOGRÁFICO | L256: LOCALIZACIÓN | M256: DIMENSIONES | P256: AREA | Q256: No.ELEMENTOS | R256: CANTIDAD PARCIAL | S256: CANTIDAD TOTAL
M257: ANCHO | N257: ALTO | O257: LONGITUD
M258: 1.4 | N258: 0.36616954 | O258: 1.4 | Q258: 65 | R258: =Q258*P258 -> 0 | S258: =+Q258*O258*N258*M258 -> 46.65
M259: 1.4 | N259: 0.05 | O259: 1.4 | Q259: 68 | R259: =Q259*P259 -> 0 | S259: =+Q259*O259*N259*M259 -> 6.664
M260: 1.4 | N260: 0.35 | O260: 1.4 | Q260: 3 | R260: =Q260*P260 -> 0 | S260: =+Q260*O260*N260*M260 -> 2.058
L289: TOTAL | S289: =SUM(S258:S288) -> 55.372
A292: FIRMA | G292: FIRMA
A293: JORGE ANTONIO ANDRADE BLANCO | G293: RICARDO JOSE MARTINEZ VELAIDEZ
A294: INGENIERO RESIDENTE DE OBRA | G294: DIRECTOR DE INTERVENTORIA
A295: M.P. 08202-159900 ATL | G295: M.P. 08202-219279 ATL
D297: MEMORIA DE CÁLCULO DE CANTIDADES DE OBRA
A299: OBJETO: | D299: CONSTRUCCION DEL CENTRO DE VIDA PARA EL ADULTO MAYOR “MIGUEL PINEDO BARROS” EN LA LOCALIDAD TRES DEL DISTRITO DE SANTA MARTA
A302: CAPITULO / ÍTEM | F302: ÍTEM/ DESCRIPCIÓN | M302: UNIDAD | Q302: FORMA DE PAGO
A303: 2.4 | F303: Concreto de 210 kg/cm² (3.000 psi) para vigas de cimentación | M303: m³
A306: ESQUEMA DE UBICACIÓN EN PLANOS Y REGISTRO FOTOGRÁFICO | L306: LOCALIZACIÓN | M306: DIMENSIONES | P306: AREA | Q306: No.ELEMENTOS | R306: CANTIDAD PARCIAL | S306: CANTIDAD TOTAL
M307: ANCHO | N307: ALTO | O307: LONGITUD
M308: 0.35 | N308: 0.35 | O308: 291.02041 | Q308: 1 | R308: =Q308*P308 -> 0 | S308: =+Q308*O308*N308*M308 -> 35.65
L309: VIGAS INTERNAS | M309: 0.35 | N309: 0.35 | O309: 75.42 | Q309: 1 | S309: =+Q309*O309*N309*M309 -> 9.23895
L310: MURO CERRAMIENTO | M310: 0.35 | N310: 0.35 | O310: =41.8+2.1+18.3+16.45 -> 78.65 | S310: =+M310*N310*O310 -> 9.634625
L311: CIMENTACION MUROS FACHADA | M311: 0.35 | N311: 0.35 | O311: =16.18+10+5.2 -> 31.38 | S311: =+M311*N311*O311 -> 3.84405
L339: TOTAL | S339: =SUM(S308:S338) -> 58.367625
A342: FIRMA | G342: FIRMA
A343: JORGE ANTONIO ANDRADE BLANCO | G343: RICARDO JOSE MARTINEZ VELAIDEZ
A344: INGENIERO RESIDENTE DE OBRA | G344: DIRECTOR DE INTERVENTORIA
A345: M.P. 08202-159900 ATL | G345: M.P. 08202-219279 ATL
D346: MEMORIA DE CÁLCULO DE CANTIDADES DE OBRA
A348: OBJETO: | D348: CONSTRUCCION DEL CENTRO DE VIDA PARA EL ADULTO MAYOR “MIGUEL PINEDO BARROS” EN LA LOCALIDAD TRES DEL DISTRITO DE SANTA MARTA
A351: CAPITULO / ÍTEM | F351: ÍTEM/ DESCRIPCIÓN | M351: UNIDAD | Q351: FORMA DE PAGO
A352: 2.5 | F352: Acero de refuerzo 4.200 kg/cm² (60.000 psi) | M352: kg
A355: ESQUEMA DE UBICACIÓN EN PLANOS Y REGISTRO FOTOGRÁFICO | L355: LOCALIZACIÓN | M355: DIMENSIONES | P355: AREA | Q355: No.ELEMENTOS | R355: CANTIDAD PARCIAL | S355: CANTIDAD TOTAL
M356: ANCHO | N356: ALTO | O356: LONGITUD
R357: 9377.92 | S357: =+R357 -> 9377.92
...

Sheet M.C ITEMS ADICIONALES
D1: MEMORIA DE CÁLCULO DE CANTIDADES DE OBRA
A3: OBJETO: | D3: CONSTRUCCION DEL CENTRO DE VIDA PARA EL ADULTO MAYOR “MIGUEL PINEDO BARROS” EN LA LOCALIDAD TRES DEL DISTRITO DE SANTA MARTA
A6: CAPITULO / ÍTEM | F6: ÍTEM/ DESCRIPCIÓN | M6: UNIDAD | Q6: FORMA DE PAGO
A7: =+'ACTA ADICIONAL OBRA '!A191 -> 12.1.1 | F7: =+'ACTA ADICIONAL OBRA '!B191 -> PISO BALDOSA DE GRANO VIBROPRENSADO Y PULIDO DE 33 CM X 33 CM CON GRANO BLANCO # 1-2 Y TIPO DE GRANO MARMOL PERLATO O SIMILAR MAXIMO DE GRANO 9.5 MM + DILATACIONES PLASTICAS COLOR BLANCO CADA 6 PIEZAS SOBRE EL MORTERO DE PEGA DOSIFICACION 1:3 ESPESOR TOTAL 5 CM | M7: M2
A9: ESQUEMA DE UBICACIÓN EN PLANOS Y REGISTRO FOTOGRÁFICO | L9: LOCALIZACIÓN | M9: DIMENSIONES | P9: AREA | Q9: No.ELEMENTOS | R9: CANTIDAD PARCIAL | S9: CANTIDAD TOTAL
M10: ANCHO | N10: ALTO | O10: LONGITUD
A11: #VALUE! | L11: TRABAJO EN GRUPO | P11: 326.76 | Q11: 1 | R11: =Q11*P11 -> 326.76 | S11: =R11 -> 326.76
L12: COMEDOR | P12: 274.08 | Q12: 1 | R12: =Q12*P12 -> 274.08 | S12: =R12 -> 274.08
L13: ADMINISTRACIÓN
L14: FISIOTERAPIA | P14: 11 | Q14: 1 | R14: =Q14*P14 -> 11 | S14: =R14 -> 11
L15: CONSULTORIO 1 | P15: 9.5 | Q15: 1 | R15: =Q15*P15 -> 9.5 | S15: =R15 -> 9.5
L16: CONSULTORIO 2 | P16: 9.5 | Q16: 1 | R16: =Q16*P16 -> 9.5 | S16: =R16 -> 9.5
L17: SALA DE JUNTAS | P17: 19.3 | Q17: 1 | R17: =Q17*P17 -> 19.3 | S17: =R17 -> 19.3
L18: DIRECCIÓN | P18: 12.32 | Q18: 1 | R18: =Q18*P18 -> 12.32 | S18: =R18 -> 12.32
L19: FACTURACION | P19: 15.2 | Q19: 1 | R19: =Q19*P19 -> 15.2 | S19: =R19 -> 15.2
L20: RECEPCION | P20: 12.45 | Q20: 1 | R20: =Q20*P20 -> 12.45 | S20: =R20 -> 12.45
L21: PASILLO | P21: 9.97 | Q21: 1 | R21: =Q21*P21 -> 9.97 | S21: =R21 -> 9.97
L22: ARCHIVO | P22: 5.44 | Q22: 1 | R22: =Q22*P22 -> 5.44 | S22: =R22 -> 5.44
L23: PORTERIA | P23: 3.12 | Q23: 1 | R23: =Q23*P23 -> 3.12 | S23: =R23 -> 3.12
L24: ACCESO | P24: 34.6 | Q24: 1 | R24: =Q24*P24 -> 34.6 | S24: =R24 -> 34.6
L25: PASILLO INTERNO | P25: =54.56+157.16 -> 211.72 | Q25: 1 | R25: =Q25*P25 -> 211.72 | S25: =R25 -> 211.72
L32: TOTAL | S32: =SUM(S11:S25) -> 954.96
A35: FIRMA | G35: FIRMA
A36: JORGE ANTONIO ANDRADE BLANCO | G36: RICARDO JOSE MARTINEZ VELAIDEZ
A37: INGENIERO RESIDENTE DE OBRA | G37: DIRECTOR DE INTERVENTORIA
A38: M.P. 08202-159900 ATL | G38: M.P. 08202-219279 ATL
D39: MEMORIA DE CÁLCULO DE CANTIDADES DE OBRA
A41: OBJETO: | D41: CONSTRUCCION DEL CENTRO DE VIDA PARA EL ADULTO MAYOR “MIGUEL PINEDO BARROS” EN LA LOCALIDAD TRES DEL DISTRITO DE SANTA MARTA
A44: CAPITULO / ÍTEM | F44: ÍTEM/ DESCRIPCIÓN | M44: UNIDAD | Q44: FORMA DE PAGO
A45: =+'ACTA ADICIONAL OBRA '!A192 -> 12.1.2 | F45: =+'ACTA ADICIONAL OBRA '!B192 -> ZOCALO RECTO PREFABRICADO EN GRANO DE MARMOL COLOR BEIGE H= 7.5 CM | M45: ML
A47: ESQUEMA DE UBICACIÓN EN PLANOS Y REGISTRO FOTOGRÁFICO | L47: LOCALIZACIÓN | M47: DIMENSIONES | P47: AREA | Q47: No.ELEMENTOS | R47: CANTIDAD PARCIAL | S47: CANTIDAD TOTAL
M48: ANCHO | N48: ALTO | O48: LONGITUD
A49: #VALUE! | L49: TRABAJO EN GRUPO | O49: 74.45 | Q49: 1 | R49: =O49+Q49 -> 75.45 | S49: =R49 -> 75.45
L50: COMEDOR | O50: 56.6 | Q50: 1 | R50: =O50+Q50 -> 57.6 | S50: =R50 -> 57.6
L51: ADMINISTRACIÓN
L52: FISIOTERAPIA | O52: 12.2 | Q52: 1 | R52: =O52+Q52 -> 13.2 | S52: =R52 -> 13.2
L53: CONSULTORIO 1 | O53: 11.4 | Q53: 1 | R53: =O53+Q53 -> 12.4 | S53: =R53 -> 12.4
L54: CONSULTORIO 2 | O54: 11.4 | Q54: 1 | R54: =O54+Q54 -> 12.4 | S54: =R54 -> 12.4
L55: SALA DE JUNTAS | O55: 17.15 | Q55: 1 | R55: =O55+Q55 -> 18.15 | S55: =R55 -> 18.15
L56: DIRECCIÓN | O56: =11.9+0.35 -> 12.25 | Q56: 1 | R56: =O56+Q56 -> 13.25 | S56: =R56 -> 13.25
L57: FACTURACION | O57: 15.1 | Q57: 1 | R57: =O57+Q57 -> 16.1 | S57: =R57 -> 16.1
L58: RECEPCION | O58: 12.15 | Q58: 1 | R58: =O58+Q58 -> 13.15 | S58: =R58 -> 13.15
L59: PASILLO | O59: 9.8 | Q59: 1 | R59: =O59+Q59 -> 10.8 | S59: =R59 -> 10.8
L60: ARCHIVO | O60: 8.35 | Q60: 1 | R60: =O60+Q60 -> 9.35 | S60: =R60 -> 9.35
L61: PORTERIA | O61: 6.23 | Q61: 1 | R61: =O61+Q61 -> 7.23 | S61: =R61 -> 7.23
L62: ACCESO | O62: 32.5 | Q62: 1 | R62: =O62+Q62 -> 33.5 | S62: =R62 -> 33.5
L63: PASILLO INTERNO | O63: 37.4 | Q63: 1 | R63: =O63+Q63 -> 38.4 | S63: =R63 -> 38.4
L70: TOTAL | S70: =SUM(S49:S63) -> 330.98
A73: FIRMA | G73: FIRMA
A74: JORGE ANTONIO ANDRADE BLANCO | G74: RICARDO JOSE MARTINEZ VELAIDEZ
A75: INGENIERO RESIDENTE DE OBRA | G75: DIRECTOR DE INTERVENTORIA
A76: M.P. 08202-159900 ATL | G76: M.P. 08202-219279 ATL
D77: MEMORIA DE CANTIDADES DE OBRA
A79: OBJETO: | D79: CONSTRUCCION DEL CENTRO DE VIDA PARA EL ADULTO MAYOR “MIGUEL PINEDO BARROS” EN LA LOCALIDAD TRES DEL DISTRITO DE SANTA MARTA
A82: CAPITULO / ÍTEM | F82: ÍTEM/ DESCRIPCIÓN | M82: UNIDAD | Q82: FORMA DE PAGO
A83: =+'ACTA ADICIONAL OBRA '!A194 -> 12.2.1 | F83: Suministro e instalacion de mural en mosaico multicolor " SANTA MARTA CORAZON DEL MUNDO 500 AÑOS" | M83: UND
A85: ESQUEMA DE UBICACIÓN EN PLANOS Y REGISTRO FOTOGRÁFICO | L85: LOCALIZACIÓN | M85: DIMENSIONES | P85: AREA | Q85: No.ELEMENTOS | R85: CANTIDAD PARCIAL | S85: CANTIDAD TOTAL
M86: ANCHO | N86: ALTO | O86: LONGITUD
A87: #VALUE! | L87: MURO FRONTAL FACHADA | N87: 1 | O87: 1 | S87: =+N87*O87 -> 1
L108: TOTAL | S108: 1
A111: FIRMA | G111: FIRMA
A112: JORGE ANTONIO ANDRADE BLANCO | G112: RICARDO JOSE MARTINEZ VELAIDEZ
A113: INGENIERO RESIDENTE DE OBRA | G113: DIRECTOR DE INTERVENTORIA
A114: M.P. 08202-159900 ATL | G114: M.P. 08202-219279 ATL
D115: MEMORIA DE CÁLCULO DE CANTIDADES DE OBRA
A117: OBJETO: | D117: CONSTRUCCION DEL CENTRO DE VIDA PARA EL ADULTO MAYOR “MIGUEL PINEDO BARROS” EN LA LOCALIDAD TRES DEL DISTRITO DE SANTA MARTA
A120: CAPITULO / ÍTEM | F120: ÍTEM/ DESCRIPCIÓN | M120: UNIDAD | Q120: FORMA DE PAGO
A121: =+'ACTA ADICIONAL OBRA '!A195 -> 12.2.2 | F121: Suministro e instalacion de letrero volumetrico con luces " CENTRO DE VIDA PARA EL ADULTO MAYOR " MIGUEL PINEDO BARROS" | M121: UND
A123: ESQUEMA DE UBICACIÓN EN PLANOS Y REGISTRO FOTOGRÁFICO | L123: LOCALIZACIÓN | M123: DIMENSIONES | P123: AREA | Q123: No.ELEMENTOS | R123: CANTIDAD PARCIAL | S123: CANTIDAD TOTAL
M124: ANCHO | N124: ALTO | O124: LONGITUD
A125: #VALUE! | L125: MURO FRONTAL FACHADA | O125: 1 | S125: =+O125 -> 1
L146: TOTAL | S146: =SUM(S125:S139) -> 1
A149: FIRMA | G149: FIRMA
A150: JORGE ANTONIO ANDRADE BLANCO | G150: RICARDO JOSE MARTINEZ VELAIDEZ
A151: INGENIERO RESIDENTE DE OBRA | G151: DIRECTOR DE INTERVENTORIA
A152: M.P. 08202-159900 ATL | G152: M.P. 08202-219279 ATL
D153: MEMORIA DE CÁLCULO DE CANTIDADES DE OBRA
A155: OBJETO: | D155: CONSTRUCCION DEL CENTRO DE VIDA PARA EL ADULTO MAYOR “MIGUEL PINEDO BARROS” EN LA LOCALIDAD TRES DEL DISTRITO DE SANTA MARTA
A158: CAPITULO / ÍTEM | F158: ÍTEM/ DESCRIPCIÓN | M158: UNIDAD | Q158: FORMA DE PAGO
A159: =+'ACTA ADICIONAL OBRA '!A196 -> 12.2.3 | F159: Suministro e instalacion de Wall Pvc | M159: UND
A161: ESQUEMA DE UBICACIÓN EN PLANOS Y REGISTRO FOTOGRÁFICO | L161: LOCALIZACIÓN | M161: DIMENSIONES | P161: AREA | Q161: No.ELEMENTOS | R161: CANTIDAD PARCIAL | S161: CANTIDAD TOTAL
M162: ANCHO | N162: ALTO | O162: LONGITUD
A163: #VALUE! | L163: MURO FRONTAL FACHADA | N163: =4.2+1.5 -> 5.7 | Q163: 68 | S163: =+Q163*N163 -> 387.6
W165: =270/6 -> 45
L184: TOTAL | S184: =SUM(S163:S177) -> 387.6
A187: FIRMA | G187: FIRMA
A188: JORGE ANTONIO ANDRADE BLANCO | G188: RICARDO JOSE MARTINEZ VELAIDEZ
A189: INGENIERO RESIDENTE DE OBRA | G189: DIRECTOR DE INTERVENTORIA
A190: M.P. 08202-159900 ATL | G190: M.P. 08202-219279 ATL
D191: MEMORIA DE CÁLCULO DE CANTIDADES DE OBRA
A193: OBJETO: | D193: CONSTRUCCION DEL CENTRO DE VIDA PARA EL ADULTO MAYOR “MIGUEL PINEDO BARROS” EN LA LOCALIDAD TRES DEL DISTRITO DE SANTA MARTA
A196: CAPITULO / ÍTEM | F196: ÍTEM/ DESCRIPCIÓN | M196: UNIDAD | Q196: FORMA DE PAGO
A197: =+'ACTA ADICIONAL OBRA '!A198 -> 12.3.1 | F197: =+'ACTA ADICIONAL OBRA '!B198 -> PLACA ALIGERADA CON CASETONES DE ICOPOR, ENCOFRADA Y FUNDIDA CONCRETO DE 3000 PSI A 28 DIAS, CON MALLA ELECTROSOLDADA DE 5 MM, ESPESOR DE 10 CM Y REFUERZOS VARILLAS DE 3/8" EN ESQUINAS Y VOLADIZOS. | M197: m2
A199: ESQUEMA DE UBICACIÓN EN PLANOS Y REGISTRO FOTOGRÁFICO | L199: LOCALIZACIÓN | M199: DIMENSIONES | P199: AREA | Q199: No.ELEMENTOS | R199: CANTIDAD PARCIAL | S199: CANTIDAD TOTAL
M200: LARGO | N200: ANCHO | O200: LONGITUD
A201: #VALUE! | L201: PASILLO INTERIOR DERECHO | M201: 2.7 | N201: 15.47 | P201: =+M201*N201 -> 41.769 | Q201: 1 | S201: =+P201*Q201 -> 41.769
L202: PASILLO INTERIOR IZQUIERDO | M202: 2.74 | N202: 16.32 | P202: =+M202*N202 -> 44.7168 | Q202: 1 | S202: =+P202*Q202 -> 44.7168
L203: PASILLO PRINCIPAL | M203: 3.74 | N203: 22.23 | P203: =+M203*N203 -> 83.1402 | Q203: 1 | S203: =+P203*Q203 -> 83.1402
L204: VOLADIZO SOLARIO | M204: 1.3 | N204: 11.8 | P204: =+M204*N204 -> 15.34 | Q204: 1 | S204: =+P204*Q204 -> 15.34
L205: FACHADA | M205: 1.3 | N205: 18.1 | P205: =+M205*N205 -> 23.53 | Q205: 1 | S205: =+P205*Q205 -> 23.53
...

Sheet MC CONEXION ALCANTARILLADO 
B1: ALCANTARILLADO SANITARIO CENTRO DE VIDA "MIGUEL PINEDO BARROS"
B2: PRELIMINARES
B3: TRAZADO Y REPLANTEO
B4: ITEM: | C4: DESCRIPCIÓN | I4: UNIDAD
B5: =+'ACTA ADICIONAL OBRA '!A203 -> 12.4.1 | C5: =+'ACTA ADICIONAL OBRA '!B203 -> Localización y replanteo alcantarillado sanitario con equipo de Topografía | I5: =+'ACTA ADICIONAL OBRA '!C203 -> m
B6: REFERENCIA | C6: DIMENSIONES (m) | F6: CANTIDAD | G6: TOTAL | H6: TOTAL ACUMULADO | I6: OBSERVACIONES
C7: LARGO | D7: ANCHO | E7: ALTO
C8: 52.36 | F8: 1 | G8: =C8*F8 -> 52.36 | H8: =G8 -> 52.36 | I8: MH1 - MH2
C9: 63.37 | F9: 1 | G9: =C9*F9 -> 63.37 | H9: =H8+G9 -> 115.73 | I9: MH2 - MH3
C10: 60.82 | F10: 1 | G10: =C10*F10 -> 60.82 | H10: =H9+G10 -> 176.55 | I10: MH3 - MH4
C11: 89.8 | F11: 1 | G11: =C11*F11 -> 89.8 | H11: =H10+G11 -> 266.35 | I11: MH4 - MH5
C12: 56.74 | F12: 1 | G12: =C12*F12 -> 56.74 | H12: =H11+G12 -> 323.09 | I12: MH5 - MH6
C13: 29.49 | F13: 1 | G13: =C13*F13 -> 29.49 | H13: =H12+G13 -> 352.58 | I13: MH6 - MH7
C14: 76.88 | F14: 1 | G14: =C14*F14 -> 76.88 | H14: =H13+G14 -> 429.46 | I14: MH7 - MH8
C15: 35.99 | F15: 1 | G15: =C15*F15 -> 35.99 | H15: =H14+G15 -> 465.45 | I15: MH8 - EXISTENTE
G16: =C16*F16 -> 0 | H16: =H15+G16 -> 465.45
G17: =C17*F17 -> 0 | H17: =H16+G17 -> 465.45
G18: =C18*F18 -> 0 | H18: =H17+G18 -> 465.45
G19: =C19*F19 -> 0 | H19: =H18+G19 -> 465.45
G20: =C20*F20 -> 0 | H20: =H19+G20 -> 465.45
G21: =C21*F21 -> 0 | H21: =H20+G21 -> 465.45
G22: =C22*F22 -> 0 | H22: =H21+G22 -> 465.45
G23: =C23*F23 -> 0 | H23: =H22+G23 -> 465.45
G24: =C24*F24 -> 0 | H24: =H23+G24 -> 465.45
G25: =C25*F25 -> 0 | H25: =H24+G25 -> 465.45
G26: =C26*F26 -> 0 | H26: =H25+G26 -> 465.45
G27: =C27*F27 -> 0 | H27: =H26+G27 -> 465.45
... G31: =C31*F31 -> 0 | H31: =H30+G31 -> 465.45
B32: =+B3 -> TRAZADO Y REPLANTEO | H32: =+H31 -> 465.45
B36: FIRMA | F36: FIRMA
B37: Wenceslao Junior Hernández Amador | F37: RICARDO JOSE MARTINEZ VELAIDEZ
B38: ING DISEÑADOR HIDRAULICO | F38: DIRECTOR DE INTERVENTORIA
B39: MP: 08202-399107ATL | F39: M.P. 08202-219279 ATL
B40: EXCAVACIÓN A MÁQUINA
B41: ITEM: | C41: DESCRIPCIÓN | I41: UNIDAD
B42: =+'ACTA ADICIONAL OBRA '!A205 -> 12.4.2 | C42: =+'ACTA ADICIONAL OBRA '!B205 -> Excavación a máquina en material común, roca descompuesta, a cualquier profundidad y bajo cualquier condición de humedad. | I42: =+'ACTA ADICIONAL OBRA '!C205 -> m3
B43: REFERENCIA | C43: DIMENSIONES (m) | F43: CANTIDAD | G43: TOTAL | H43: TOTAL ACUMULADO | I43: OBSERVACIONES
C44: LARGO | D44: ANCHO | E44: ALTO
C45: 52.36 | D45: 0.7 | E45: 1.685 | F45: 1 | G45: 61.75862 | H45: 61.75862 | I45: MH1 - MH2
C46: 63.37 | D46: 0.7 | E46: 1.855 | F46: 1 | G46: 82.285945 | H46: 144.04456 | I46: MH2 - MH3
C47: 60.82 | D47: 0.7 | E47: 1.83 | F47: 1 | G47: 77.91042 | H47: 221.95498 | I47: MH3 - MH4
C48: 89.8 | D48: 0.7 | E48: 1.635 | F48: 1 | G48: 102.7761 | H48: 324.73108 | I48: MH4 - MH5
C49: 56.74 | D49: 0.7 | E49: 1.475 | F49: 1 | G49: 58.58405 | H49: 383.31513 | I49: MH5 - MH6
C50: 29.49 | D50: 0.7 | E50: 1.62 | F50: 1 | G50: 33.44166 | H50: 416.75679 | I50: MH6 - MH7
C51: 76.88 | D51: 0.7 | E51: 1.64 | F51: 1 | G51: 88.25824 | H51: 505.01503 | I51: MH7 - MH8
C52: 35.99 | D52: 0.7 | E52: 1.55 | F52: 1 | G52: 39.04915 | H52: 544.06418 | I52: MH8 - EXISTENTE
G53: 0 | H53: 544.06418
G54: 0 | H54: 544.06418
G55: 0 | H55: 544.06418
G56: 0 | H56: 544.06418
G57: 0 | H57: 544.06418
G58: 0 | H58: 544.06418
G59: 0 | H59: 544.06418
G60: 0 | H60: 544.06418
G61: 0 | H61: 544.06418
G62: 0 | H62: 544.06418
G63: 0 | H63: 544.06418
G64: 0 | H64: 544.06418
... G68: 0 | H68: 544.06418
B69: =+B40 -> EXCAVACIÓN A MÁQUINA | H69: =+H68 -> 544.06418
B74: FIRMA | F74: FIRMA
B75: Wenceslao Junior Hernández Amador | F75: RICARDO JOSE MARTINEZ VELAIDEZ
B76: ING DISEÑADOR HIDRAULICO | F76: DIRECTOR DE INTERVENTORIA
B77: MP: 08202-399107ATL | F77: M.P. 08202-219279 ATL
B78: ALCANTARILLADO SANITARIO CENTRO DE VIDA "MIGUEL PINEDO BARROS"
B79: EXCAVACIONES
B80: EXCAVACIÓN MANUAL
B81: ITEM: | C81: DESCRIPCIÓN | I81: UNIDAD
B82: =+'ACTA ADICIONAL OBRA '!A206 -> 12.4.3 | C82: =+'ACTA ADICIONAL OBRA '!B206 -> Excavación a mano en material común, roca descompuesta, a cualquier profundidad y bajo cualquier condición de humedad. | I82: =+'ACTA ADICIONAL OBRA '!C206 -> m3
B83: REFERENCIA | C83: DIMENSIONES (m) | F83: CANTIDAD | G83: TOTAL | H83: TOTAL ACUMULADO | I83: OBSERVACIONES
C84: LARGO | D84: ANCHO | E84: ALTO
C85: 6 | D85: 0.6 | E85: 1 | F85: 1 | G85: =C85*D85*E85*F85 -> 3.6 | H85: =G85 -> 3.6 | I85: CENTRO DE VIDA
G86: =C86*D86*E86*F86 -> 0 | H86: =H85+G86 -> 3.6
G87: =C87*D87*E87*F87 -> 0 | H87: =H86+G87 -> 3.6
G88: =C88*D88*E88*F88 -> 0 | H88: =H87+G88 -> 3.6
G89: =C89*D89*E89*F89 -> 0 | H89: =H88+G89 -> 3.6
G90: =C90*D90*E90*F90 -> 0 | H90: =H89+G90 -> 3.6
G91: =C91*D91*E91*F91 -> 0 | H91: =H90+G91 -> 3.6
G92: =C92*D92*E92*F92 -> 0 | H92: =H91+G92 -> 3.6
G93: =C93*D93*E93*F93 -> 0 | H93: =H92+G93 -> 3.6
G94: =C94*D94*E94*F94 -> 0 | H94: =H93+G94 -> 3.6
G95: =C95*D95*E95*F95 -> 0 | H95: =H94+G95 -> 3.6
G96: =C96*D96*E96*F96 -> 0 | H96: =H95+G96 -> 3.6
G97: =C97*D97*E97*F97 -> 0 | H97: =H96+G97 -> 3.6
... G108: =C108*D108*E108*F108 -> 0 | H108: =H107+G108 -> 3.6
B109: =+B80 -> EXCAVACIÓN MANUAL | H109: =+H108 -> 3.6
B112: FIRMA | F112: FIRMA
B113: Wenceslao Junior Hernández Amador | F113: RICARDO JOSE MARTINEZ VELAIDEZ
B114: ING DISEÑADOR HIDRAULICO | F114: DIRECTOR DE INTERVENTORIA
B115: MP: 08202-399107ATL | F115: M.P. 08202-219279 ATL
B116: ALCANTARILLADO SANITARIO CENTRO DE VIDA "MIGUEL PINEDO BARROS"
B117: RELLENO DE ZANJAS
B118: RELLENO CON MATERIAL SELECCIONADO
B119: ITEM: | C119: DESCRIPCIÓN | I119: UNIDAD
B120: =+'ACTA ADICIONAL OBRA '!A208 -> 12.4.4 | C120: =+'ACTA ADICIONAL OBRA '!B208 -> Relleno material de sitio seleccionado compactado al 95% del Proctor Modificado | I120: =+'ACTA ADICIONAL OBRA '!C208 -> m3
B121: REFERENCIA | C121: DIMENSIONES (m) | F121: CANTIDAD | G121: TOTAL | H121: TOTAL ACUMULADO | I121: OBSERVACIONES
C122: LARGO | D122: ANCHO | E122: ALTO
C123: 52.36 | D123: 0.7 | E123: 1.585 | F123: 1 | G123: 58.09342 | H123: 58.09342 | I123: MH1 - MH2
C124: 63.37 | D124: 0.7 | E124: 1.755 | F124: 1 | G124: 77.850045 | H124: 135.94346 | I124: MH2 - MH3
C125: 60.82 | D125: 0.7 | E125: 1.73 | F125: 1 | G125: 73.65302 | H125: 209.59648 | I125: MH3 - MH4
...

Sheet APU ITEMS ADICIONALES
B1: CONSTRUCCION DEL CENTRO DE VIDA PARA EL ADULTO MAYOR “MIGUEL PINEDO BARROS” EN LA LOCALIDAD TRES DEL DISTRITO DE SANTA MARTA
B2: ANÁLISIS DE PRECIO UNITARIO
B3: =+'ACTA ADICIONAL OBRA '!A189 -> 12 | D3: =+'ACTA ADICIONAL OBRA '!B190 -> PISOS
B5: Ítem | C5: =+'ACTA ADICIONAL OBRA '!A191 -> 12.1.1 | D5: =+'ACTA ADICIONAL OBRA '!B191 -> PISO BALDOSA DE GRANO VIBROPRENSADO Y PULIDO DE 33 CM X 33 CM CON GRANO BLANCO # 1-2 Y TIPO DE GRANO MARMOL PERLATO O SIMILAR MAXIMO DE GRANO 9.5 MM + DILATACIONES PLASTICAS COLOR BLANCO CADA 6 PIEZAS SOBRE EL MORTERO DE PEGA DOSIFICACION 1:3 ESPESOR TOTAL 5 CM
D6: Unidad | G6: =+'ACTA ADICIONAL OBRA '!C191 -> M2
B7: MATERIALES | D7: UNIDAD | E7: CANTIDAD | F7: VALOR UNITARIO | G7: VALOR TOTAL
B8: 1 | C8: PISO BALDOSA VIBROPRENSADO 30X30 EN MARMOL | D8: m2 | E8: 1.05 | F8: 133000 | G8: =ROUND(F8*E8,0) -> 139650
B9: 2 | C9: Cemento gris | D9: Kg | E9: 0.65 | F9: 2500 | G9: =ROUND(F9*E9,0) -> 1625
B10: 3 | C10: Dilatacion Blanca 2x2.4x 0.97x0.47 | D10: Ml | E10: 0.5 | F10: 2400 | G10: =ROUND(F10*E10,0) -> 1200
B11: 4 | C11: Junta fina blanca | D11: kg | E11: 0.25 | F11: 10000 | G11: =ROUND(F11*E11,0) -> 2500
E12: SUBTOTAL MATERIALES | G12: =+SUM(G8:G11) -> 144975
B14: EQUIPOS Y HERRAMIENTAS | D14: UNIDAD | E14: =+E7 -> CANTIDAD | F14: VALOR UNITARIO | G14: VALOR TOTAL
B15: 1 | C15: Herramienta menor (% mano de obra) | D15: glb | E15: 0.1 | F15: =+G25*0.1 -> 7041.9 | G15: =+ROUND(F15,0) -> 7042
B16: 2
E17: SUBTOTAL EQUIPOS | G17: =SUM(G15:G16) -> 7042
B19: TRANSPORTE | D19: UNIDAD | E19: DISTANCIA km | F19: VR. UN. ($/ m³*km) | G19: VALOR TOTAL
G20: 15000
E21: SUBTOTAL TRANSPORTE | G21: =+G20 -> 15000
B23: MANO DE OBRA | D23: =+D19 -> UNIDAD | E23: =+E14 -> CANTIDAD | F23: VALOR UNITARIO | G23: VALOR TOTAL
B24: 1 | C24: Cuadrilla AA 1Of+2Ay (Albañilería) | D24: h | E24: 0.563 | F24: =+'CUADRILLAS '!H36 -> 125079 | G24: =ROUND(F24*E24,0) -> 70419
E25: SUBTOTAL MANO DE OBRA | G25: =+G24 -> 70419
E26: COSTO DIRECTO | G26: =G12+G17+G25+G21 -> 237436
B28: FIRMA | E28: FIRMA
B29: JORGE ANTONIO ANDRADE BLANCO | D29: RICARDO JOSE MARTINEZ VELAIDEZ
B30: INGENIERO RESIDENTE DE OBRA | D30: DIRECTOR DE INTERVENTORIA
B31: M.P. 08202-159900 ATL | F31: M.P. 08202-219279 ATL
B32: CONSTRUCCION DEL CENTRO DE VIDA PARA EL ADULTO MAYOR “MIGUEL PINEDO BARROS” EN LA LOCALIDAD TRES DEL DISTRITO DE SANTA MARTA
B33: ANÁLISIS DE PRECIO UNITARIO
B34: =+'ACTA ADICIONAL OBRA '!A189 -> 12 | D34: =+'ACTA ADICIONAL OBRA '!B190 -> PISOS
B36: Ítem | C36: =+'ACTA ADICIONAL OBRA '!A192 -> 12.1.2 | D36: =+'ACTA ADICIONAL OBRA '!B192 -> ZOCALO RECTO PREFABRICADO EN GRANO DE MARMOL COLOR BEIGE H= 7.5 CM
D37: Unidad | G37: =+'ACTA ADICIONAL OBRA '!C192 -> ML
B38: MATERIALES | D38: UNIDAD | E38: CANTIDAD | F38: VALOR UNITARIO | G38: VALOR TOTAL
B39: 1 | C39: ZÓCALO RECTO EN MARMOL BEIGE H=7 CM | D39: m | E39: 1.05 | F39: 50000 | G39: =ROUND(F39*E39,0) -> 52500
B40: 2 | C40: Cemento gris | D40: Kg | E40: 0.45 | F40: 2500 | G40: =ROUND(F40*E40,0) -> 1125
B41: 3 | C41: Agua | D41: Lt | E41: 6.3 | F41: 250 | G41: =ROUND(F41*E41,0) -> 1575
E42: SUBTOTAL MATERIALES | G42: =+SUM(G39:G41) -> 55200
B44: EQUIPOS Y HERRAMIENTAS | D44: UNIDAD | E44: =+E38 -> CANTIDAD | F44: VALOR UNITARIO | G44: VALOR TOTAL
B45: 1 | C45: Herramienta menor (% mano de obra) | D45: glb | E45: 0.1 | F45: =+G54*0.1 -> 1876.2 | G45: =+ROUND(F45,0) -> 1876
B46: 2
E47: SUBTOTAL EQUIPOS | G47: =SUM(G45:G46) -> 1876
B49: TRANSPORTE | D49: UNIDAD | E49: DISTANCIA km | F49: VR. UN. ($/ m³*km) | G49: VALOR TOTAL
E51: SUBTOTAL TRANSPORTE | G51: =G50 -> 0
B53: MANO DE OBRA | D53: =+D49 -> UNIDAD | E53: =+E44 -> CANTIDAD | F53: VALOR UNITARIO | G53: VALOR TOTAL
B54: 1 | C54: Cuadrilla AA 1Of+2Ay (Albañilería) | D54: h | E54: 0.15 | F54: =+'CUADRILLAS '!H36 -> 125079 | G54: =ROUND(F54*E54,0) -> 18762
E55: SUBTOTAL MANO DE OBRA | G55: =+G54 -> 18762
E56: COSTO DIRECTO | G56: =G42+G47+G55+G51 -> 75838
B60: FIRMA | E60: FIRMA
B61: JORGE ANTONIO ANDRADE BLANCO | D61: RICARDO JOSE MARTINEZ VELAIDEZ
B62: INGENIERO RESIDENTE DE OBRA | D62: DIRECTOR DE INTERVENTORIA
B63: M.P. 08202-159900 ATL | F63: M.P. 08202-219279 ATL
B64: CONSTRUCCION DEL CENTRO DE VIDA PARA EL ADULTO MAYOR “MIGUEL PINEDO BARROS” EN LA LOCALIDAD TRES DEL DISTRITO DE SANTA MARTA
B65: ANÁLISIS DE PRECIO UNITARIO
B66: 12 | D66: =+'ACTA ADICIONAL OBRA '!B193 -> FACHADA
B68: Ítem | C68: =+'ACTA ADICIONAL OBRA '!A194 -> 12.2.1 | D68: =+'ACTA ADICIONAL OBRA '!B194 -> Suministro e instalacion de mural en mosaico multicolor " SANTA MARTA CORAZON DEL MUNDO 500 AÑOS"
D69: Unidad | G69: =+'ACTA ADICIONAL OBRA '!C194 -> UND
B70: MATERIALES | D70: UNIDAD | E70: CANTIDAD | F70: VALOR UNITARIO | G70: VALOR TOTAL
B71: 1 | C71: Mural en mosaico multicolor, pulido con todos los elementos necesarios | D71: M2 | E71: 1.05 | F71: 40000000 | G71: =ROUND(F71*E71,0) -> 42000000
E73: SUBTOTAL MATERIALES | G73: =+SUM(G71:G72) -> 42000000
B75: EQUIPOS Y HERRAMIENTAS | D75: UNIDAD | E75: =+E70 -> CANTIDAD | F75: VALOR UNITARIO | G75: VALOR TOTAL
B76: 1 | C76: Herramienta menor (% mano de obra) | D76: glb | E76: 0.1 | F76: =+G83*0.1 -> 875553 | G76: =+ROUND(F76,0) -> 875553
B77: 2 | C77: Andamio metálico tubular (sección de 6 marcos de 1,50 m * 1,50 m con 6 crucetas de 2,30 m) | D77: dia | E77: 20 | F77: 36000 | G77: =ROUND(F77*E77,0) -> 720000
B78: TRANSPORTE | D78: UNIDAD | E78: DISTANCIA km | F78: VR. UN. ($/ m³*km) | G78: VALOR TOTAL
E80: SUBTOTAL TRANSPORTE | G80: =G79 -> 0
B82: MANO DE OBRA | D82: =+D78 -> UNIDAD | E82: =+E75 -> CANTIDAD | F82: VALOR UNITARIO | G82: VALOR TOTAL
B83: 1 | C83: Cuadrilla AA 1Of+2Ay (Albañilería) | D83: h | E83: 70 | F83: =+'CUADRILLAS '!H36 -> 125079 | G83: =ROUND(F83*E83,0) -> 8755530
E84: SUBTOTAL MANO DE OBRA | G84: =+G83 -> 8755530
E85: COSTO DIRECTO | G85: =G73+G77+G84+G80 -> 51475530
B87: FIRMA | E87: FIRMA
B88: JORGE ANTONIO ANDRADE BLANCO | D88: RICARDO JOSE MARTINEZ VELAIDEZ
B89: INGENIERO RESIDENTE DE OBRA | D89: DIRECTOR DE INTERVENTORIA
B90: M.P. 08202-159900 ATL | F90: M.P. 08202-219279 ATL
B91: CONSTRUCCION DEL CENTRO DE VIDA PARA EL ADULTO MAYOR “MIGUEL PINEDO BARROS” EN LA LOCALIDAD TRES DEL DISTRITO DE SANTA MARTA
B92: ANÁLISIS DE PRECIO UNITARIO
B93: 12 | D93: =+'ACTA ADICIONAL OBRA '!B193 -> FACHADA
B95: Ítem | C95: =+'ACTA ADICIONAL OBRA '!A195 -> 12.2.2 | D95: =+'ACTA ADICIONAL OBRA '!B195 -> Suministro e instalacion de letrero volumetrico con luces " CENTRO DE VIDA PARA EL ADULTO MAYOR " MIGUEL PINEDO BARROS"
D96: Unidad | G96: =+'ACTA ADICIONAL OBRA '!C195 -> UND
B97: MATERIALES | D97: UNIDAD | E97: CANTIDAD | F97: VALOR UNITARIO | G97: VALOR TOTAL
B98: 1 | C98: Letrero volumetrico con luces " CENTRO DE VIDA PARA EL ADULTO MAYOR " MIGUEL PINEDO BARROS" | D98: UND | E98: 1.05 | F98: 22000000 | G98: =ROUND(F98*E98,0) -> 23100000
E99: SUBTOTAL MATERIALES | G99: =+SUM(G98:G98) -> 23100000
B101: EQUIPOS Y HERRAMIENTAS | D101: UNIDAD | E101: =+E97 -> CANTIDAD | F101: VALOR UNITARIO | G101: VALOR TOTAL
B102: 1 | C102: Herramienta menor (% mano de obra) | D102: glb | E102: 0.1 | F102: =+G111*0.1 -> 75047.4 | G102: =+ROUND(F102,0) -> 75047
B103: 2 | C103: Taladro | D103: h | E103: 2 | F103: 2166.67 | G103: =ROUND(F103*E103,0) -> 4333
B104: 3 | C104: Andamio metálico tubular (sección de 2 marcos de 1,50 m * 1,50 m con 2 crucetas de 2,30 m) | D104: dia | E104: 4 | F104: 10000 | G104: =ROUND(F104*E104,0) -> 40000
B106: TRANSPORTE | D106: UNIDAD | E106: DISTANCIA km | F106: VR. UN. ($/ m³*km) | G106: VALOR TOTAL
E108: SUBTOTAL TRANSPORTE | G108: =G107 -> 0
B110: MANO DE OBRA | D110: =+D106 -> UNIDAD | E110: =+E101 -> CANTIDAD | F110: VALOR UNITARIO | G110: VALOR TOTAL
B111: 1 | C111: Cuadrilla AA 1Of+2Ay (Albañilería) | D111: h | E111: 6 | F111: =+'CUADRILLAS '!H36 -> 125079 | G111: =ROUND(F111*E111,0) -> 750474
E112: SUBTOTAL MANO DE OBRA | G112: =+G111 -> 750474
E113: COSTO DIRECTO | G113: =G99+G104+G112+G108 -> 23890474
B115: FIRMA | E115: FIRMA
B116: JORGE ANTONIO ANDRADE BLANCO | D116: RICARDO JOSE MARTINEZ VELAIDEZ
B117: INGENIERO RESIDENTE DE OBRA | D117: DIRECTOR DE INTERVENTORIA
B118: M.P. 08202-159900 ATL | F118: M.P. 08202-219279 ATL
B119: CONSTRUCCION DEL CENTRO DE VIDA PARA EL ADULTO MAYOR “MIGUEL PINEDO BARROS” EN LA LOCALIDAD TRES DEL DISTRITO DE SANTA MARTA
B120: ANÁLISIS DE PRECIO UNITARIO
B121: =+'ACTA ADICIONAL OBRA '!A189 -> 12 | D121: =+'ACTA ADICIONAL OBRA '!B193 -> FACHADA
B123: Ítem | C123: =+'ACTA ADICIONAL OBRA '!A196 -> 12.2.3 | D123: =+'ACTA ADICIONAL OBRA '!B196 -> Suministro e instalacion de Wall Pvc
D124: Unidad | G124: UND
B125: MATERIALES | D125: UNIDAD | E125: CANTIDAD | F125: VALOR UNITARIO | G125: VALOR TOTAL
B126: 1 | C126: WALL PVC | D126: ML | E126: 0.3 | F126: 32000 | G126: =ROUND(F126*E126,0) -> 9600
...

Sheet 12.4.1
B2: DESCRIPCIÓN: | C2: =+'ACTA ADICIONAL OBRA '!B203 -> Localización y replanteo alcantarillado sanitario con equipo de Topografía
B4: ITEM: | C4: =+'ACTA ADICIONAL OBRA '!A203 -> 12.4.1 | E4: UNIDAD: | F4: =+'ACTA ADICIONAL OBRA '!C203 -> m | G4: PRECIO UNITARIO: | I4: =ROUND(SUM(J47:J50),0) -> 5559
B6: I. EQUIPOS
B7: Descripción | F7: Unidad | G7: Tarifa | H7: Rendimiento | J7: Valor parcial
G8: $/día
B9: Herramienta menor | F9: % | G9: =+J35 -> 2553.446 | H9: 0.1 | J9: =IFERROR(G9*H9,"") -> 255.3446
B10: Equipo de topografía teodolito electrónico, precisión 5" | F10: hr | G10: 29500 | H10: =IFERROR(IF(G10="","",1/L10),"") -> 0.033333333 | J10: =IFERROR(G10*H10,"") -> 983.33333 | L10: 30
B11: Nivel Skill láser horizontal - vertical 360° y trípode | F11: hr | G11: 9500 | H11: =IFERROR(IF(G11="","",1/L11),"") -> 0.033333333 | J11: =IFERROR(G11*H11,"") -> 316.66667 | L11: =+L10 -> 30
H12: =IFERROR(IF(G12="","",1/L12),"") | J12: =IFERROR(G12*H12,"")
H13: =IFERROR(IF(G13="","",1/L13),"") | J13: =IFERROR(G13*H13,"")
H14: =IFERROR(IF(G14="","",1/L14),"") | J14: =IFERROR(G14*H14,"")
G15: Subtotal Equipos | J15: =SUM(J9:J14) -> 1555.3446
B17: II. MATERIALES
B18: Descripción | E18: Unidad | F18: Cantidad | G18: Valor Unitario | H18: Desp. | I18: Cantidad total | J18: Valor parcial
H19: %
B20: Estacas en madera 4cm x 4cm x 90cm - Ordinario | E20: un | F20: 1 | G20: 2900 | I20: 0.5 | J20: =IFERROR(G20*I20,0) -> 1450
I21: =F21*(1+H21) -> 0 | J21: =IFERROR(G21*I21,0) -> 0
I22: =F22*(1+H22) -> 0 | J22: =IFERROR(G22*I22,0) -> 0
I23: =F23*(1+H23) -> 0 | J23: =IFERROR(G23*I23,0) -> 0
I24: =F24*(1+H24) -> 0 | J24: =IFERROR(G24*I24,0) -> 0
I25: =F25*(1+H25) -> 0 | J25: =IFERROR(G25*I25,0) -> 0
G26: Subtotal Materiales | H26: Subtotal Materiales | J26: =SUM(J20:J25) -> 1450
B28: III. MANO DE OBRA
B29: Descripción | D29: Valor jornal | E29: Prest. | F29: Prest. | G29: Jornal total | H29: Rendimiento | J29: Valor parcial
D30: $ | E30: % | F30: $
B31: Cuadrilla tipo II - Topografía | D31: 542780.55 | E31: 0.56812668 | F31: =IFERROR(D31*E31,"") -> 308368.11 | G31: =IFERROR(D31+F31,"") -> 851148.66 | H31: 0.003 | J31: =IFERROR(G31*H31,"") -> 2553.446 | L31: 450
F32: =IFERROR(D32*E32,"") | G32: =IFERROR(D32+F32,"") | H32: =IFERROR(IF(G32="","",$H$31),"") | J32: =IFERROR(G32*H32,"")
F33: =IFERROR(D33*E33,"") | G33: =IFERROR(D33+F33,"") | H33: =IFERROR(IF(G33="","",$H$31),"") | J33: =IFERROR(G33*H33,"")
F34: =IFERROR(D34*E34,"") | G34: =IFERROR(D34+F34,"") | H34: =IFERROR(IF(G34="","",$H$31),"") | J34: =IFERROR(G34*H34,"")
G35: Subtotal Mano de Obra | H35: Subtotal Mano de Obra | J35: =SUM(J31:J34) -> 2553.446
B37: IV. TRANSPORTE
B38: Descripción | E38: Cantidad | G38: Distancia | H38: Tarifa | J38: Valor parcial
E39: M3/Kg/Un/Vj | G39: Km | H39: $ (m3/Km)
J40: =IFERROR(E40*G40*H40,"")
J41: =IFERROR(E41*G41*H41,"")
J42: =IFERROR(E42*G42*H42,"")
G43: Subtotal Transporte | H43: Subtotal Transporte | J43: =SUM(J40:J42) -> 0
B45: V. COSTOS INDIRECTOS
B46: Descripción | H46: Porcentaje | J46: Valor parcial
B47: Base | J47: =+J15+J26+J35+J43 -> 5558.7906
B48: Administración | H48: 0 | J48: =$J$47*H48 -> 0
B49: Imprevistos | H49: 0 | J49: =$J$47*H49 -> 0
B50: Utilidad | H50: 0 | J50: =$J$47*H50 -> 0
G51: Subtotal Costos Indirectos | H51: Subtotal Costos Indirectos | J51: =SUM(J48:J50) -> 0
B52: FIRMA | F52: FIRMA
B53: JORGE ANTONIO ANDRADE BLANCO | F53: RICARDO JOSE MARTINEZ VELAIDEZ
B54: INGENIERO RESIDENTE DE OBRA | F54: DIRECTOR DE INTERVENTORIA
B55: M.P. 08202-159900 ATL | F55: M.P. 08202-219279 ATL

Sheet 12.4.2
B2: DESCRIPCIÓN: | C2: =+'ACTA ADICIONAL OBRA '!B205 -> Excavación a máquina en material común, roca descompuesta, a cualquier profundidad y bajo cualquier condición de humedad.
B4: ITEM: | C4: =+'ACTA ADICIONAL OBRA '!A205 -> 12.4.2 | E4: UNIDAD: | F4: =+'ACTA ADICIONAL OBRA '!C205 -> m3 | G4: PRECIO UNITARIO: | I4: =ROUND(SUM(J48:J51),0) -> 29890
B6: I. EQUIPOS
B7: Descripción | F7: Unidad | G7: Tarifa | H7: Rendimiento | J7: Valor parcial
G8: $/día
B9: Herramienta menor | F9: % | G9: =+J36 -> 13608.969 | H9: 0.1 | J9: =IFERROR(G9*H9,"") -> 1360.8969
B10: Motobomba autocebante 3" motor eléctrico, 3m de succión, 6m de expulsión | F10: hr | G10: 14000 | H10: =IFERROR(IF(G10="","",1/L10),"") -> 0.1 | J10: =IFERROR(G10*H10,"") -> 1400 | L10: 10
B11: Retroexcavadora de oruga Cat 320 | F11: hr | G11: 270400 | H11: 0.05 | J11: =IFERROR(G11*H11,"") -> 13520 | L11: 30
H12: =IFERROR(IF(G12="","",1/L12),"") | J12: =IFERROR(G12*H12,"")
H13: =IFERROR(IF(G13="","",1/L13),"") | J13: =IFERROR(G13*H13,"")
H14: =IFERROR(IF(G14="","",1/L14),"") | J14: =IFERROR(G14*H14,"")
G15: Subtotal Equipos | J15: =SUM(J9:J14) -> 16280.897
B17: II. MATERIALES
B18: Descripción | E18: Unidad | F18: Cantidad | G18: Valor Unitario | H18: Desp. | I18: Cantidad total | J18: Valor parcial
H19: %
I20: =F20*(1+H20) -> 0 | J20: =IFERROR(G20*I20,0) -> 0
I21: =F21*(1+H21) -> 0 | J21: =IFERROR(G21*I21,0) -> 0
I22: =F22*(1+H22) -> 0 | J22: =IFERROR(G22*I22,0) -> 0
I23: =F23*(1+H23) -> 0 | J23: =IFERROR(G23*I23,0) -> 0
I24: =F24*(1+H24) -> 0 | J24: =IFERROR(G24*I24,0) -> 0
I25: =F25*(1+H25) -> 0 | J25: =IFERROR(G25*I25,0) -> 0
I26: =F26*(1+H26) -> 0 | J26: =IFERROR(G26*I26,0) -> 0
G27: Subtotal Materiales | H27: Subtotal Materiales | J27: =SUM(J20:J26) -> 0
B29: III. MANO DE OBRA
B30: Descripción | D30: Valor jornal | E30: Prest. | F30: Prest. | G30: Jornal total | H30: Rendimiento | J30: Valor parcial
D31: $ | E31: % | F31: $
B32: Cuadrilla tipo 1 (1 Oficial + 1 ayudante) | D32: 163417.8 | E32: 0.6655431 | F32: =IFERROR(D32*E32,"") -> 108761.59 | G32: =IFERROR(D32+F32,"") -> 272179.39 | H32: 0.05 | J32: =IFERROR(G32*H32,"") -> 13608.969 | L32: 25
F33: =IFERROR(D33*E33,"") | G33: =IFERROR(D33+F33,"") | H33: =IFERROR(IF(G33="","",$H$32),"") | J33: =IFERROR(G33*H33,"")
F34: =IFERROR(D34*E34,"") | G34: =IFERROR(D34+F34,"") | H34: =IFERROR(IF(G34="","",$H$32),"") | J34: =IFERROR(G34*H34,"")
F35: =IFERROR(D35*E35,"") | G35: =IFERROR(D35+F35,"") | H35: =IFERROR(IF(G35="","",$H$32),"") | J35: =IFERROR(G35*H35,"")
G36: Subtotal Mano de Obra | H36: Subtotal Mano de Obra | J36: =SUM(J32:J35) -> 13608.969
B38: IV. TRANSPORTE
B39: Descripción | E39: Cantidad | G39: Distancia | H39: Tarifa | J39: Valor parcial
E40: M3/Kg/Un/Vj | G40: Km | H40: $ (m3/Km)
J41: =IFERROR(E41*G41*H41,"")
J42: =IFERROR(E42*G42*H42,"")
J43: =IFERROR(E43*G43*H43,"")
G44: Subtotal Transporte | H44: Subtotal Transporte | J44: =SUM(J41:J43) -> 0
B46: V. COSTOS INDIRECTOS
B47: Descripción | H47: Porcentaje | J47: Valor parcial
B48: Base | J48: =+J15+J27+J36+J44 -> 29889.866
B49: Administración | H49: 0 | J49: =$J$48*H49 -> 0
B50: Imprevistos | H50: 0 | J50: =$J$48*H50 -> 0
B51: Utilidad | H51: 0 | J51: =$J$48*H51 -> 0
G52: Subtotal Costos Indirectos | H52: Subtotal Costos Indirectos | J52: =SUM(J49:J51) -> 0
B53: FIRMA | F53: FIRMA
B54: JORGE ANTONIO ANDRADE BLANCO | F54: RICARDO JOSE MARTINEZ VELAIDEZ
B55: INGENIERO RESIDENTE DE OBRA | F55: DIRECTOR DE INTERVENTORIA
B56: M.P. 08202-159900 ATL | F56: M.P. 08202-219279 ATL

Sheet 12.4.3
B2: DESCRIPCIÓN: | C2: =+'ACTA ADICIONAL OBRA '!B206 -> Excavación a mano en material común, roca descompuesta, a cualquier profundidad y bajo cualquier condición de humedad.
B4: ITEM: | C4: =+'ACTA ADICIONAL OBRA '!A206 -> 12.4.3 | E4: UNIDAD: | F4: =+'ACTA ADICIONAL OBRA '!C206 -> m3 | G4: PRECIO UNITARIO: | I4: =ROUND(SUM(J48:J51),0) -> 52298
B6: I. EQUIPOS
B7: Descripción | F7: Unidad | G7: Tarifa | H7: Rendimiento | J7: Valor parcial
G8: $/día
B9: Herramienta menor | F9: % | G9: =+J36 -> 46270.496 | H9: 0.1 | J9: =IFERROR(G9*H9,"") -> 4627.0496
B10: Motobomba autocebante 3" motor eléctrico, 3m de succión, 6m de expulsión | F10: hr | G10: 14000 | H10: =IFERROR(IF(G10="","",1/L10),"") -> 0.1 | J10: =IFERROR(G10*H10,"") -> 1400 | L10: 10
H11: =IFERROR(IF(G11="","",1/L11),"") | J11: =IFERROR(G11*H11,"") | L11: 1
H12: =IFERROR(IF(G12="","",1/L12),"") | J12: =IFERROR(G12*H12,"")
H13: =IFERROR(IF(G13="","",1/L13),"") | J13: =IFERROR(G13*H13,"")
H14: =IFERROR(IF(G14="","",1/L14),"") | J14: =IFERROR(G14*H14,"")
G15: Subtotal Equipos | J15: =SUM(J9:J14) -> 6027.0496
B17: II. MATERIALES
B18: Descripción | E18: Unidad | F18: Cantidad | G18: Valor Unitario | H18: Desp. | I18: Cantidad total | J18: Valor parcial
H19: %
I20: =F20*(1+H20) -> 0 | J20: =IFERROR(G20*I20,0) -> 0
I21: =F21*(1+H21) -> 0 | J21: =IFERROR(G21*I21,0) -> 0
I22: =F22*(1+H22) -> 0 | J22: =IFERROR(G22*I22,0) -> 0
I23: =F23*(1+H23) -> 0 | J23: =IFERROR(G23*I23,0) -> 0
I24: =F24*(1+H24) -> 0 | J24: =IFERROR(G24*I24,0) -> 0
I25: =F25*(1+H25) -> 0 | J25: =IFERROR(G25*I25,0) -> 0
I26: =F26*(1+H26) -> 0 | J26: =IFERROR(G26*I26,0) -> 0
G27: Subtotal Materiales | H27: Subtotal Materiales | J27: =SUM(J20:J26) -> 0
B29: III. MANO DE OBRA
B30: Descripción | D30: Valor jornal | E30: Prest. | F30: Prest. | G30: Jornal total | H30: Rendimiento | J30: Valor parcial
D31: $ | E31: % | F31: $
B32: Cuadrilla tipo 1 (1 Oficial + 1 ayudante) | D32: 163417.8 | E32: 0.6655431 | F32: =IFERROR(D32*E32,"") -> 108761.59 | G32: =IFERROR(D32+F32,"") -> 272179.39 | H32: 0.17 | J32: =IFERROR(G32*H32,"") -> 46270.496 | L32: 9
F33: =IFERROR(D33*E33,"") | G33: =IFERROR(D33+F33,"") | H33: =IFERROR(IF(G33="","",$H$32),"") | J33: =IFERROR(G33*H33,"")
F34: =IFERROR(D34*E34,"") | G34: =IFERROR(D34+F34,"") | H34: =IFERROR(IF(G34="","",$H$32),"") | J34: =IFERROR(G34*H34,"")
F35: =IFERROR(D35*E35,"") | G35: =IFERROR(D35+F35,"") | H35: =IFERROR(IF(G35="","",$H$32),"") | J35: =IFERROR(G35*H35,"")
G36: Subtotal Mano de Obra | H36: Subtotal Mano de Obra | J36: =SUM(J32:J35) -> 46270.496
B38: IV. TRANSPORTE
B39: Descripción | E39: Cantidad | G39: Distancia | H39: Tarifa | J39: Valor parcial
E40: M3/Kg/Un/Vj | G40: Km | H40: $ (m3/Km)
J41: =IFERROR(E41*G41*H41,"")
J42: =IFERROR(E42*G42*H42,"")
J43: =IFERROR(E43*G43*H43,"")
G44: Subtotal Transporte | H44: Subtotal Transporte | J44: =SUM(J41:J43) -> 0
B46: V. COSTOS INDIRECTOS
B47: Descripción | H47: Porcentaje | J47: Valor parcial
B48: Base | J48: =+J15+J27+J36+J44 -> 52297.546
B49: Administración | H49: 0 | J49: =$J$48*H49 -> 0
B50: Imprevistos | H50: 0 | J50: =$J$48*H50 -> 0
B51: Utilidad | H51: 0 | J51: =$J$48*H51 -> 0
G52: Subtotal Costos Indirectos | H52: Subtotal Costos Indirectos | J52: =SUM(J49:J51) -> 0
B53: FIRMA | F53: FIRMA
B54: JORGE ANTONIO ANDRADE BLANCO | F54: RICARDO JOSE MARTINEZ VELAIDEZ
B55: INGENIERO RESIDENTE DE OBRA | F55: DIRECTOR DE INTERVENTORIA
B56: M.P. 08202-159900 ATL | F56: M.P. 08202-219279 ATL

Sheet 12.4.4
B2: DESCRIPCIÓN: | C2: =+'ACTA ADICIONAL OBRA '!B208 -> Relleno material de sitio seleccionado compactado al 95% del Proctor Modificado
B4: ITEM: | C4: =+'ACTA ADICIONAL OBRA '!A208 -> 12.4.4 | E4: UNIDAD: | F4: =+'ACTA ADICIONAL OBRA '!C208 -> m3 | G4: PRECIO UNITARIO: | I4: =ROUND(SUM(J48:J51),0) -> 62586
B6: I. EQUIPOS
B7: Descripción | F7: Unidad | G7: Tarifa | H7: Rendimiento | J7: Valor parcial
G8: $/día
B9: Herramienta menor | F9: % | G9: =+J36 -> 44648.668 | H9: 0.1 | J9: =IFERROR(G9*H9,"") -> 4464.8668
B10: Minicargador Bobcat | F10: hr | G10: 135000 | H10: =IFERROR(IF(G10="","",1/L10),"") -> 0.033333333 | J10: =IFERROR(G10*H10,"") -> 4500 | L10: 30
B11: Compactador manual vibratorio (Canguro) 5 Hp | F11: hr | G11: 13450 | H11: =IFERROR(IF(G11="","",1/L11),"") -> 0.55555556 | J11: =IFERROR(G11*H11,"") -> 7472.2222 | L11: 1.8
H12: =IFERROR(IF(G12="","",1/L12),"") | J12: =IFERROR(G12*H12,"")
H13: =IFERROR(IF(G13="","",1/L13),"") | J13: =IFERROR(G13*H13,"")
H14: =IFERROR(IF(G14="","",1/L14),"") | J14: =IFERROR(G14*H14,"")
G15: Subtotal Equipos | J15: =SUM(J9:J14) -> 16437.089
B17: II. MATERIALES
B18: Descripción | E18: Unidad | F18: Cantidad | G18: Valor Unitario | H18: Desp. | I18: Cantidad total | J18: Valor parcial
H19: %
B20: Agua | E20: lt | F20: 25 | G20: 50 | I20: 30 | J20: =IFERROR(G20*I20,0) -> 1500
I22: =F22*(1+H22) -> 0 | J22: =IFERROR(G22*I22,0) -> 0
I23: =F23*(1+H23) -> 0 | J23: =IFERROR(G23*I23,0) -> 0
I24: =F24*(1+H24) -> 0 | J24: =IFERROR(G24*I24,0) -> 0
I25: =F25*(1+H25) -> 0 | J25: =IFERROR(G25*I25,0) -> 0
I26: =F26*(1+H26) -> 0 | J26: =IFERROR(G26*I26,0) -> 0
G27: Subtotal Materiales | H27: Subtotal Materiales | J27: =SUM(J20:J26) -> 1500
B29: III. MANO DE OBRA
B30: Descripción | D30: Valor jornal | E30: Prest. | F30: Prest. | G30: Jornal total | H30: Rendimiento | J30: Valor parcial
D31: $ | E31: % | F31: $
B32: Cuadrilla tipo 2 (1 Oficial + 2 ayudante) | D32: 221781.3 | E32: 0.67765378 | F32: =IFERROR(D32*E32,"") -> 150290.94 | G32: =IFERROR(D32+F32,"") -> 372072.24 | H32: 0.12 | J32: =IFERROR(G32*H32,"") -> 44648.668 | L32: 15
F33: =IFERROR(D33*E33,"") | G33: =IFERROR(D33+F33,"") | H33: =IFERROR(IF(G33="","",$H$32),"") | J33: =IFERROR(G33*H33,"")
F34: =IFERROR(D34*E34,"") | G34: =IFERROR(D34+F34,"") | H34: =IFERROR(IF(G34="","",$H$32),"") | J34: =IFERROR(G34*H34,"")
F35: =IFERROR(D35*E35,"") | G35: =IFERROR(D35+F35,"") | H35: =IFERROR(IF(G35="","",$H$32),"") | J35: =IFERROR(G35*H35,"")
G36: Subtotal Mano de Obra | H36: Subtotal Mano de Obra | J36: =SUM(J32:J35) -> 44648.668
B38: IV. TRANSPORTE
B39: Descripción | E39: Cantidad | G39: Distancia | H39: Tarifa | J39: Valor parcial
E40: M3/Kg/Un/Vj | G40: Km | H40: $ (m3/Km)
J41: =IFERROR(E41*G41*H41,"")
J42: =IFERROR(E42*G42*H42,"")
J43: =IFERROR(E43*G43*H43,"")
G44: Subtotal Transporte | H44: Subtotal Transporte | J44: =SUM(J41:J43) -> 0
B46: V. COSTOS INDIRECTOS
B47: Descripción | H47: Porcentaje | J47: Valor parcial
B48: Base | J48: =+J15+J27+J36+J44 -> 62585.757
B49: Administración | H49: 0 | J49: =$J$48*H49 -> 0
B50: Imprevistos | H50: 0 | J50: =$J$48*H50 -> 0
B51: Utilidad | H51: 0 | J51: =$J$48*H51 -> 0
G52: Subtotal Costos Indirectos | H52: Subtotal Costos Indirectos | J52: =SUM(J49:J51) -> 0
B53: FIRMA | F53: FIRMA
B54: JORGE ANTONIO ANDRADE BLANCO | F54: RICARDO JOSE MARTINEZ VELAIDEZ
B55: INGENIERO RESIDENTE DE OBRA | F55: DIRECTOR DE INTERVENTORIA
B56: M.P. 08202-159900 ATL | F56: M.P. 08202-219279 ATL

Sheet 12.4.5
B2: DESCRIPCIÓN: | C2: =+'ACTA ADICIONAL OBRA '!B209 -> Relleno material Granular Tipo 1 compactado al 70% de la Densidad Relativa
B4: ITEM: | C4: =+'ACTA ADICIONAL OBRA '!A209 -> 12.4.5 | E4: UNIDAD: | F4: =+'ACTA ADICIONAL OBRA '!C209 -> m3 | G4: PRECIO UNITARIO: | I4: =ROUND(SUM(J48:J51),0) -> 123079
B6: I. EQUIPOS
B7: Descripción | F7: Unidad | G7: Tarifa | H7: Rendimiento | J7: Valor parcial
G8: $/día
B9: Herramienta menor | F9: % | G9: =+J36 -> 18603.612 | H9: 0.1 | J9: =IFERROR(G9*H9,"") -> 1860.3612
B10: Minicargador Bobcat | F10: hr | G10: 135000 | H10: =IFERROR(IF(G10="","",1/L10),"") -> 0.04 | J10: =IFERROR(G10*H10,"") -> 5400 | L10: 25
B11: Compactador manual vibratorio (Canguro) 5 Hp | F11: hr | G11: 13450 | H11: =IFERROR(IF(G11="","",1/L11),"") -> 0.5 | J11: =IFERROR(G11*H11,"") -> 6725 | L11: 2
H12: =IFERROR(IF(G12="","",1/L12),"") | J12: =IFERROR(G12*H12,"")
H13: =IFERROR(IF(G13="","",1/L13),"") | J13: =IFERROR(G13*H13,"")
H14: =IFERROR(IF(G14="","",1/L14),"") | J14: =IFERROR(G14*H14,"")
G15: Subtotal Equipos | J15: =SUM(J9:J14) -> 13985.361
B17: II. MATERIALES
B18: Descripción | E18: Unidad | F18: Cantidad | G18: Valor Unitario | H18: Desp. | I18: Cantidad total | J18: Valor parcial
H19: %
B20: Material de cantera tipo 1 | E20: m3 | F20: 1.3 | G20: 60000 | I20: =F20*(1+H20) -> 1.3 | J20: =IFERROR(G20*I20,0) -> 78000
I21: =F21*(1+H21) -> 0 | J21: =IFERROR(G21*I21,0) -> 0
I22: =F22*(1+H22) -> 0 | J22: =IFERROR(G22*I22,0) -> 0
I23: =F23*(1+H23) -> 0 | J23: =IFERROR(G23*I23,0) -> 0
I24: =F24*(1+H24) -> 0 | J24: =IFERROR(G24*I24,0) -> 0
I25: =F25*(1+H25) -> 0 | J25: =IFERROR(G25*I25,0) -> 0
I26: =F26*(1+H26) -> 0 | J26: =IFERROR(G26*I26,0) -> 0
G27: Subtotal Materiales | H27: Subtotal Materiales | J27: =SUM(J20:J26) -> 78000
B29: III. MANO DE OBRA
B30: Descripción | D30: Valor jornal | E30: Prest. | F30: Prest. | G30: Jornal total | H30: Rendimiento | J30: Valor parcial
D31: $ | E31: % | F31: $
B32: Cuadrilla tipo 2 (1 Oficial + 2 ayudante) | D32: 221781.3 | E32: 0.67765378 | F32: =IFERROR(D32*E32,"") -> 150290.94 | G32: =IFERROR(D32+F32,"") -> 372072.24 | H32: =IFERROR(IF(G32="","",1/L32),"") -> 0.05 | J32: =IFERROR(G32*H32,"") -> 18603.612 | L32: 20
F33: =IFERROR(D33*E33,"") | G33: =IFERROR(D33+F33,"") | H33: =IFERROR(IF(G33="","",$H$32),"") | J33: =IFERROR(G33*H33,"")
F34: =IFERROR(D34*E34,"") | G34: =IFERROR(D34+F34,"") | H34: =IFERROR(IF(G34="","",$H$32),"") | J34: =IFERROR(G34*H34,"")
F35: =IFERROR(D35*E35,"") | G35: =IFERROR(D35+F35,"") | H35: =IFERROR(IF(G35="","",$H$32),"") | J35: =IFERROR(G35*H35,"")
G36: Subtotal Mano de Obra | H36: Subtotal Mano de Obra | J36: =SUM(J32:J35) -> 18603.612
B38: IV. TRANSPORTE
B39: Descripción | E39: Cantidad | G39: Distancia | H39: Tarifa | J39: Valor parcial
E40: M3/Kg/Un/Vj | G40: Km | H40: $ (m3/Km)
B41: Transporte de material de relleno | E41: =+I20 -> 1.3 | G41: 8 | H41: 1201 | J41: =IFERROR(E41*G41*H41,"") -> 12490.4
J42: =IFERROR(E42*G42*H42,"")
J43: =IFERROR(E43*G43*H43,"")
G44: Subtotal Transporte | H44: Subtotal Transporte | J44: =SUM(J41:J43) -> 12490.4
B46: V. COSTOS INDIRECTOS
B47: Descripción | H47: Porcentaje | J47: Valor parcial
B48: Base | J48: =+J15+J27+J36+J44 -> 123079.37
B49: Administración | H49: 0 | J49: =$J$48*H49 -> 0
B50: Imprevistos | H50: 0 | J50: =$J$48*H50 -> 0
B51: Utilidad | H51: 0 | J51: =$J$48*H51 -> 0
G52: Subtotal Costos Indirectos | H52: Subtotal Costos Indirectos | J52: =SUM(J49:J51) -> 0
B53: FIRMA | F53: FIRMA
B54: JORGE ANTONIO ANDRADE BLANCO | F54: RICARDO JOSE MARTINEZ VELAIDEZ
B55: INGENIERO RESIDENTE DE OBRA | F55: DIRECTOR DE INTERVENTORIA
B56: M.P. 08202-159900 ATL | F56: M.P. 08202-219279 ATL

Sheet 12.4.6
B2: DESCRIPCIÓN: | C2: =+'ACTA ADICIONAL OBRA '!B210 -> Relleno material seleccionado de cantera Tipo 2 o 3 compactado al 95% del Proctor Modificado
B4: ITEM: | C4: 12.4.6 | E4: UNIDAD: | F4: =+'ACTA ADICIONAL OBRA '!C210 -> m3 | G4: PRECIO UNITARIO: | I4: =ROUND(SUM(J48:J51),0) -> 150138
B6: I. EQUIPOS
B7: Descripción | F7: Unidad | G7: Tarifa | H7: Rendimiento | J7: Valor parcial
G8: $/día
B9: Herramienta menor | F9: % | G9: =+J36 -> 22324.334 | H9: 0.1 | J9: =IFERROR(G9*H9,"") -> 2232.4334
B10: Minicargador Bobcat | F10: hr | G10: 135000 | H10: =IFERROR(IF(G10="","",1/L10),"") -> 0.04 | J10: =IFERROR(G10*H10,"") -> 5400 | L10: 25
B11: Compactador manual vibratorio (Canguro) 5 Hp | F11: hr | G11: 13450 | H11: =IFERROR(IF(G11="","",1/L11),"") -> 0.33333333 | J11: =IFERROR(G11*H11,"") -> 4483.3333 | L11: 3
H12: =IFERROR(IF(G12="","",1/L12),"") | J12: =IFERROR(G12*H12,"")
H13: =IFERROR(IF(G13="","",1/L13),"") | J13: =IFERROR(G13*H13,"")
H14: =IFERROR(IF(G14="","",1/L14),"") | J14: =IFERROR(G14*H14,"")
G15: Subtotal Equipos | J15: =SUM(J9:J14) -> 12115.767
B17: II. MATERIALES
B18: Descripción | E18: Unidad | F18: Cantidad | G18: Valor Unitario | H18: Desp. | I18: Cantidad total | J18: Valor parcial
H19: %
B20: Material de cantera tipo 2 o 3 | E20: m3 | F20: 1.3 | G20: 75000 | I20: =F20*(1+H20) -> 1.3 | J20: =IFERROR(G20*I20,0) -> 97500
B21: Agua | E21: lt | F21: 25 | G21: 50 | I21: 30 | J21: =IFERROR(G21*I21,0) -> 1500
I22: =F22*(1+H22) -> 0 | J22: =IFERROR(G22*I22,0) -> 0
I23: =F23*(1+H23) -> 0 | J23: =IFERROR(G23*I23,0) -> 0
I24: =F24*(1+H24) -> 0 | J24: =IFERROR(G24*I24,0) -> 0
I25: =F25*(1+H25) -> 0 | J25: =IFERROR(G25*I25,0) -> 0
I26: =F26*(1+H26) -> 0 | J26: =IFERROR(G26*I26,0) -> 0
G27: Subtotal Materiales | H27: Subtotal Materiales | J27: =SUM(J20:J26) -> 99000
B29: III. MANO DE OBRA
B30: Descripción | D30: Valor jornal | E30: Prest. | F30: Prest. | G30: Jornal total | H30: Rendimiento | J30: Valor parcial
D31: $ | E31: % | F31: $
B32: Cuadrilla tipo 2 (1 Oficial + 2 ayudante) | D32: 221781.3 | E32: 0.67765378 | F32: =IFERROR(D32*E32,"") -> 150290.94 | G32: =IFERROR(D32+F32,"") -> 372072.24 | H32: 0.06 | J32: =IFERROR(G32*H32,"") -> 22324.334 | L32: 19
F33: =IFERROR(D33*E33,"") | G33: =IFERROR(D33+F33,"") | H33: =IFERROR(IF(G33="","",$H$32),"") | J33: =IFERROR(G33*H33,"")
F34: =IFERROR(D34*E34,"") | G34: =IFERROR(D34+F34,"") | H34: =IFERROR(IF(G34="","",$H$32),"") | J34: =IFERROR(G34*H34,"")
F35: =IFERROR(D35*E35,"") | G35: =IFERROR(D35+F35,"") | H35: =IFERROR(IF(G35="","",$H$32),"") | J35: =IFERROR(G35*H35,"")
G36: Subtotal Mano de Obra | H36: Subtotal Mano de Obra | J36: =SUM(J32:J35) -> 22324.334
B38: IV. TRANSPORTE
B39: Descripción | E39: Cantidad | G39: Distancia | H39: Tarifa | J39: Valor parcial
E40: M3/Kg/Un/Vj | G40: Km | H40: $ (m3/Km)
B41: Transporte de material seleccionado para relleno | E41: =+I20 -> 1.3 | G41: 10 | H41: 1246 | J41: =IFERROR(E41*G41*H41,"") -> 16198
B42: Acarreo de material en obra | E42: 0.01 | G42: 10 | H42: 5000 | J42: =IFERROR(E42*G42*H42,"") -> 500
J43: =IFERROR(E43*G43*H43,"")
G44: Subtotal Transporte | H44: Subtotal Transporte | J44: =SUM(J41:J43) -> 16698
B46: V. COSTOS INDIRECTOS
B47: Descripción | H47: Porcentaje | J47: Valor parcial
B48: Base | J48: =+J15+J27+J36+J44 -> 150138.1
B49: Administración | H49: 0 | J49: =$J$48*H49 -> 0
B50: Imprevistos | H50: 0 | J50: =$J$48*H50 -> 0
B51: Utilidad | H51: 0 | J51: =$J$48*H51 -> 0
G52: Subtotal Costos Indirectos | H52: Subtotal Costos Indirectos | J52: =SUM(J49:J51) -> 0
B53: FIRMA | F53: FIRMA
B54: JORGE ANTONIO ANDRADE BLANCO | F54: RICARDO JOSE MARTINEZ VELAIDEZ
B55: INGENIERO RESIDENTE DE OBRA | F55: DIRECTOR DE INTERVENTORIA
B56: M.P. 08202-159900 ATL | F56: M.P. 08202-219279 ATL

Sheet 12.4.7
B2: DESCRIPCIÓN: | C2: =+'ACTA ADICIONAL OBRA '!B212 -> Construcción pozo de inspección en concreto reforzado e impermeabilizado para tuberías de diámetro entre 8" y 27", con diámetro del cilindro de 1,20 m (1,45 m< H < 1,80m) incluye losa de fondo, tapa de inspección en HD, cilindro, cañuela y pañete de impermeabilización
B4: ITEM: | C4: =+'ACTA ADICIONAL OBRA '!A212 -> 12.4.7 | E4: UNIDAD: | F4: =+'ACTA ADICIONAL OBRA '!C212 -> un | G4: PRECIO UNITARIO: | I4: =ROUND(SUM(J47:J50),0) -> 4347374
B6: I. EQUIPOS
B7: Descripción | F7: Unidad | G7: Tarifa | H7: Rendimiento | J7: Valor parcial
G8: $/día
B9: Herramienta menor | F9: % | G9: =+J35 -> 1019444.6 | H9: 0.1 | J9: =IFERROR(G9*H9,"") -> 101944.46
B10: Formaleta metálica | F10: gbl | G10: 115000 | H10: =IFERROR(IF(G10="","",1/L10),"") -> 1.8181818 | J10: =IFERROR(G10*H10,"") -> 209090.91 | L10: 0.55
B11: Vibrador de concreto gasolina 3-4m, 25-40mm | F11: día | G11: 49400 | H11: =IFERROR(IF(G11="","",1/L11),"") -> 0.36363636 | J11: =IFERROR(G11*H11,"") -> 17963.636 | L11: 2.75
H12: =IFERROR(IF(G12="","",1/L12),"") | J12: =IFERROR(G12*H12,"")
G13: Subtotal Equipos | J13: =SUM(J9:J12) -> 328999
B15: II. MATERIALES
B16: Descripción | E16: Unidad | F16: Cantidad | G16: Valor Unitario | H16: Desp. | I16: Cantidad total | J16: Valor parcial
H17: %
B18: Acero corrugado figurado 1/4" - 1" 60.000 Psi | E18: kg | F18: 114 | G18: 6600 | I18: =F18*(1+H18) -> 114 | J18: =IFERROR(G18*I18,0) -> 752400
B19: Alambre negro Cal. 18 | E19: kg | F19: 24 | G19: 8500 | I19: =F19*(1+H19) -> 24 | J19: =IFERROR(G19*I19,0) -> 204000
B20: Aro y tapa pozos de inspección en HF | E20: un | F20: 1 | G20: 785000 | I20: =F20*(1+H20) -> 1 | J20: =IFERROR(G20*I20,0) -> 785000
B21: Concreto corriente grava común 3000 PSI | E21: m3 | F21: 1.2 | G21: 545000 | I21: =F21*(1+H21) -> 1.2 | J21: =IFERROR(G21*I21,0) -> 654000
B22: Mortero baja permeabilidad 3000 PSI | E22: m3 | F22: 0.35 | G22: 497200 | I22: 0.35 | J22: =IFERROR(G22*I22,0) -> 174020
B23: Impermeabilizante integral concreto-mortero Plastocrete DM (20Kg) | E23: un | F23: 0.3 | G23: 331700 | I23: =F23*(1+H23) -> 0.3 | J23: =IFERROR(G23*I23,0) -> 99510
I24: =F24*(1+H24) -> 0 | J24: =IFERROR(G24*I24,0) -> 0
I25: =F25*(1+H25) -> 0 | J25: =IFERROR(G25*I25,0) -> 0
G26: Subtotal Materiales | H26: Subtotal Materiales | J26: =SUM(J18:J25) -> 2668930
B28: III. MANO DE OBRA
B29: Descripción | D29: Valor jornal | E29: Prest. | F29: Prest. | G29: Jornal total | H29: Rendimiento | J29: Valor parcial
D30: $ | E30: % | F30: $
B31: Cuadrilla tipo 3 (1 Oficial + 3 ayudante) | D31: 280144.8 | E31: 0.68471834 | F31: =IFERROR(D31*E31,"") -> 191820.28 | G31: =IFERROR(D31+F31,"") -> 471965.08 | H31: 2.16 | J31: =IFERROR(G31*H31,"") -> 1019444.6 | L31: 0.8
F32: =IFERROR(D32*E32,"") | G32: =IFERROR(D32+F32,"") | H32: =IFERROR(IF(G32="","",$H$31),"") | J32: =IFERROR(G32*H32,"")
F33: =IFERROR(D33*E33,"") | G33: =IFERROR(D33+F33,"") | H33: =IFERROR(IF(G33="","",$H$31),"") | J33: =IFERROR(G33*H33,"")
F34: =IFERROR(D34*E34,"") | G34: =IFERROR(D34+F34,"") | H34: =IFERROR(IF(G34="","",$H$31),"") | J34: =IFERROR(G34*H34,"")
G35: Subtotal Mano de Obra | H35: Subtotal Mano de Obra | J35: =SUM(J31:J34) -> 1019444.6
B37: IV. TRANSPORTE
B38: Descripción | E38: Cantidad | G38: Distancia | H38: Tarifa | J38: Valor parcial
E39: M3/Kg/Un/Vj | G39: Km | H39: $ (m3/Km)
B40: Transporte pesado | E40: 0.55 | G40: 1 | H40: 600000 | J40: =IFERROR(E40*G40*H40,"") -> 330000
J41: =IFERROR(E41*G41*H41,"")
J42: =IFERROR(E42*G42*H42,"")
G43: Subtotal Transporte | H43: Subtotal Transporte | J43: =SUM(J40:J42) -> 330000
B45: V. COSTOS INDIRECTOS
B46: Descripción | H46: Porcentaje | J46: Valor parcial
B47: Base | J47: =+J13+J26+J35+J43 -> 4347373.6
B48: Administración | H48: 0 | J48: =$J$47*H48 -> 0
B49: Imprevistos | H49: 0 | J49: =$J$47*H49 -> 0
B50: Utilidad | H50: 0 | J50: =$J$47*H50 -> 0
G51: Subtotal Costos Indirectos | H51: Subtotal Costos Indirectos | J51: =SUM(J48:J50) -> 0
B52: FIRMA | F52: FIRMA
B53: JORGE ANTONIO ANDRADE BLANCO | F53: RICARDO JOSE MARTINEZ VELAIDEZ
B54: INGENIERO RESIDENTE DE OBRA | F54: DIRECTOR DE INTERVENTORIA
B55: M.P. 08202-159900 ATL | F55: M.P. 08202-219279 ATL

Sheet 12.4.8
B2: DESCRIPCIÓN: | C2: =+'ACTA ADICIONAL OBRA '!B213 -> Construcción pozo de inspección en concreto reforzado e impermeabilizado para tuberías de diámetro entre 8" y 27", con diámetro del cilindro de 1,20 m (1.8 m< H < 3,0m) incluye losa de fondo, tapa de inspección en HD, cilindro, cañuela y pañete de impermeabilización
B4: ITEM: | C4: =+'ACTA ADICIONAL OBRA '!A213 -> 12.4.8 | E4: UNIDAD: | F4: =+'ACTA ADICIONAL OBRA '!C213 -> un | G4: PRECIO UNITARIO: | I4: =ROUND(SUM(J53:J56),0) -> 4816532
B6: I. EQUIPOS
B7: Descripción | F7: Unidad | G7: Tarifa | H7: Rendimiento | J7: Valor parcial
G8: $/día
B9: Herramienta menor | F9: % | G9: =+J41 -> 1019444.6 | H9: 0.1 | J9: =IFERROR(G9*H9,"") -> 101944.46
B10: Formaleta metálica | F10: gbl | G10: 115000 | H10: =IFERROR(IF(G10="","",1/L10),"") -> 3.00003 | J10: =IFERROR(G10*H10,"") -> 345003.45 | L10: 0.33333
B11: Vibrador de concreto gasolina 3-4m, 25-40mm | F11: día | G11: 49400 | H11: =IFERROR(IF(G11="","",1/L11),"") -> 0.4 | J11: =IFERROR(G11*H11,"") -> 19760 | L11: 2.5
H12: =IFERROR(IF(G12="","",1/L12),"") | J12: =IFERROR(G12*H12,"")
H13: =IFERROR(IF(G13="","",1/L13),"") | J13: =IFERROR(G13*H13,"")
H14: =IFERROR(IF(G14="","",1/L14),"") | J14: =IFERROR(G14*H14,"")
G15: Subtotal Equipos | J15: =SUM(J9:J14) -> 466707.91
B17: II. MATERIALES
B18: Descripción | E18: Unidad | F18: Cantidad | G18: Valor Unitario | H18: Desp. | I18: Cantidad total | J18: Valor parcial
H19: %
B20: Acero corrugado figurado 1/4" - 1" 60.000 Psi | E20: kg | F20: 128 | G20: 6600 | I20: =F20*(1+H20) -> 128 | J20: =IFERROR(G20*I20,0) -> 844800
B21: Alambre negro Cal. 18 | E21: kg | F21: 30 | G21: 8500 | I21: =F21*(1+H21) -> 30 | J21: =IFERROR(G21*I21,0) -> 255000
B22: Aro y tapa pozos de inspección en HF | E22: un | F22: 1 | G22: 785000 | I22: =F22*(1+H22) -> 1 | J22: =IFERROR(G22*I22,0) -> 785000
B23: Concreto corriente grava común 3000 PSI | E23: m3 | F23: 1.49 | G23: 545000 | I23: =F23*(1+H23) -> 1.49 | J23: =IFERROR(G23*I23,0) -> 812050
B24: Mortero baja permeabilidad 3000 PSI | E24: m3 | F24: 0.35 | G24: 497200 | I24: =F24*(1+H24) -> 0.35 | J24: =IFERROR(G24*I24,0) -> 174020
B25: Impermeabilizante integral concreto-mortero Plastocrete DM (20Kg) | E25: un | F25: 0.3 | G25: 331700 | I25: 0.3 | J25: =IFERROR(G25*I25,0) -> 99510
I26: =F26*(1+H26) -> 0 | J26: =IFERROR(G26*I26,0) -> 0
I27: =F27*(1+H27) -> 0 | J27: =IFERROR(G27*I27,0) -> 0
I28: =F28*(1+H28) -> 0 | J28: =IFERROR(G28*I28,0) -> 0
I29: =F29*(1+H29) -> 0 | J29: =IFERROR(G29*I29,0) -> 0
I30: =F30*(1+H30) -> 0 | J30: =IFERROR(G30*I30,0) -> 0
I31: =F31*(1+H31) -> 0 | J31: =IFERROR(G31*I31,0) -> 0
G32: Subtotal Materiales | H32: Subtotal Materiales | J32: =SUM(J20:J31) -> 2970380
B34: III. MANO DE OBRA
B35: Descripción | D35: Valor jornal | E35: Prest. | F35: Prest. | G35: Jornal total | H35: Rendimiento | J35: Valor parcial
D36: $ | E36: % | F36: $
B37: Cuadrilla tipo 3 (1 Oficial + 3 ayudante) | D37: 280144.8 | E37: 0.68471834 | F37: =IFERROR(D37*E37,"") -> 191820.28 | G37: =IFERROR(D37+F37,"") -> 471965.08 | H37: 2.16 | J37: =IFERROR(G37*H37,"") -> 1019444.6 | L37: 0.6
F38: =IFERROR(D38*E38,"") | G38: =IFERROR(D38+F38,"") | H38: =IFERROR(IF(G38="","",$H$37),"") | J38: =IFERROR(G38*H38,"")
F39: =IFERROR(D39*E39,"") | G39: =IFERROR(D39+F39,"") | H39: =IFERROR(IF(G39="","",$H$37),"") | J39: =IFERROR(G39*H39,"")
F40: =IFERROR(D40*E40,"") | G40: =IFERROR(D40+F40,"") | H40: =IFERROR(IF(G40="","",$H$37),"") | J40: =IFERROR(G40*H40,"")
G41: Subtotal Mano de Obra | H41: Subtotal Mano de Obra | J41: =SUM(J37:J40) -> 1019444.6
B43: IV. TRANSPORTE
B44: Descripción | E44: Cantidad | G44: Distancia | H44: Tarifa | J44: Valor parcial
E45: M3/Kg/Un/Vj | G45: Km | H45: $ (m3/Km)
B46: Transporte pesado | E46: 0.6 | G46: 1 | H46: 600000 | J46: =IFERROR(E46*G46*H46,"") -> 360000
J47: =IFERROR(E47*G47*H47,"")
J48: =IFERROR(E48*G48*H48,"")
G49: Subtotal Transporte | H49: Subtotal Transporte | J49: =SUM(J46:J48) -> 360000
B51: V. COSTOS INDIRECTOS
B52: Descripción | H52: Porcentaje | J52: Valor parcial
B53: Base | J53: =+J15+J32+J41+J49 -> 4816532.5
B54: Administración | H54: 0 | J54: =$J$53*H54 -> 0
B55: Imprevistos | H55: 0 | J55: =$J$53*H55 -> 0
B56: Utilidad | H56: 0 | J56: =$J$53*H56 -> 0
G57: Subtotal Costos Indirectos | H57: Subtotal Costos Indirectos | J57: =SUM(J54:J56) -> 0
B58: FIRMA | C58: #VALUE! | F58: FIRMA
B59: JORGE ANTONIO ANDRADE BLANCO | F59: RICARDO JOSE MARTINEZ VELAIDEZ
B60: INGENIERO RESIDENTE DE OBRA | F60: DIRECTOR DE INTERVENTORIA
B61: M.P. 08202-159900 ATL | F61: M.P. 08202-219279 ATL

Sheet 12.4.9
B2: DESCRIPCIÓN: | C2: =+'ACTA ADICIONAL OBRA '!B215 -> Tubería Alcantarillado de 8" en PVC (Unión Mecánica) de pared interior lisa y exterior corrugada.
B4: ITEM: | C4: =+'ACTA ADICIONAL OBRA '!A215 -> 12.4.9 | E4: UNIDAD: | F4: =+'ACTA ADICIONAL OBRA '!C215 -> m | G4: PRECIO UNITARIO: | I4: =ROUND(SUM(J53:J56),0) -> 174944
B6: I. EQUIPOS
B7: Descripción | F7: Unidad | G7: Tarifa | H7: Rendimiento | J7: Valor parcial
G8: $/día
B9: Herramienta menor | F9: % | G9: =+J41 -> 54435.878 | H9: 0.1 | J9: =IFERROR(G9*H9,"") -> 5443.5878
H10: =IFERROR(IF(G10="","",1/L10),"") | J10: =IFERROR(G10*H10,"") | L10: 3
H11: =IFERROR(IF(G11="","",1/L11),"") | J11: =IFERROR(G11*H11,"") | L11: 1
H12: =IFERROR(IF(G12="","",1/L12),"") | J12: =IFERROR(G12*H12,"")
H13: =IFERROR(IF(G13="","",1/L13),"") | J13: =IFERROR(G13*H13,"")
H14: =IFERROR(IF(G14="","",1/L14),"") | J14: =IFERROR(G14*H14,"")
G15: Subtotal Equipos | J15: =SUM(J9:J14) -> 5443.5878
B17: II. MATERIALES
B18: Descripción | E18: Unidad | F18: Cantidad | G18: Valor Unitario | H18: Desp. | I18: Cantidad total | J18: Valor parcial
H19: %
B20: Tubería alcantarillado 8" | E20: m | F20: 1 | G20: 95700 | I20: =F20*(1+H20) -> 1 | J20: =IFERROR(G20*I20,0) -> 95700
B21: Lubricante PVC 500gr | E21: un | F21: 0.04 | G21: 44300 | I21: =F21*(1+H21) -> 0.04 | J21: =IFERROR(G21*I21,0) -> 1772
B22: Hidrosello Novafort 8" | E22: un | F22: 1 | G22: 16700 | I22: =F22*(1+H22) -> 1 | J22: =IFERROR(G22*I22,0) -> 16700
B23: Limpiador removedor PVC (1/4gl) | E23: un | F23: 0.01 | G23: 89300 | I23: =F23*(1+H23) -> 0.01 | J23: =IFERROR(G23*I23,0) -> 893
I24: =F24*(1+H24) -> 0 | J24: =IFERROR(G24*I24,0) -> 0
I25: =F25*(1+H25) -> 0 | J25: =IFERROR(G25*I25,0) -> 0
I26: =F26*(1+H26) -> 0 | J26: =IFERROR(G26*I26,0) -> 0
I27: =F27*(1+H27) -> 0 | J27: =IFERROR(G27*I27,0) -> 0
I28: =F28*(1+H28) -> 0 | J28: =IFERROR(G28*I28,0) -> 0
I29: =F29*(1+H29) -> 0 | J29: =IFERROR(G29*I29,0) -> 0
I30: =F30*(1+H30) -> 0 | J30: =IFERROR(G30*I30,0) -> 0
I31: =F31*(1+H31) -> 0 | J31: =IFERROR(G31*I31,0) -> 0
G32: Subtotal Materiales | H32: Subtotal Materiales | J32: =SUM(J20:J31) -> 115065
B34: III. MANO DE OBRA
B35: Descripción | D35: Valor jornal | E35: Prest. | F35: Prest. | G35: Jornal total | H35: Rendimiento | J35: Valor parcial
D36: $ | E36: % | F36: $
B37: Cuadrilla tipo 1 (1 Oficial + 1 ayudante) | D37: 163417.8 | E37: 0.6655431 | F37: =IFERROR(D37*E37,"") -> 108761.59 | G37: =IFERROR(D37+F37,"") -> 272179.39 | H37: 0.2 | J37: =IFERROR(G37*H37,"") -> 54435.878 | L37: 7.9
F38: =IFERROR(D38*E38,"") | G38: =IFERROR(D38+F38,"") | H38: =IFERROR(IF(G38="","",$H$37),"") | J38: =IFERROR(G38*H38,"")
F39: =IFERROR(D39*E39,"") | G39: =IFERROR(D39+F39,"") | H39: =IFERROR(IF(G39="","",$H$37),"") | J39: =IFERROR(G39*H39,"")
F40: =IFERROR(D40*E40,"") | G40: =IFERROR(D40+F40,"") | H40: =IFERROR(IF(G40="","",$H$37),"") | J40: =IFERROR(G40*H40,"")
G41: Subtotal Mano de Obra | H41: Subtotal Mano de Obra | J41: =SUM(J37:J40) -> 54435.878
B43: IV. TRANSPORTE
B44: Descripción | E44: Cantidad | G44: Distancia | H44: Tarifa | J44: Valor parcial
E45: M3/Kg/Un/Vj | G45: Km | H45: $ (m3/Km)
J46: =IFERROR(E46*G46*H46,"")
J47: =IFERROR(E47*G47*H47,"")
J48: =IFERROR(E48*G48*H48,"")
G49: Subtotal Transporte | H49: Subtotal Transporte | J49: =SUM(J46:J48) -> 0
B51: V. COSTOS INDIRECTOS
B52: Descripción | H52: Porcentaje | J52: Valor parcial
B53: Base | J53: =+J15+J32+J41+J49 -> 174944.47
B54: Administración | H54: 0 | J54: =$J$53*H54 -> 0
B55: Imprevistos | H55: 0 | J55: =$J$53*H55 -> 0
B56: Utilidad | H56: 0 | J56: =$J$53*H56 -> 0
G57: Subtotal Costos Indirectos | H57: Subtotal Costos Indirectos | J57: =SUM(J54:J56) -> 0
B58: FIRMA | C58: #VALUE! | F58: FIRMA
B59: JORGE ANTONIO ANDRADE BLANCO | F59: RICARDO JOSE MARTINEZ VELAIDEZ
B60: INGENIERO RESIDENTE DE OBRA | F60: DIRECTOR DE INTERVENTORIA
B61: M.P. 08202-159900 ATL | F61: M.P. 08202-219279 ATL

Sheet 12.4.10
B2: DESCRIPCIÓN: | C2: =+'ACTA ADICIONAL OBRA '!B216 -> Suministro e Instalación domiciliaria de alcantarillado con tubería de PVC Unión Mecánica corrugada de 160 mm (6"). Incluye caja sencilla de 0.60x0.60x1.00 m en ladrillo, tapa en concreto de 3000 psi, Tee o Yee, codo o accesorios de derivación. Tipo 5. (6 < L < 7,0 m)
B4: ITEM: | C4: =+'ACTA ADICIONAL OBRA '!A216 -> 12.4.10 | E4: UNIDAD: | F4: =+'ACTA ADICIONAL OBRA '!C216 -> un | G4: PRECIO UNITARIO: | I4: =ROUND(SUM(J53:J56),0) -> 2047039
B6: I. EQUIPOS
B7: Descripción | F7: Unidad | G7: Tarifa | H7: Rendimiento | J7: Valor parcial
G8: $/día
B9: Herramienta menor | F9: % | G9: =+J41 -> 808852.69 | H9: 0.1 | J9: =IFERROR(G9*H9,"") -> 80885.269
H10: =IFERROR(IF(G10="","",1/L10),"") | J10: =IFERROR(G10*H10,"") | L10: 3
H11: =IFERROR(IF(G11="","",1/L11),"") | J11: =IFERROR(G11*H11,"") | L11: 1
H12: =IFERROR(IF(G12="","",1/L12),"") | J12: =IFERROR(G12*H12,"")
H13: =IFERROR(IF(G13="","",1/L13),"") | J13: =IFERROR(G13*H13,"")
H14: =IFERROR(IF(G14="","",1/L14),"") | J14: =IFERROR(G14*H14,"")
G15: Subtotal Equipos | J15: =SUM(J9:J14) -> 80885.269
B17: II. MATERIALES
B18: Descripción | E18: Unidad | F18: Cantidad | G18: Valor Unitario | H18: Desp. | I18: Cantidad total | J18: Valor parcial
H19: %
B20: Ladrillo macizo 24cm x 12cm x 6cm | E20: un | F20: 120 | G20: 1100 | I20: =F20*(1+H20) -> 120 | J20: =IFERROR(G20*I20,0) -> 132000
B21: Mortero baja permeabilidad 3000 PSI | E21: m3 | F21: 0.02 | G21: 497200 | I21: =F21*(1+H21) -> 0.02 | J21: =IFERROR(G21*I21,0) -> 9944
B22: Marco y tapa caja de inspección 80cm x 80cm medida interna | E22: un | F22: 1 | G22: 81600 | I22: =F22*(1+H22) -> 1 | J22: =IFERROR(G22*I22,0) -> 81600
B23: Concreto corriente grava común 3000 PSI | E23: m3 | F23: 0.06 | G23: 545000 | I23: =F23*(1+H23) -> 0.06 | J23: =IFERROR(G23*I23,0) -> 32700
B24: Acero corrugado figurado 1/4" - 1" 60.000 Psi | E24: kg | F24: 7 | G24: 6600 | I24: =F24*(1+H24) -> 7 | J24: =IFERROR(G24*I24,0) -> 46200
B25: Mortero corriente 3000 PSI | E25: m3 | F25: 0.09 | G25: 478900 | I25: =F25*(1+H25) -> 0.09 | J25: =IFERROR(G25*I25,0) -> 43101
B26: Tubería alcantarillado 6" | E26: m | F26: 6.5 | G26: 75000 | I26: =F26*(1+H26) -> 6.5 | J26: =IFERROR(G26*I26,0) -> 487500
B27: Silla tee PVC alcantarillado 8" x 6" | E27: un | F27: 1 | G27: 195200 | I27: =F27*(1+H27) -> 1 | J27: =IFERROR(G27*I27,0) -> 195200
B28: Unión PVC sanitaria 6" | E28: un | F28: 1 | G28: 69400 | I28: =F28*(1+H28) -> 1 | J28: =IFERROR(G28*I28,0) -> 69400
B29: Lubricante PVC 500gr | E29: un | F29: 0.03 | G29: 55200 | I29: =F29*(1+H29) -> 0.03 | J29: =IFERROR(G29*I29,0) -> 1656
I30: =F30*(1+H30) -> 0 | J30: =IFERROR(G30*I30,0) -> 0
I31: =F31*(1+H31) -> 0 | J31: =IFERROR(G31*I31,0) -> 0
G32: Subtotal Materiales | H32: Subtotal Materiales | J32: =SUM(J20:J31) -> 1099301
B34: III. MANO DE OBRA
B35: Descripción | D35: Valor jornal | E35: Prest. | F35: Prest. | G35: Jornal total | H35: Rendimiento | J35: Valor parcial
D36: $ | E36: % | F36: $
B37: Cuadrilla tipo 2 (1 Oficial + 2 ayudante) | D37: 221781.3 | E37: 0.67765378 | F37: =IFERROR(D37*E37,"") -> 150290.94 | G37: =IFERROR(D37+F37,"") -> 372072.24 | H37: =IFERROR(IF(G37="","",1/L37),"") -> 2.173913 | J37: =IFERROR(G37*H37,"") -> 808852.69 | L37: 0.46
F38: =IFERROR(D38*E38,"") | G38: =IFERROR(D38+F38,"") | H38: =IFERROR(IF(G38="","",$H$37),"") | J38: =IFERROR(G38*H38,"")
F39: =IFERROR(D39*E39,"") | G39: =IFERROR(D39+F39,"") | H39: =IFERROR(IF(G39="","",$H$37),"") | J39: =IFERROR(G39*H39,"")
F40: =IFERROR(D40*E40,"") | G40: =IFERROR(D40+F40,"") | H40: =IFERROR(IF(G40="","",$H$37),"") | J40: =IFERROR(G40*H40,"")
G41: Subtotal Mano de Obra | H41: Subtotal Mano de Obra | J41: =SUM(J37:J40) -> 808852.69
B43: IV. TRANSPORTE
B44: Descripción | E44: Cantidad | G44: Distancia | H44: Tarifa | J44: Valor parcial
E45: M3/Kg/Un/Vj | G45: Km | H45: $ (m3/Km)
B46: Transporte semipesado | E46: 0.19333333 | G46: 1 | H46: 300000 | J46: =IFERROR(E46*G46*H46,"") -> 58000
J47: =IFERROR(E47*G47*H47,"")
J48: =IFERROR(E48*G48*H48,"")
G49: Subtotal Transporte | H49: Subtotal Transporte | J49: =SUM(J46:J48) -> 58000
B51: V. COSTOS INDIRECTOS
B52: Descripción | H52: Porcentaje | J52: Valor parcial
B53: Base | J53: =+J15+J32+J41+J49 -> 2047039
B54: Administración | H54: 0 | J54: =$J$53*H54 -> 0
B55: Imprevistos | H55: 0 | J55: =$J$53*H55 -> 0
B56: Utilidad | H56: 0 | J56: =$J$53*H56 -> 0
G57: Subtotal Costos Indirectos | H57: Subtotal Costos Indirectos | J57: =SUM(J54:J56) -> 0
B58: FIRMA | C58: #VALUE! | F58: FIRMA
B59: JORGE ANTONIO ANDRADE BLANCO | F59: RICARDO JOSE MARTINEZ VELAIDEZ
B60: INGENIERO RESIDENTE DE OBRA | F60: DIRECTOR DE INTERVENTORIA
B61: M.P. 08202-159900 ATL | F61: M.P. 08202-219279 ATL

Sheet CUADRILLAS 
D4: No. en salarios mínimos
B5: 1 AYUDANTE A | C5: SALARIO MIN | D5: (1,2SMMLV+1 AT) | E5: día
B6: 2026 | C6: 2000000 | D6: =+C6*1.2 -> 2400000 | E6: =+ROUND(D6/30,0) -> 80000
B8: 1 AYUDANTE B | D8: (1,5SMMLV+1 AT) | E8: día
B9: 2026 | C9: 2000000 | D9: =C9*1.5 -> 3000000 | E9: =+ROUND(D9/30,0) -> 100000
B11: 1 OFICIAL A | D11: (2MMLV+1 AT) | E11: día
B12: 2026 | C12: 2000000 | D12: =C12*2 -> 4000000 | E12: =+ROUND(D12/30,0) -> 133333
B14: 1 OFICIAL B | D14: (3MMLV) | E14: día
B15: 2026 | C15: 2000000 | D15: =+((C15*3)) -> 6000000 | E15: =+ROUND(D15/30,0) -> 200000
B18: CÁLCULO DE CUADRILLAS 2026
B20: Clave | D20: Descripción | E20: unidad | F20: Cantidad | G20: Precio con | H20: Total
G21: prestaciones
B22: O00050 | D22: Cuadrilla AA (Albañilería) 1Of y 1 Ay | E22: HR
B23: O00001 | D23: Ayudante A | E23: jor | F23: 0.125 | G23: =+E6*1.75 -> 140000 | H23: =+F23*G23 -> 17500
B24: O00002 | D24: Oficial A | E24: jor | F24: 0.125 | G24: =+E12*1.75 -> 233332.75 | H24: =+F24*G24 -> 29166.594
D25: Subtotal | H25: =SUM(H23:H24) -> 46666.594
B26: O00901 | C26: 1,2 SMMLV | D26: Factor prestacional de ingreso por hora efectiva / base hora laboral | E26: % | F26: 0.96251505 | H26: =+H23*F26 -> 16844.013
C27: 2 SMMLV | F27: 0.93340106 | H27: =+H24*F27 -> 27224.13
D28: Total hora | H28: =+ROUND(H25+H26+H27,0) -> 90735
B30: O00051 | D30: Cuadrilla AA 1Of+2Ay (Albañilería) | E30: HR
B31: O00001 | D31: 2 Ayudante A | E31: jor | F31: 0.25 | G31: =+G23 -> 140000 | H31: =+F31*G31 -> 35000 | K31: =12.5*4 -> 50
B32: O00002 | D32: Oficial A | E32: jor | F32: 0.125 | G32: =+G24 -> 233332.75 | H32: =+F32*G32 -> 29166.594
D33: Subtotal | H33: =SUM(H31:H32) -> 64166.594
B34: O00901 | C34: 1,2 SMMLV | D34: Factor prestacional de ingreso por hora efectiva / base hora laboral | E34: % | F34: 0.96251505 | H34: =+H31*F34 -> 33688.027
C35: 2 SMMLV | F35: 0.93340106 | H35: =+H32*F35 -> 27224.13
D36: Total | H36: =+ROUND(H33+H34+H35,0) -> 125079
B38: O00050 | D38: Cuadrilla AA (Albañilería) 1 Ay | E38: HR
B39: O00001 | D39: Ayudante A | E39: jor | F39: 0.25 | G39: =+G23 -> 140000 | H39: =+F39*G39 -> 35000
B40: O00002 | D40: Oficial A | E40: jor | F40: 0 | G40: =+G24 -> 233332.75 | H40: =+F40*G40 -> 0
D41: Subtotal | H41: =SUM(H39:H40) -> 35000
B42: O00901 | C42: 1,2 SMMLV | D42: Factor prestacional de ingreso por hora efectiva / base hora laboral | E42: % | F42: 0.96251505 | H42: =+H39*F42 -> 33688.027
C43: 2 SMMLV | F43: 0.93340106 | H43: =+H40*F43 -> 0
D44: Total | H44: =+ROUND(H41+H42+H43,0) -> 68688
B46: O00050 | D46: Cuadrilla AA (Albañilería) 1 Oficial | E46: HR
B47: O00001 | D47: Ayudante A | E47: jor | F47: 0 | G47: 30168 | H47: =+F47*G47 -> 0
B48: O00002 | D48: Oficial A | E48: jor | F48: 0.125 | G48: 48554 | H48: =+F48*G48 -> 6069.25
D49: Subtotal | H49: =SUM(H47:H48) -> 6069.25
B50: O00901 | C50: 1,2 SMMLV | D50: Factor prestacional de ingreso por hora efectiva / base hora laboral | E50: % | F50: 0.96251505 | H50: =+H47*F50 -> 0
C51: 2 SMMLV | F51: 0.93340106 | H51: =+H48*F51 -> 5665.0444
D52: Total | H52: =+ROUND(H49+H50+H51,0) -> 11734
B54: O00052 | D54: Cuadrilla BB (Instalaciones) 1 Of y 1 Ay | E54: HR | F54: 0.1
D55: Ayudante A Instalaciones | E55: jor | F55: 0.125 | G55: 33184.8 | H55: =+F55*G55 -> 4148.1
D56: Oficial A Instalaciones | E56: jor | F56: 0.125 | G56: 53409.4 | H56: =+F56*G56 -> 6676.175
D57: Subtotal | H57: =SUM(H55:H56) -> 10824.275
C58: 1,2 SMMLV | D58: Factor prestacional de ingreso por hora efectiva / base hora laboral | E58: % | F58: 0.96251505 | H58: =+H55*F58 -> 3992.6087
C59: 2 SMMLV | F59: 0.93340106 | H59: =+H56*F59 -> 6231.5488
D60: Total | H60: =+ROUND(H57+H58+H59,0) -> 21048
B62: O00053 | D62: Cuadrilla CC (Pintura) 1 Of Y 3 Ay | E62: HR | F62: 0.15
D63: Ayudantes A Pinturas | E63: jor | F63: 0.375 | G63: 34693.2 | H63: =+F63*G63 -> 13009.95
D64: Oficial A Pinturas | E64: jor | F64: 0.125 | G64: 55837.1 | H64: =+F64*G64 -> 6979.6375
D65: Subtotal 1 | H65: =SUM(H63:H64) -> 19989.587
C66: 1,2 SMMLV | D66: Factor prestacional de ingreso por hora efectiva / base hora laboral | E66: % | F66: 0.96251505 | H66: =+H63*F66 -> 12522.273
C67: 2 SMMLV | F67: 0.93340106 | H67: =+H64*F67 -> 6514.8011
D68: Total | H68: =+ROUND(+H65+H66+H67,0) -> 39027
B70: O00054 | D70: Cuadrilla DD (Carpintería) 2 Of y 1 Ay | E70: HR | F70: 0.2
D71: Ayudante B Carpintería | E71: jor | F71: 0.125 | G71: 44475.6 | H71: =+F71*G71 -> 5559.45
D72: Oficial A Carpintería | E72: jor | F72: 0.125 | G72: 58264.8 | H72: =+F72*G72 -> 7283.1
D73: Oficial B Carpintería | E73: jor | F73: 0.125 | G73: 82735.2 | H73: =+F73*G73 -> 10341.9
D74: Subtotal | H74: =SUM(H71:H73) -> 23184.45
C75: 1,5 SMMLV | D75: Factor prestacional de ingreso por hora efectiva / base hora laboral | E75: % | F75: 0.94821253 | H75: =+H71*F75 -> 5271.5402
C76: 2 SMMLV | F76: 0.93340106 | H76: =+H72*F76 -> 6798.0533
C77: 3 SMMLV | F77: 0.91376247 | H77: =+H73*F77 -> 9450.0401
D78: Total | H78: =+ROUND(H75+H76+H77+H74,0) -> 44704
B80: O00055 | D80: Cuadrilla EE (Cableado estructural) 1 Of y 1 Ay | E80: HR | F80: 0.3
D81: Ayudante B Cableado estructural | E81: jor | F81: 0.125 | G81: 48181.9 | H81: =+F81*G81 -> 6022.7375
D82: Oficial B Cableado estructural | E82: jor | F82: 0.125 | G82: 89629.8 | H82: =+F82*G82 -> 11203.725
D83: Subtotal | H83: =SUM(H81:H82) -> 17226.463
C84: 1,5 SMMLV | D84: Factor prestacional de ingreso por hora efectiva / base hora laboral | E84: % | F84: 0.94821253 | H84: =+F84*H81 -> 5710.8352
C85: 3 SMMLV | F85: 0.91376247 | H85: =+F85*H82 -> 10237.543
D86: Total | H86: =+H83+H84+H85 -> 33174.841
B88: O00056 | D88: Cuadrilla FF (Electrico) 1 je, 1 Of y 1 Ay | E88: HR | F88: 0.3
D89: jefe de obra | E89: jor | F89: 0.125 | G89: 104567.34 | H89: =+F89*G89 -> 13070.918
D90: Ayudante A Electrico | E90: jor | F90: 0.125 | G90: 39218.4 | H90: =+F90*G90 -> 4902.3
D91: Oficial A Electrico | E91: jor | F91: 0.125 | G91: 63120.2 | H91: =+F91*G91 -> 7890.025
D92: Subtotal | H92: =SUM(H89:H91) -> 25863.243
C93: 3,5 SMMLV | D93: Factor prestacional de ingreso por hora efectiva / base hora laboral | E93: % | F93: 0.90974334 | H93: =+H89*F93 -> 11891.18
C94: 1,2 SMMLV | F94: 0.96251505 | H94: =+H90*F94 -> 4718.5375
C95: 2 SMMLV | F95: 0.93340106 | H95: =+H91*F95 -> 7364.5577
D96: Total | H96: =+H92+H94+H93+H95 -> 49837.518
B98: O00057 | D98: Cuadrilla FF (Electrico especializado)1 je, 1 Of y 1 Ay | E98: HR | F98: 0.3
D99: jefe de obra | E99: jor | F99: 0.125 | G99: 104567.34 | H99: =+F99*G99 -> 13070.918
D100: Ayudante Electrico especializado | E100: jor | F100: 0.125 | G100: 53777.49 | H100: =+F100*G100 -> 6722.1863
D101: Oficial Electrico especializado | E101: jor | F101: 0.125 | G101: 74690.958 | H101: =+F101*G101 -> 9336.3698
D102: Subtotal | H102: =SUM(H99:H101) -> 29129.474
C103: 3,5 SMMLV | D103: Factor prestacional de ingreso por hora efectiva / base hora laboral | E103: % | F103: 0.90974334 | H103: =+H99*F103 -> 11891.18
C104: 1,8 SMMLV | F104: 0.93839639 | H104: =+H100*F104 -> 6308.0753
C105: 2,5 SMMLV | F105: 0.91938921 | H105: =+H101*F105 -> 8583.7576
D106: Total | H106: =+H102+H104+H103+H105 -> 55912.487
B108: O00058 | D108: Cuadrilla GG (Drywall) 1 Of y 1 Ay | E108: HR | F108: 0.2
D109: Ayudante B drywall | E109: jor | F109: 0.125 | G109: 41367.32 | H109: =+F109*G109 -> 5170.915
D110: Oficial drywall | E110: jor | F110: 0.125 | G110: 82734.6 | H110: =+F110*G110 -> 10341.825
D111: Subtotal | H111: =SUM(H109:H110) -> 15512.74
C112: 1,5 SMMLV | D112: Factor prestacional de ingreso por hora efectiva / base hora laboral | E112: % | F112: 0.94821253 | H112: =+F112*H109 -> 4903.1264
C113: 3 SMMLV | F113: 0.91376247 | H113: =+F113*H110 -> 9449.9716
D114: Total | H114: =+H111+H112+H113 -> 29865.838
B116: O00059 | D116: Cuadrilla HH (Est. metálica) 1 sold, 1 Of y 1 Ay | E116: HR | F116: 0.2
D117: soldador | E117: jor | F117: 0.125 | G117: 68945.5 | H117: =+F117*G117 -> 8618.1875
D118: Ayudante A estructura metalica | E118: jor | F118: 0.125 | G118: 36201.6 | H118: =+F118*G118 -> 4525.2
D119: Oficial B estructura metalica | E119: jor | F119: 0.125 | G119: 45963.667 | H119: =+F119*G119 -> 5745.4583
D120: Subtotal | H120: =SUM(H117:H119) -> 18888.846
...

Sheet CONCRETOS Y MORTEROS
B2: MORTEROS Y CONCRETOS
B4: PRECIO ACTUAL DE CEMENTO | D4: Bulto 50 kg | E4: unitario
C5: kg | D5: =+E5*50 -> 75000 | E5: 1500
B6: PRECIO ACTUAL DE ARENA FINA | C6: m³ | E6: 154000
B7: PRECIO ACTUAL DE ARENA LAVADA DE PEÑA | C7: m³ | E7: 205000
B8: GRAVA | C8: m³ | E8: 211800
B9: AGUA | C9: L | E9: 200
B11: mortero 1:3 con arena de pozo
B13: material | C13: Unidad | D13: Cantidad | E13: Valor unitario | F13: Valor parcial
B14: Cemento | C14: kg | D14: 454 | E14: =+$E$5 -> 1500 | F14: =+ROUND(E14*D14,0) -> 681000
B15: Arena fina | C15: m³ | D15: 1.09 | E15: =+$E$6 -> 154000 | F15: =+ROUND(E15*D15,0) -> 167860
B16: Agua | C16: L | D16: 240 | E16: =+E9 -> 200 | F16: =+ROUND(E16*D16,0) -> 48000
B17: TOTAL | G17: =+SUM(F14:G16) -> 896860
B19: mortero 1:4 con Arena de peña
B21: material | C21: Unidad | D21: Cantidad | E21: Valor unitario | F21: Valor parcial
B22: Cemento | C22: kg | D22: 364 | E22: =+$E$5 -> 1500 | F22: =+ROUND(E22*D22,0) -> 546000
B23: Arena fina | C23: m³ | D23: 1.16 | E23: =+$E$6 -> 154000 | F23: =+ROUND(E23*D23,0) -> 178640
B24: Agua | C24: L | D24: 220 | E24: =+E9 -> 200 | F24: =+ROUND(E24*D24,0) -> 44000
B25: TOTAL | G25: =SUM(F22:F24) -> 768640
B27: Mortero 1:5 con arena de peña
B29: material | C29: Unidad | D29: Cantidad | E29: Valor unitario | F29: Valor parcial
B30: Cemento | C30: kg | D30: 302 | E30: =+$E$5 -> 1500 | F30: =+ROUND(E30*D30,0) -> 453000
B31: Arena fina | C31: m³ | D31: 1.2 | E31: =+$E$6 -> 154000 | F31: =+ROUND(E31*D31,0) -> 184800
B32: Agua | C32: L | D32: 182 | E32: =+E9 -> 200 | F32: =+ROUND(E32*D32,0) -> 36400
B33: TOTAL | G33: =SUM(F30:F32) -> 674200
B35: Concreto 4.000 psi | C35: 280 kg/cm²
B37: material | C37: Unidad | D37: Cantidad | E37: Valor unitario | F37: Valor parcial
B38: Cemento | C38: kg | D38: 420 | E38: =+$E$5 -> 1500 | F38: =+ROUND(E38*D38,0) -> 630000
B39: Arena lavada de río | C39: m³ | D39: 0.67 | E39: =+$E$7 -> 205000 | F39: =+ROUND(E39*D39,0) -> 137350
B40: Grava | C40: m³ | D40: 0.67 | E40: =+$E$8 -> 211800 | F40: =+ROUND(E40*D40,0) -> 141906
B41: Mezcladora de trompo | C41: día | D41: 0.13 | E41: 135000 | F41: =+ROUND(E41*D41,0) -> 17550
B42: Agua | C42: L | D42: 260 | E42: =+E9 -> 200 | F42: =+ROUND(E42*D42,0) -> 52000
B43: TOTAL | F43: =SUM(F38:F42) -> 978806
B45: Concreto 3.500 psi | C45: 246 kg/cm²
B47: material | C47: Unidad | D47: Cantidad | E47: Valor unitario | F47: Valor parcial
B48: Cemento | C48: kg | D48: 380 | E48: =+$E$5 -> 1500 | F48: =+ROUND(E48*D48,0) -> 570000
B49: Arena lavada de río | C49: m³ | D49: 0.6 | E49: =+$E$7 -> 205000 | F49: =+ROUND(E49*D49,0) -> 123000
B50: Grava | C50: m³ | D50: 0.76 | E50: =+$E$8 -> 211800 | F50: =+ROUND(E50*D50,0) -> 160968
B51: Mezcladora de trompo | C51: día | D51: 0.13 | E51: 135000 | F51: =+ROUND(E51*D51,0) -> 17550
B52: Agua | C52: L | D52: 250 | E52: =+E9 -> 200 | F52: =+ROUND(E52*D52,0) -> 50000
B53: TOTAL | F53: =SUM(F48:F52) -> 921518
B56: Concreto 3.000 psi | C56: 210 kg/cm²
B58: material | C58: Unidad | D58: Cantidad | E58: Valor unitario | F58: Valor parcial
B59: Cemento | C59: kg | D59: 350 | E59: =+$E$5 -> 1500 | F59: 625000
B60: Arena lavada de río | C60: m³ | D60: 0.56 | E60: =+$E$7 -> 205000 | F60: =+ROUND(E60*D60,0) -> 114800
B61: Grava | C61: m³ | D61: 0.84 | E61: =+$E$8 -> 211800 | F61: =+ROUND(E61*D61,0) -> 177912
B62: Mezcladora de trompo | C62: día | D62: 0.13 | E62: 135000 | F62: =+ROUND(E62*D62,0) -> 17550
B63: Agua | C63: L | D63: 180 | E63: =+E9 -> 200 | F63: =+ROUND(E63*D63,0) -> 36000
B64: TOTAL | G64: =SUM(F59:G63) -> 971262
B67: Concreto 2.500 psi | C67: 175 kg/cm²
B69: material | C69: Unidad | D69: Cantidad | E69: Valor unitario | F69: Valor parcial
B70: Cemento | C70: kg | D70: 260 | E70: =+$E$5 -> 1500 | F70: =+ROUND(E70*D70,0) -> 390000
B71: Arena lavada de río | C71: m³ | D71: 0.52 | E71: =+$E$7 -> 205000 | F71: =+ROUND(E71*D71,0) -> 106600
B72: Grava | C72: m³ | D72: 0.94 | E72: =+$E$8 -> 211800 | F72: =+ROUND(E72*D72,0) -> 199092
B73: Mezcladora de trompo | C73: día | D73: 0.13 | E73: 135000 | F73: =+ROUND(E73*D73,0) -> 17550
B74: Agua | C74: L | D74: 170 | E74: =+E9 -> 200 | F74: =+ROUND(E74*D74,0) -> 34000
B75: TOTAL | F75: =SUM(F70:F74) -> 747242
B78: Concreto 2.000 psi | C78: 140 kg/cm²
B80: material | C80: Unidad | D80: Cantidad | E80: Valor unitario | F80: Valor parcial
B81: Cemento | C81: kg | D81: 230 | E81: =+$E$5 -> 1500 | F81: =+ROUND(E81*D81,0) -> 345000
B82: Arena lavada de río | C82: m³ | D82: 0.55 | E82: =+$E$7 -> 205000 | F82: =+ROUND(E82*D82,0) -> 112750
B83: Grava | C83: m³ | D83: 0.92 | E83: =+$E$8 -> 211800 | F83: =+ROUND(E83*D83,0) -> 194856
B84: Mezcladora de trompo | C84: día | D84: 0.13 | E84: 135000 | F84: =+ROUND(E84*D84,0) -> 17550
B85: Agua | C85: L | D85: 170 | E85: =+E9 -> 200 | F85: =+ROUND(E85*D85,0) -> 34000
B86: TOTAL | F86: =SUM(F81:F85) -> 704156
B89: Concreto pobre 1.500 psi | C89: 105 kg/cm²
B91: material | C91: Unidad | D91: Cantidad | E91: Valor unitario | F91: Valor parcial
B92: Cemento | C92: kg | D92: 175 | E92: =+$E$5 -> 1500 | F92: =+ROUND(E92*D92,0) -> 262500
B93: Arena lavada de río | C93: m³ | D93: 0.55 | E93: =+E6 -> 154000 | F93: =+ROUND(E93*D93,0) -> 84700
B94: Grava | C94: m³ | D94: 0.98 | E94: =+$E$8 -> 211800 | F94: =+ROUND(E94*D94,0) -> 207564
B95: Mezcladora de trompo | C95: día | D95: 0.13 | E95: 135000 | F95: =+ROUND(E95*D95,0) -> 17550
B96: Agua | C96: L | D96: 160 | E96: =+E9 -> 200 | F96: =+ROUND(E96*D96,0) -> 32000
B97: TOTAL | F97: =SUM(F92:G96) -> 604314
B100: CONCRETOS
B102: TIPO en psi | C102: Unidad | D102: Cantidad | E102: Valor unitario
B103: 1.500 Normal | C103: m³ | D103: 1 | E103: =F97 -> 604314
B104: 2.000 Normal | C104: m³ | D104: 1 | E104: =F86 -> 704156
B105: 2.500 Normal | C105: m³ | D105: 1 | E105: =F75 -> 747242
B106: 3.000 Normal | C106: m³ | D106: 1 | E106: =G64 -> 971262
B107: 3.500 Normal | C107: m³ | D107: 1 | E107: =F53 -> 921518

Sheet FP
B3: FACTOR PRESTACIONAL < 2SMMLV | O3: FACTOR PRESTACIONAL > 2 SMMLV
B4: DESCRIPCIÓN | O4: DESCRIPCIÓN
B6: A. SALARIO | L6: 100 | O6: A. SALARIO | Y6: 100
B8: B. PRESTACIONES SOCIALES Y APORTES PARAFISCALES | O8: B. PRESTACIONES SOCIALES Y APORTES PARAFISCALES
D10: Subsidio de transporte | L10: 11.71 | Q10: Subsidio de transporte
D11: Cesantía | L11: 8.33 | Q11: Cesantía | Y11: 8.33
D12: Intereses Cesantía | L12: 1 | Q12: Intereses Cesantía | Y12: 1
D13: Prima Legal | L13: 8.33 | M13: =30/360 -> 0.083333333 | Q13: Prima Legal | Y13: 8.33
D14: Vacaciones | L14: 4.16 | M14: =15/365 -> 0.04109589 | Q14: Vacaciones | Y14: 4.16
D15: Salud | L15: 8.5 | Q15: Salud | Y15: 8.5
D16: Pensiones | L16: 12 | Q16: Pensiones | Y16: 12
D17: Riesgos Profesionales | L17: 6.96 | Q17: Riesgos Profesionales | Y17: 6.96
D18: Dotacion | L18: 3 | Q18: Dotacion
D19: Exámenes de ingreso y egreso | L19: 1.3 | Q19: Exámenes de ingreso y egreso | Y19: 1.3
D20: Otros (ausencias justificadas, Indemnizaciones, etc. ) | L20: 1 | Q20: Otros (ausencias justificadas, Indemnizaciones, etc. ) | Y20: 1
D22: PARAFISCALES | Q22: PARAFISCALES
D23: Caja de compensacion Familiar | L23: 4 | Q23: Caja de compensacion Familiar | Y23: 4
D24: Sena | L24: 2 | Q24: Sena | Y24: 2
D25: ICBF | L25: 3 | Q25: ICBF | Y25: 3
F27: SUB-TOTAL B | L27: =SUM(L10:L25) -> 75.29 | S27: SUB-TOTAL B | Y27: =SUM(Y10:Y25) -> 60.58
B31: FACTOR PRESTACIONAL ADOPTADO | L31: =L27+L6 -> 175.29 | O31: FACTOR PRESTACIONAL ADOPTADO | Y31: =Y27+Y6 -> 160.58
B32: FACTOR PRESTACIONAL APROXIMADO | L32: =+ROUND(L31,2)/100 -> 1.7529 | O32: FACTOR PRESTACIONAL APROXIMADO | Y32: =+ROUND(Y31,2)/100 -> 1.6058
L35: Revisado por: | O35: Aprobado por:
O37: LUIS FELIPE GUTIERREZ
O38: Secretario de Infraestructura

Sheet Puente Cra.5ta
C1: SISTEMA INTEGRADO DE GESTIÓN DE CALIDAD FORMATO ACTA RECIBO PARCIAL DE OBRA | K1: CÓDIGO MIO-FO-36
K3: VERSIÓN 2.0
A6: UNIDAD EJECUTORA | F6: ACTA Nª | G6: =+'ACTA ADICIONAL OBRA '!F5 -> 1 | H6: VALOR BÁSICO ACTA: | J6: =+'ACTA ADICIONAL OBRA '!N5 -> 0 | K6: PERIODO MES | L6: =+'ACTA ADICIONAL OBRA '!P5 -> MARZO
J7: FECHA DE ELABORACIÓN | L7: =+'ACTA ADICIONAL OBRA '!P6 -> 46098 | M7: =+'ACTA ADICIONAL OBRA '!#REF! -> #REF! | N7: =+'ACTA ADICIONAL OBRA '!#REF! -> #REF!
A11: CONTRATO No : LPN-02 DE 2015 | G11: PLAZO INICIAL: | H11: =+'ACTA ADICIONAL OBRA '!#REF! -> #REF! | J11: PLAZO ACUMULADO: | K11: =+'ACTA ADICIONAL OBRA '!P8 -> 0
A13: OBJETO: CONSTRUCCIÓN DE LAS OBRAS CIVILES, ARQUITECTÓNICAS, HIDRÁULICAS Y TODAS AQUELLAS ACTIVIDADES NECESARIAS PARA LA RECONSTRUCCIÓN DE LOS PUENTES VEHICULARES EN DOBLE CALZADA DE LA CARRERA 5ta Y LA CARRERA 4ta EN ESTRUCTURA DE CONCRETO CON LUZ LIBRE DE 30 METROS Y LA CARRERA 19 EN ESTRUCTURA METÁLICA CON LUZ LIBRE DE 25 METROS, CON LA REHABILITACIÓN, ADECUACIÓN Y RECONSTRUCCIÓN DE LOS ACCESOS EN PAVIMENTO RÍGIDO CON ESPACIO PÚBLICO, PARA EL SISTEMA ESTRATÉGICO DE TRANSPORTE PÚBLICO DE LA CIUDAD DE SANTA MARTA- SETP | G13: FECHA DE INICIACION: | H13: =+'ACTA ADICIONAL OBRA '!#REF! -> #REF! | J13: FECHA DE SUSPENSIÓN: | K13: =+'ACTA ADICIONAL OBRA '!#REF! -> #REF!
G15: FECHA DE REANUDACIÓN: | H15: =+'ACTA ADICIONAL OBRA '!#REF! -> #REF! | J15: FECHA DE VENCIMIENTO: | K15: =+'ACTA ADICIONAL OBRA '!#REF! -> #REF!
G17: VALOR INICIAL (incluido IVA) : | H17: =+'ACTA ADICIONAL OBRA '!K14 -> 0 | J17: VALOR ADICIÓN No.__ : | K17: =+'ACTA ADICIONAL OBRA '!P14 -> 0
A18: CONTRATISTA: VALORES Y CONTRATOS S.A. | C18: LOCALIZACIÓN Y/O DESCIRPCION :
A20: CONTRATO DE INTERVENTORÍA No :__________________________ | C20: INTERVENTOR: | E20: =+'ACTA ADICIONAL OBRA '!B16 -> CONSORCIO INTER. CENTRO DE VIDA 2025 | G20: VALOR TOTAL ACUMULADO: | H20: =+'ACTA ADICIONAL OBRA '!K16 -> 0 | J20: VALOR TOTAL EN ADICIONES: | K20: =+'ACTA ADICIONAL OBRA '!P16 -> 0
A22: =+'ACTA ADICIONAL OBRA '!#REF! -> #REF! | C22: PUENTE Cra. 5ta
A24: Item | B24: CONDICIONES ORIGINALES | G24: CONDICIONES ACTUALIZADAS Acta de Modificación No. _____ de fecha ________ | I24: OBRA EJECUTADA
I25: PRESENTE ACTA | K25: ACUMULADO | Q25: ACUMULADO ANTERIOR
B26: ITEM DE PAGO | C26: UND | D26: CANTIDAD | E26: VALOR UNITARIO | F26: VALOR TOTAL | G26: CANTIDAD | H26: VALOR | I26: CANTIDAD | J26: VALOR | K26: CANTIDAD | L26: VALOR | Q26: CANTIDAD | R26: VALOR
A27: 1 | B27: ESTRUCTURA DEL PUENTE | J27: =I27*E27 -> 0 | L27: =K27*E27 -> 0 | R27: =Q27*K27 -> 0
A28: 11 | B28: Preliminares | J28: =I28*E28 -> 0 | K28: =+I28+Q28 -> 0 | L28: =+J28+R28 -> 0
A29: 1.1.1 | B29: Localización y Replanteo Puente | C29: Mes | D29: 6 | E29: 6750000 | F29: =ROUND(D29*E29,2) -> 40500000 | J29: =I29*E29 -> 0 | K29: =+I29+Q29 -> 0 | L29: =+J29+R29 -> 0
A30: 12 | B30: Demoliciones (No incluye cargue y transporte de sobrantes) | K30: =+I30+Q30 -> 0 | L30: =+J30+R30 -> 0
A31: 1.2.1 | B31: Demolición de Estructuras en Concreto reforzado | C31: m3 | D31: 488 | E31: 100000 | F31: =ROUND(D31*E31,2) -> 48800000 | K31: =+I31+Q31 -> 0 | L31: =+J31+R31 -> 0
A32: 13 | B32: Concreto Estructural | F32: =ROUND(D32*E32,2) -> 0 | K32: =+I32+Q32 -> 0 | L32: =+J32+R32 -> 0
A33: 1.3.1 | B33: Concreto Estructural f´c = 21 Mpa para New Jersey | C33: m3 | D33: 13 | E33: 900000 | F33: =ROUND(D33*E33,2) -> 11700000 | K33: =+I33+Q33 -> 0 | L33: =+J33+R33 -> 0
A34: 1.3.2 | B34: Concreto Estructural f´c = 28 MPa para Losa | C34: m3 | D34: 115 | E34: 900000 | F34: =ROUND(D34*E34,2) -> 103500000 | K34: =+I34+Q34 -> 0 | L34: =+J34+R34 -> 0
A35: 1.3.3 | B35: Concreto Estructural f´c = 28 Mpa para Diafragma en Estribo, Diafragma Intermedio y Apoyo Central | C35: m3 | D35: 12 | E35: 900000 | F35: =ROUND(D35*E35,2) -> 10800000 | K35: =+I35+Q35 -> 0 | L35: =+J35+R35 -> 0
A36: 1.3.4 | B36: Concreto Estructural f´c = 35 MPa para Vigas y Bloques de Anclaje | C36: m3 | D36: 134 | E36: 950000 | F36: =ROUND(D36*E36,2) -> 127300000 | K36: =+I36+Q36 -> 0 | L36: =+J36+R36 -> 0
A37: 1.3.5 | B37: Concreto Estructural f´c = 21 Mpa para Estribos, Muro de Acompañamiento, Aleta y tope sísmico | C37: m3 | D37: 264 | E37: 750000 | F37: =ROUND(D37*E37,2) -> 198000000 | K37: =+I37+Q37 -> 0 | L37: =+J37+R37 -> 0
A38: 1.3.6 | B38: Concreto Estructural f´c = 21 Mpa para Recalce de cimentación, Anden, Separador y Placa de Aproximación | C38: m3 | D38: 53 | E38: 750000 | F38: =ROUND(D38*E38,2) -> 39750000 | K38: =+I38+Q38 -> 0 | L38: =+J38+R38 -> 0
A39: 14 | B39: Pilotes Preexcavados | F39: =ROUND(D39*E39,2) -> 0 | K39: =+I39+Q39 -> 0 | L39: =+J39+R39 -> 0
A40: 1.4.1 | B40: Pilotes preexcavados (Cuchara Kelly) Ø = 85 cm, incluye concreto de 3000 psi | C40: m | D40: 576 | E40: 1410000 | F40: =ROUND(D40*E40,2) -> 812160000 | K40: =+I40+Q40 -> 0 | L40: =+J40+R40 -> 0
A41: 15 | B41: Acero de Refuerzo | F41: =ROUND(D41*E41,2) -> 0 | K41: =+I41+Q41 -> 0 | L41: =+J41+R41 -> 0
A42: 1.5.1 | B42: Acero de Postensionamiento f´s= 18900 Kg/cm2 | C42: Ton-m | D42: 95035 | E42: 2300 | F42: =ROUND(D42*E42,2) -> 218580500 | K42: =+I42+Q42 -> 0 | L42: =+J42+R42 -> 0
A43: 1.5.2 | B43: Acero de Refuerzo fy = 420 Mpa | C43: Kg | D43: 178210 | E43: 5500 | F43: =ROUND(D43*E43,2) -> 980155000 | K43: =+I43+Q43 -> 0 | L43: =+J43+R43 -> 0
A44: 16 | B44: Estructuras de Acero | F44: =ROUND(D44*E44,2) -> 0 | K44: =+I44+Q44 -> 0 | L44: =+J44+R44 -> 0
A45: 1.6.1 | B45: Acero de barandas | C45: Kg | D45: 13220 | E45: 5500 | F45: =ROUND(D45*E45,2) -> 72710000 | K45: =+I45+Q45 -> 0 | L45: =+J45+R45 -> 0
A46: 17 | B46: Apoyos y Sellos para Juntas de Puentes | F46: =ROUND(D46*E46,2) -> 0 | K46: =+I46+Q46 -> 0 | L46: =+J46+R46 -> 0
A47: 1.7.1 | B47: Apoyo de Neopreno (400x500x54 mm) Gr 60 con 4 Láminas de refuerzo de 4 mm | C47: Un | D47: 14 | E47: 1100000 | F47: =ROUND(D47*E47,2) -> 15400000 | K47: =+I47+Q47 -> 0 | L47: =+J47+R47 -> 0
A48: 18 | B48: Juntas y Anclajes | F48: =ROUND(D48*E48,2) -> 0 | K48: =+I48+Q48 -> 0 | L48: =+J48+R48 -> 0
A49: 1.8.1 | B49: Juntas elastoméricas movimiento de 5 cm | C49: m | D49: 37 | E49: 1600000 | F49: =ROUND(D49*E49,2) -> 59200000 | K49: =+I49+Q49 -> 0 | L49: =+J49+R49 -> 0
A50: 19 | B50: Rellenos para Estructuras | F50: =ROUND(D50*E50,2) -> 0 | K50: =+I50+Q50 -> 0 | L50: =+J50+R50 -> 0
A51: 1.9.1 | B51: Relleno Estructural con Base Granular BG-1 Puente Nuevo (suministro, colocación y compactación) | C51: m3 | D51: 160 | E51: 135000 | F51: =ROUND(D51*E51,2) -> 21600000 | K51: =+I51+Q51 -> 0 | L51: =+J51+R51 -> 0
A52: 110 | B52: Muros de Contención | F52: =ROUND(D52*E52,2) -> 0 | K52: =+I52+Q52 -> 0 | L52: =+J52+R52 -> 0
A53: 1.10.1 | B53: Concreto Estructural f´c = 21 Mpa para Muros de contención | C53: m3 | D53: 8 | E53: 783000 | F53: =ROUND(D53*E53,2) -> 6264000 | K53: =+I53+Q53 -> 0 | L53: =+J53+R53 -> 0
A54: 1.10.2 | B54: Acero de Refuerzo fy = 420 Mpa | C54: Kg | D54: 660 | E54: 5500 | F54: =ROUND(D54*E54,2) -> 3630000 | K54: =+I54+Q54 -> 0 | L54: =+J54+R54 -> 0
A55: 1.10.3 | B55: Subdrenes con geotextil y material granular para 1<H<2, L<10 m | C55: Gl | D55: 1 | E55: 810000 | F55: =ROUND(D55*E55,2) -> 810000 | K55: =+I55+Q55 -> 0 | L55: =+J55+R55 -> 0
A56: 111 | B56: Paso Elevado | F56: =ROUND(D56*E56,2) -> 0 | K56: =+I56+Q56 -> 0 | L56: =+J56+R56 -> 0
A57: 1.11.1 | B57: Pilotes preexcavados (Cuchara Kelly) Ø = 0,85 m, L = 36 m, incluye concreto de 3000 psi | C57: m | D57: 72 | E57: 1410000 | F57: =ROUND(D57*E57,2) -> 101520000 | K57: =+I57+Q57 -> 0 | L57: =+J57+R57 -> 0
A58: 1.11.2 | B58: Concreto Estructural f´c = 21 Mpa para Dado | C58: m3 | D58: 44 | E58: 783000 | F58: =ROUND(D58*E58,2) -> 34452000 | K58: =+I58+Q58 -> 0 | L58: =+J58+R58 -> 0
A59: 1.11.3 | B59: Acero de Refuerzo fy = 420 Mpa | C59: kg | D59: 10050 | E59: 5500 | F59: =ROUND(D59*E59,2) -> 55275000 | K59: =+I59+Q59 -> 0 | L59: =+J59+R59 -> 0
A60: 1.11.4 | B60: Estructuras de Acero - Cercha soporte en Acero A-36 | C60: kg | D60: 3320 | E60: 13500 | F60: =ROUND(D60*E60,2) -> 44820000 | K60: =+I60+Q60 -> 0 | L60: =+J60+R60 -> 0
A61: 112 | B61: Obras de protección | F61: =ROUND(D61*E61,2) -> 0 | K61: =+I61+Q61 -> 0 | L61: =+J61+R61 -> 0
A62: 1.12.1 | B62: Enrocados | C62: m3 | D62: 1746 | E62: 135000 | F62: =ROUND(D62*E62,2) -> 235710000 | K62: =+I62+Q62 -> 0 | L62: =+J62+R62 -> 0
A63: 1.12.2 | B63: Geotextiles | C63: m2 | D63: 1423 | E63: 11500 | F63: =ROUND(D63*E63,2) -> 16364500 | K63: =+I63+Q63 -> 0 | L63: =+J63+R63 -> 0
A64: 1.12.3 | B64: Terraplenes | C64: m3 | D64: 3007 | E64: 27000 | F64: =ROUND(D64*E64,2) -> 81189000 | K64: =+I64+Q64 -> 0 | L64: =+J64+R64 -> 0
A65: 1.12.4 | B65: Tablestacado | C65: m2 | D65: 1943 | E65: 95000 | F65: =ROUND(D65*E65,2) -> 184585000 | K65: =+I65+Q65 -> 0 | L65: =+J65+R65 -> 0
A66: 2 | B66: PAVIMENTO EN CONCRETO HIDRÁULICO | K66: =+I66+Q66 -> 0 | L66: =+J66+R66 -> 0
A67: 21 | B67: Preliminares | K67: =+I67+Q67 -> 0 | L67: =+J67+R67 -> 0
A68: 2.1.1 | B68: Localización y Replanteo de Vías Urbanas | C68: m2 | D68: 2420 | E68: 680 | F68: =ROUND(D68*E68,2) -> 1645600 | K68: =+I68+Q68 -> 0 | L68: =+J68+R68 -> 0
A69: 22 | B69: Demoliciones (No incluye cargue y transporte de sobrantes) | F69: =ROUND(D69*E69,2) -> 0 | K69: =+I69+Q69 -> 0 | L69: =+J69+R69 -> 0
A70: 2.2.1 | B70: Demolición de Pavimentos Rígidos de espesor variable | C70: m2 | D70: 810 | E70: 7000 | F70: =ROUND(D70*E70,2) -> 5670000 | K70: =+I70+Q70 -> 0 | L70: =+J70+R70 -> 0
A71: 2.2.2 | B71: Demolición de Pavimentos Flexible de espesor variable | C71: m2 | D71: 726 | E71: 5400 | F71: =ROUND(D71*E71,2) -> 3920400 | K71: =+I71+Q71 -> 0 | L71: =+J71+R71 -> 0
A72: 2.2.3 | B72: Demolición de sardinel existente | C72: ml | D72: 1380 | E72: 3400 | F72: =ROUND(D72*E72,2) -> 4692000 | K72: =+I72+Q72 -> 0 | L72: =+J72+R72 -> 0
A73: 23 | B73: Excavaciones (No incluye cargue y transporte de sobrantes) | F73: =ROUND(D73*E73,2) -> 0 | K73: =+I73+Q73 -> 0 | L73: =+J73+R73 -> 0
A74: 2.3.1 | B74: Excavación mecánica de material sin clasificación | C74: m3 | D74: 1045 | E74: 13500 | F74: =ROUND(D74*E74,2) -> 14107500 | K74: =+I74+Q74 -> 0 | L74: =+J74+R74 -> 0
A75: 24 | B75: Estructura de Pavimento | F75: =ROUND(D75*E75,2) -> 0 | K75: =+I75+Q75 -> 0 | L75: =+J75+R75 -> 0
A76: 2.4.1 | B76: Mejoramiento con incorporación de Granular (Suministro, colocación y compactación) | C76: m3 | D76: 847 | E76: 67500 | F76: =ROUND(D76*E76,2) -> 57172500 | K76: =+I76+Q76 -> 0 | L76: =+J76+R76 -> 0
A77: 2.4.2 | B77: Base Estabilizada con Emulsión Asfáltica BEE-1 (Suministro, colocación y compactación) | C77: m3 | D77: 412 | E77: 297000 | F77: =ROUND(D77*E77,2) -> 122364000 | K77: =+I77+Q77 -> 0 | L77: =+J77+R77 -> 0
A78: 2.4.3 | B78: Mezcla densa en caliente tipo MDC-2 (Suministro, instalación y colocación) | C78: m3 | D78: 121 | E78: 810000 | F78: =ROUND(D78*E78,2) -> 98010000 | K78: =+I78+Q78 -> 0 | L78: =+J78+R78 -> 0
A79: 2.4.4 | B79: Geomalla (suministro y colocación) | C79: m2 | D79: 2420 | E79: 12150 | F79: =ROUND(D79*E79,2) -> 29403000 | K79: =+I79+Q79 -> 0 | L79: =+J79+R79 -> 0
A80: 2.4.5 | B80: Riego de Liga con emulsión CRR-1 | C80: m2 | D80: 2420 | E80: 2700 | F80: =ROUND(D80*E80,2) -> 6534000 | K80: =+I80+Q80 -> 0 | L80: =+J80+R80 -> 0
A81: 25 | B81: Pavimento en Concreto | F81: =ROUND(D81*E81,2) -> 0 | K81: =+I81+Q81 -> 0 | L81: =+J81+R81 -> 0
A82: 2.5.1 | B82: Pavimento de Concreto MR-45 kg/cm2 (Incluye corte y sello de juntas, barras de transferencia, curado y texturizado) | C82: m3 | D82: 581 | E82: 877500 | F82: =ROUND(D82*E82,2) -> 509827500 | K82: =+I82+Q82 -> 0 | L82: =+J82+R82 -> 0
A83: 2.5.2 | B83: Bordillo rectangular prefabricado (800x200x350 mm) (Suministro e Instalación, incluye 3 cm de Mortero de Nivelación 1:3) | C83: ml | D83: 950 | E83: 81000 | F83: =ROUND(D83*E83,2) -> 76950000 | K83: =+I83+Q83 -> 0 | L83: =+J83+R83 -> 0
A84: 2.5.3 | B84: Sardinel en concreto de 3000 psi, 20x15 rectangular (Incluye acero de refuerzo, formaleta metálica y mano de obra) | C84: ml | D84: 430 | E84: 54000 | F84: =ROUND(D84*E84,2) -> 23220000 | K84: =+I84+Q84 -> 0 | L84: =+J84+R84 -> 0
A85: 2.5.4 | B85: Barras Corrugadas fy=280 Mpa para parrilla de refuerzo adicional de placas doblemente reforzadas | C85: Kg | D85: 11560 | E85: 5130 | F85: =ROUND(D85*E85,2) -> 59302800 | K85: =+I85+Q85 -> 0 | L85: =+J85+R85 -> 0
A86: 2.5.5 | B86: Sellado de juntas en Pavimento de Concreto Hidráulico (incluye limpieza, suministro e instalación de soporte base y sellante) | C86: m | D86: 830 | E86: 10800 | F86: =ROUND(D86*E86,2) -> 8964000 | K86: =+I86+Q86 -> 0 | L86: =+J86+R86 -> 0
A87: 3 | B87: ESPACIO PUBLICO | K87: =+I87+Q87 -> 0 | L87: =+J87+R87 -> 0
A88: 31 | B88: Preliminares | K88: =+I88+Q88 -> 0 | L88: =+J88+R88 -> 0
A89: 3.1.1 | B89: Localización y Replanteo de Espacio Público | C89: m2 | D89: 928 | E89: 810 | F89: =ROUND(D89*E89,2) -> 751680 | K89: =+I89+Q89 -> 0 | L89: =+J89+R89 -> 0
A90: 32 | B90: Excavaciones y Demoliciones (No incluye cargue y transporte de sobrantes) | F90: =ROUND(D90*E90,2) -> 0 | K90: =+I90+Q90 -> 0 | L90: =+J90+R90 -> 0
A91: 3.2.1 | B91: Excavación Manual en material común | C91: m3 | D91: 408 | E91: 20250 | F91: =ROUND(D91*E91,2) -> 8262000 | K91: =+I91+Q91 -> 0 | L91: =+J91+R91 -> 0
A92: 3.2.2 | B92: Demolición de Pisos y Andenes en Concreto | C92: m2 | D92: 577 | E92: 4050 | F92: =ROUND(D92*E92,2) -> 2336850 | K92: =+I92+Q92 -> 0 | L92: =+J92+R92 -> 0
A93: 33 | B93: Andenes, Sardineles, Pisos y Rampas | F93: =ROUND(D93*E93,2) -> 0 | K93: =+I93+Q93 -> 0 | L93: =+J93+R93 -> 0
A94: 3.3.1 | B94: Franja de ajuste fundida en sitio en Concreto 3000 PSI (Incluye estampada para cenefa) | C94: m2 | D94: 10 | E94: 54000 | F94: =ROUND(D94*E94,2) -> 540000 | K94: =+I94+Q94 -> 0 | L94: =+J94+R94 -> 0
A95: 3.3.2 | B95: Franja demarcadora en Adoquín de arcilla 20x5x6 cm - Color Rojo (Incluye 4 cm de arena) | C95: m2 | D95: 10 | E95: 121500 | F95: =ROUND(D95*E95,2) -> 1215000 | K95: =+I95+Q95 -> 0 | L95: =+J95+R95 -> 0
A96: 3.3.3 | B96: Adoquín de cemento macizo Peatonal de 20x10x6 cm - Color Arena (Incluye suministro e instalación, base de 4 cm de arena, nivelación y arena de sello) | C96: m2 | D96: 183 | E96: 121500 | F96: =ROUND(D96*E96,2) -> 22234500 | K96: =+I96+Q96 -> 0 | L96: =+J96+R96 -> 0
A97: 3.3.4 | B97: Adoquín de cemento macizo Peatonal de 20x10x6 cm - Color Rojo (Incluye suministro e instalación, base de 4 cm de arena, nivelación y arena de sello) | C97: m2 | D97: 338 | E97: 121500 | F97: =ROUND(D97*E97,2) -> 41067000 | K97: =+I97+Q97 -> 0 | L97: =+J97+R97 -> 0
A98: 3.3.5 | B98: Adoquín de cemento macizo Peatonal de 20x10x6 cm - Color Gris (Incluye suministro e instalación, base de 4 cm de arena, nivelación y arena de sello) | C98: m2 | D98: 130 | E98: 121500 | F98: =ROUND(D98*E98,2) -> 15795000 | K98: =+I98+Q98 -> 0 | L98: =+J98+R98 -> 0
A99: 3.3.6 | B99: Piso en Loseta en Concreto cuadrada plana 40x40x6 cm (Incluye suministro e instalación, base de 4 cm de arena, nivelación y arena de sello) | C99: m2 | D99: 50 | E99: 121500 | F99: =ROUND(D99*E99,2) -> 6075000 | K99: =+I99+Q99 -> 0 | L99: =+J99+R99 -> 0
A100: 3.3.7 | B100: Piso en Loseta táctil guía discapacitados visuales 40X40X6 cm LOST-GU - Color Gris (Incluye suministro e instalación, base de 4 cm de arena, nivelación y arena de sello) | C100: m2 | D100: 40 | E100: 121500 | F100: =ROUND(D100*E100,2) -> 4860000 | K100: =+I100+Q100 -> 0 | L100: =+J100+R100 -> 0
A101: 3.3.8 | B101: Piso en Loseta táctil alerta discapacitados visuales de 40X40X6 cm LOST-AL - Color Gris (Incluye suministro e instalación, base de 4 cm de arena, nivelación y arena de sello) | C101: m2 | D101: 10 | E101: 121500 | F101: =ROUND(D101*E101,2) -> 1215000 | K101: =+I101+Q101 -> 0 | L101: =+J101+R101 -> 0
A102: 3.3.9 | B102: Sardinel Bajo Rampas de 800x150x350 mm (Incluye suministro e instalación) | C102: m | D102: 68 | E102: 121500 | F102: =ROUND(D102*E102,2) -> 8262000 | K102: =+I102+Q102 -> 0 | L102: =+J102+R102 -> 0
A103: 40240 | B103: Andenes (Separador) y Esquinas Vado en Concreto de 3000 PSI | C103: m3 | D103: 4 | E103: 783000 | F103: =ROUND(D103*E103,2) -> 3132000 | K103: =+I103+Q103 -> 0 | L103: =+J103+R103 -> 0
A104: 40605 | B104: Escalera en Concreto de 3000 PSI | C104: m3 | D104: 1 | E104: 1012500 | F104: =ROUND(D104*E104,2) -> 1012500 | K104: =+I104+Q104 -> 0 | L104: =+J104+R104 -> 0
A105: 40971 | B105: Suministro e Instalación de Cañuela Prefabricada (incluye 3 cm Mortero 1:3) | C105: m | D105: 52 | E105: 202500 | F105: =ROUND(D105*E105,2) -> 10530000 | K105: =+I105+Q105 -> 0 | L105: =+J105+R105 -> 0
A106: 41336 | B106: Rampas Peatonales en Concreto de 3000 PSI | C106: m2 | D106: 22 | E106: 162000 | F106: =ROUND(D106*E106,2) -> 3564000 | K106: =+I106+Q106 -> 0 | L106: =+J106+R106 -> 0
A107: 34 | B107: Estructura de Pavimento para Andenes | F107: =ROUND(D107*E107,2) -> 0 | K107: =+I107+Q107 -> 0 | L107: =+J107+R107 -> 0
A108: 3.4.1 | B108: Reconformación del suelo natural | C108: m2 | D108: 928 | E108: 410 | F108: =ROUND(D108*E108,2) -> 380480 | K108: =+I108+Q108 -> 0 | L108: =+J108+R108 -> 0
A109: 3.4.2 | B109: Base Granular BG-1 extendida a mano (Suministro, colocación y compactación) | C109: m3 | D109: 278 | E109: 135000 | F109: =ROUND(D109*E109,2) -> 37530000 | K109: =+I109+Q109 -> 0 | L109: =+J109+R109 -> 0
A110: 35 | B110: Mobiliario Urbano | F110: =ROUND(D110*E110,2) -> 0 | K110: =+I110+Q110 -> 0 | L110: =+J110+R110 -> 0
A111: 3.5.1 | B111: Contenedor de Raíces Tipo A1 de 1.00 x 1.00 m (Incluye gravilla ) | C111: Un | D111: 2 | E111: 270000 | F111: =ROUND(D111*E111,2) -> 540000 | K111: =+I111+Q111 -> 0 | L111: =+J111+R111 -> 0
A112: 3.5.2 | B112: Contenedor de Raíces Tipo B1 de 1.20 x 1.20 m (Incluye gravilla ) | C112: Un | D112: 3 | E112: 337500 | F112: =ROUND(D112*E112,2) -> 1012500 | K112: =+I112+Q112 -> 0 | L112: =+J112+R112 -> 0
...

Sheet Puente Cra.4ta
C1: SISTEMA INTEGRADO DE GESTIÓN DE CALIDAD FORMATO ACTA RECIBO PARCIAL DE OBRA | K1: CÓDIGO MIO-FO-36
K3: VERSIÓN 2.0
A6: UNIDAD EJECUTORA | F6: ACTA Nª | G6: =+'ACTA ADICIONAL OBRA '!F5 -> 1 | H6: VALOR BÁSICO ACTA: | J6: =+'ACTA ADICIONAL OBRA '!N5 -> 0 | K6: PERIODO MES | L6: =+'ACTA ADICIONAL OBRA '!P5 -> MARZO
J7: FECHA DE ELABORACIÓN | L7: =+'ACTA ADICIONAL OBRA '!P6 -> 46098 | M7: =+'ACTA ADICIONAL OBRA '!#REF! -> #REF! | N7: =+'ACTA ADICIONAL OBRA '!#REF! -> #REF!
A11: CONTRATO No : LPN-02 DE 2015 | G11: PLAZO INICIAL: | H11: =+'ACTA ADICIONAL OBRA '!#REF! -> #REF! | J11: PLAZO ACUMULADO: | K11: =+'ACTA ADICIONAL OBRA '!P8 -> 0
A13: OBJETO: CONSTRUCCIÓN DE LAS OBRAS CIVILES, ARQUITECTÓNICAS, HIDRÁULICAS Y TODAS AQUELLAS ACTIVIDADES NECESARIAS PARA LA RECONSTRUCCIÓN DE LOS PUENTES VEHICULARES EN DOBLE CALZADA DE LA CARRERA 5ta Y LA CARRERA 4ta EN ESTRUCTURA DE CONCRETO CON LUZ LIBRE DE 30 METROS Y LA CARRERA 19 EN ESTRUCTURA METÁLICA CON LUZ LIBRE DE 25 METROS, CON LA REHABILITACIÓN, ADECUACIÓN Y RECONSTRUCCIÓN DE LOS ACCESOS EN PAVIMENTO RÍGIDO CON ESPACIO PÚBLICO, PARA EL SISTEMA ESTRATÉGICO DE TRANSPORTE PÚBLICO DE LA CIUDAD DE SANTA MARTA- SETP | G13: FECHA DE INICIACION: | H13: =+'ACTA ADICIONAL OBRA '!#REF! -> #REF! | J13: FECHA DE SUSPENSIÓN: | K13: =+'ACTA ADICIONAL OBRA '!#REF! -> #REF!
G15: FECHA DE REANUDACIÓN: | H15: =+'ACTA ADICIONAL OBRA '!#REF! -> #REF! | J15: FECHA DE VENCIMIENTO: | K15: =+'ACTA ADICIONAL OBRA '!#REF! -> #REF!
G17: VALOR INICIAL (incluido IVA) : | H17: =+'ACTA ADICIONAL OBRA '!K14 -> 0 | J17: VALOR ADICIÓN No.__ : | K17: =+'ACTA ADICIONAL OBRA '!P14 -> 0
A18: CONTRATISTA: VALORES Y CONTRATOS S.A. | C18: LOCALIZACIÓN Y/O DESCIRPCION :
A20: CONTRATO DE INTERVENTORÍA No :__________________________ | C20: INTERVENTOR: | E20: =+'ACTA ADICIONAL OBRA '!B16 -> CONSORCIO INTER. CENTRO DE VIDA 2025 | G20: VALOR TOTAL ACUMULADO: | H20: =+'ACTA ADICIONAL OBRA '!K16 -> 0 | J20: VALOR TOTAL EN ADICIONES: | K20: =+'ACTA ADICIONAL OBRA '!P16 -> 0
A22: =+'ACTA ADICIONAL OBRA '!#REF! -> #REF! | C22: PUENTE Cra. 4ta
A24: Item | B24: CONDICIONES ORIGINALES | G24: CONDICIONES ACTUALIZADAS Acta de Modificación No. _____ de fecha ________ | I24: OBRA EJECUTADA
I25: PRESENTE ACTA | K25: ACUMULADO | Q25: ACUMULADO ANTERIOR
B26: ITEM DE PAGO | C26: UND | D26: CANTIDAD | E26: VALOR UNITARIO | F26: VALOR TOTAL | G26: CANTIDAD | H26: VALOR | I26: CANTIDAD | J26: VALOR | K26: CANTIDAD | L26: VALOR | Q26: CANTIDAD | R26: VALOR
A27: 1 | B27: ESTRUCTURA DEL PUENTE | J27: =I27*E27 -> 0 | L27: =K27*E27 -> 0 | R27: =Q27*K27 -> 0
A28: 11 | B28: Preliminares | J28: =I28*E28 -> 0
A29: 1.1.1 | B29: Localización y Replanteo Puente | C29: Mes | D29: 6 | E29: 6750000 | F29: =ROUND(D29*E29,2) -> 40500000 | J29: =I29*E29 -> 0 | K29: =+I29+Q29 -> 0 | L29: =+J29+R29 -> 0
A30: 12 | B30: Demoliciones (No incluye cargue y transporte de sobrantes) | F30: =ROUND(D30*E30,2) -> 0 | K30: =+I30+Q30 -> 0 | L30: =+J30+R30 -> 0
A31: 1.2.1 | B31: Demolición de Estructuras en Concreto reforzado | C31: m3 | D31: 323 | E31: 100000 | F31: =ROUND(D31*E31,2) -> 32300000 | K31: =+I31+Q31 -> 0 | L31: =+J31+R31 -> 0
A32: 13 | B32: Concreto Estructural | F32: =ROUND(D32*E32,2) -> 0 | K32: =+I32+Q32 -> 0 | L32: =+J32+R32 -> 0
A33: 1.3.1 | B33: Concreto Estructural f´c = 21 Mpa para New Jersey | C33: m3 | D33: 13 | E33: 900000 | F33: =ROUND(D33*E33,2) -> 11700000 | K33: =+I33+Q33 -> 0 | L33: =+J33+R33 -> 0
A34: 1.3.2 | B34: Concreto Estructural f´c = 28 MPa para Losa | C34: m3 | D34: 145 | E34: 900000 | F34: =ROUND(D34*E34,2) -> 130500000 | K34: =+I34+Q34 -> 0 | L34: =+J34+R34 -> 0
A35: 1.3.3 | B35: Concreto Estructural f´c = 28 Mpa para Diafragma en Estribo, Diafragma Intermedio y Apoyo Central | C35: m3 | D35: 14 | E35: 900000 | F35: =ROUND(D35*E35,2) -> 12600000 | K35: =+I35+Q35 -> 0 | L35: =+J35+R35 -> 0
A36: 1.3.4 | B36: Concreto Estructural f´c = 35 MPa para Vigas y Bloques de Anclaje | C36: m3 | D36: 148 | E36: 950000 | F36: =ROUND(D36*E36,2) -> 140600000 | K36: =+I36+Q36 -> 0 | L36: =+J36+R36 -> 0
A37: 1.3.5 | B37: Concreto Estructural f´c = 21 Mpa para Estribos, Muro de Acompañamiento, Aleta y tope sísmico | C37: m3 | D37: 299 | E37: 750000 | F37: =ROUND(D37*E37,2) -> 224250000 | K37: =+I37+Q37 -> 0 | L37: =+J37+R37 -> 0
A38: 1.3.6 | B38: Concreto Estructural f´c = 21 Mpa para Recalce de cimentación, Anden, Separador y Placa de Aproximación | C38: m3 | D38: 60 | E38: 750000 | F38: =ROUND(D38*E38,2) -> 45000000 | K38: =+I38+Q38 -> 0 | L38: =+J38+R38 -> 0
A39: 14 | B39: Pilotes Preexcavados | F39: =ROUND(D39*E39,2) -> 0 | K39: =+I39+Q39 -> 0 | L39: =+J39+R39 -> 0
A40: 1.4.1 | B40: Pilotes preexcavados (Cuchara Kelly) Ø = 85 cm, incluye concreto de 3000 psi | C40: m | D40: 592 | E40: 1410000 | F40: =ROUND(D40*E40,2) -> 834720000 | K40: =+I40+Q40 -> 0 | L40: =+J40+R40 -> 0
A41: 15 | B41: Acero de Refuerzo | F41: =ROUND(D41*E41,2) -> 0 | K41: =+I41+Q41 -> 0 | L41: =+J41+R41 -> 0
A42: 1.5.1 | B42: Acero de Postensionamiento f´s= 18900 Kg/cm2 | C42: Ton-m | D42: 108362 | E42: 2300 | F42: =ROUND(D42*E42,2) -> 249232600 | K42: =+I42+Q42 -> 0 | L42: =+J42+R42 -> 0
A43: 1.5.2 | B43: Acero de Refuerzo fy = 420 Mpa | C43: Kg | D43: 182800 | E43: 5500 | F43: =ROUND(D43*E43,2) -> 1005400000 | K43: =+I43+Q43 -> 0 | L43: =+J43+R43 -> 0
A44: 16 | B44: Estructuras de Acero | F44: =ROUND(D44*E44,2) -> 0 | K44: =+I44+Q44 -> 0 | L44: =+J44+R44 -> 0
A45: 1.6.1 | B45: Acero de barandas | C45: Kg | D45: 13250 | E45: 5500 | F45: =ROUND(D45*E45,2) -> 72875000 | K45: =+I45+Q45 -> 0 | L45: =+J45+R45 -> 0
A46: 17 | B46: Apoyos y Sellos para Juntas de Puentes | F46: =ROUND(D46*E46,2) -> 0 | K46: =+I46+Q46 -> 0 | L46: =+J46+R46 -> 0
A47: 1.7.1 | B47: Apoyo de Neopreno (400x500x54 mm) Gr 60 con 4 Láminas de refuerzo de 4 mm | C47: Un | D47: 16 | E47: 1100000 | F47: =ROUND(D47*E47,2) -> 17600000 | K47: =+I47+Q47 -> 0 | L47: =+J47+R47 -> 0
A48: 18 | B48: Juntas y Anclajes | F48: =ROUND(D48*E48,2) -> 0 | K48: =+I48+Q48 -> 0 | L48: =+J48+R48 -> 0
A49: 1.8.1 | B49: Juntas elastoméricas movimiento de 5 cm | C49: m | D49: 42 | E49: 1600000 | F49: =ROUND(D49*E49,2) -> 67200000 | K49: =+I49+Q49 -> 0 | L49: =+J49+R49 -> 0
A50: 19 | B50: Rellenos para Estructuras | F50: =ROUND(D50*E50,2) -> 0 | K50: =+I50+Q50 -> 0 | L50: =+J50+R50 -> 0
A51: 1.9.1 | B51: Relleno Estructural con Base Granular BG-1 Puente Nuevo (suministro, colocación y compactación) | C51: m3 | D51: 264 | E51: 135000 | F51: =ROUND(D51*E51,2) -> 35640000 | K51: =+I51+Q51 -> 0 | L51: =+J51+R51 -> 0
A52: 110 | B52: Muros de Contención | F52: =ROUND(D52*E52,2) -> 0 | K52: =+I52+Q52 -> 0 | L52: =+J52+R52 -> 0
A53: 1.10.1 | B53: Concreto Estructural f´c = 21 Mpa para Muros de contención | C53: m3 | D53: 118 | E53: 783000 | F53: =ROUND(D53*E53,2) -> 92394000 | K53: =+I53+Q53 -> 0 | L53: =+J53+R53 -> 0
A54: 1.10.2 | B54: Acero de Refuerzo fy = 420 Mpa | C54: Kg | D54: 11180 | E54: 5500 | F54: =ROUND(D54*E54,2) -> 61490000 | K54: =+I54+Q54 -> 0 | L54: =+J54+R54 -> 0
A55: 1.10.3 | B55: Subdrenes con geotextil y material granular para 2<H<4, L<10 m | C55: Gl | D55: 1 | E55: 10000000 | F55: =ROUND(D55*E55,2) -> 10000000 | K55: =+I55+Q55 -> 0 | L55: =+J55+R55 -> 0
A56: 1.10.4 | B56: Acero de barandas | C56: Kg | D56: 7120 | E56: 5500 | F56: =ROUND(D56*E56,2) -> 39160000 | K56: =+I56+Q56 -> 0 | L56: =+J56+R56 -> 0
A57: 1.10.5 | B57: Mampostería | C57: m2 | D57: 12 | E57: 337500 | F57: =ROUND(D57*E57,2) -> 4050000 | K57: =+I57+Q57 -> 0 | L57: =+J57+R57 -> 0
A58: 111 | B58: Obras de protección | F58: =ROUND(D58*E58,2) -> 0 | K58: =+I58+Q58 -> 0 | L58: =+J58+R58 -> 0
A59: 1.11.1 | B59: Enrocados | C59: m3 | D59: 1137 | E59: 135000 | F59: =ROUND(D59*E59,2) -> 153495000 | K59: =+I59+Q59 -> 0 | L59: =+J59+R59 -> 0
A60: 1.11.2 | B60: Geotextiles | C60: m2 | D60: 1078 | E60: 11500 | F60: =ROUND(D60*E60,2) -> 12397000 | K60: =+I60+Q60 -> 0 | L60: =+J60+R60 -> 0
A61: 1.11.3 | B61: Terraplenes | C61: m3 | D61: 316 | E61: 27000 | F61: =ROUND(D61*E61,2) -> 8532000 | K61: =+I61+Q61 -> 0 | L61: =+J61+R61 -> 0
A62: 1.11.4 | B62: Tablestacado | C62: m2 | D62: 1716 | E62: 95000 | F62: =ROUND(D62*E62,2) -> 163020000 | K62: =+I62+Q62 -> 0 | L62: =+J62+R62 -> 0
A63: 2 | B63: PAVIMENTO EN CONCRETO HIDRÁULICO | F63: =ROUND(D63*E63,2) -> 0 | K63: =+I63+Q63 -> 0 | L63: =+J63+R63 -> 0
A64: 21 | B64: Preliminares | F64: =ROUND(D64*E64,2) -> 0 | K64: =+I64+Q64 -> 0 | L64: =+J64+R64 -> 0
A65: 2.1.1 | B65: Localización y Replanteo de Vías Urbanas | C65: m2 | D65: 805 | E65: 680 | F65: =ROUND(D65*E65,2) -> 547400 | K65: =+I65+Q65 -> 0 | L65: =+J65+R65 -> 0
A66: 22 | B66: Demoliciones (No incluye cargue y transporte de sobrantes) | F66: =ROUND(D66*E66,2) -> 0 | K66: =+I66+Q66 -> 0 | L66: =+J66+R66 -> 0
A67: 2.2.1 | B67: Demolición de Pavimentos Rígidos de espesor variable | C67: m2 | D67: 105 | E67: 7000 | F67: =ROUND(D67*E67,2) -> 735000 | K67: =+I67+Q67 -> 0 | L67: =+J67+R67 -> 0
A68: 2.2.2 | B68: Demolición de Pavimentos Flexible de espesor variable | C68: m2 | D68: 700 | E68: 5400 | F68: =ROUND(D68*E68,2) -> 3780000 | K68: =+I68+Q68 -> 0 | L68: =+J68+R68 -> 0
A69: 2.2.3 | B69: Demolición de sardinel existente | C69: ml | D69: 460 | E69: 3400 | F69: =ROUND(D69*E69,2) -> 1564000 | K69: =+I69+Q69 -> 0 | L69: =+J69+R69 -> 0
A70: 23 | B70: Excavaciones (No incluye cargue y transporte de sobrantes) | F70: =ROUND(D70*E70,2) -> 0 | K70: =+I70+Q70 -> 0 | L70: =+J70+R70 -> 0
A71: 2.3.1 | B71: Excavación mecánica de material sin clasificación | C71: m3 | D71: 345 | E71: 13500 | F71: =ROUND(D71*E71,2) -> 4657500 | K71: =+I71+Q71 -> 0 | L71: =+J71+R71 -> 0
A72: 24 | B72: Estructura de Pavimento | F72: =ROUND(D72*E72,2) -> 0 | K72: =+I72+Q72 -> 0 | L72: =+J72+R72 -> 0
A73: 2.4.1 | B73: Mejoramiento con incorporación de Granular (Suministro, colocación y compactación) | C73: m2 | D73: 282 | E73: 67500 | F73: =ROUND(D73*E73,2) -> 19035000 | K73: =+I73+Q73 -> 0 | L73: =+J73+R73 -> 0
A74: 2.4.2 | B74: Base Estabilizada con Emulsión Asfáltica BEE-1 (Suministro, colocación y compactación) | C74: m3 | D74: 137 | E74: 297000 | F74: =ROUND(D74*E74,2) -> 40689000 | K74: =+I74+Q74 -> 0 | L74: =+J74+R74 -> 0
A75: 2.4.3 | B75: Mezcla densa en caliente tipo MDC-2 (Suministro, instalación y colocación) | C75: m3 | D75: 40 | E75: 810000 | F75: =ROUND(D75*E75,2) -> 32400000 | K75: =+I75+Q75 -> 0 | L75: =+J75+R75 -> 0
A76: 2.4.4 | B76: Geomalla (suministro y colocación) | C76: m2 | D76: 805 | E76: 12150 | F76: =ROUND(D76*E76,2) -> 9780750 | K76: =+I76+Q76 -> 0 | L76: =+J76+R76 -> 0
A77: 2.4.5 | B77: Riego de Liga con emulsión CRR-1 | C77: m2 | D77: 805 | E77: 2700 | F77: =ROUND(D77*E77,2) -> 2173500 | K77: =+I77+Q77 -> 0 | L77: =+J77+R77 -> 0
A78: 25 | B78: Pavimento en Concreto | F78: =ROUND(D78*E78,2) -> 0 | K78: =+I78+Q78 -> 0 | L78: =+J78+R78 -> 0
A79: 2.5.1 | B79: Pavimento de Concreto MR-45 kg/cm2 (Incluye corte y sello de juntas, barras de transferencia, curado y texturizado) | C79: m3 | D79: 195 | E79: 877500 | F79: =ROUND(D79*E79,2) -> 171112500 | K79: =+I79+Q79 -> 0 | L79: =+J79+R79 -> 0
A80: 2.5.2 | B80: Bordillo rectangular prefabricado (800x200x350 mm) (Suministro e Instalación, incluye 3 cm de Mortero de Nivelación 1:3) | C80: ml | D80: 320 | E80: 81000 | F80: =ROUND(D80*E80,2) -> 25920000 | K80: =+I80+Q80 -> 0 | L80: =+J80+R80 -> 0
A81: 2.5.3 | B81: Sardinel en concreto de 3000 psi, 20x15 rectangular (Incluye acero de refuerzo, formaleta metálica y mano de obra) | C81: ml | D81: 140 | E81: 54000 | F81: =ROUND(D81*E81,2) -> 7560000 | K81: =+I81+Q81 -> 0 | L81: =+J81+R81 -> 0
A82: 2.5.4 | B82: Barras Corrugadas fy=280 Mpa para parrilla de refuerzo adicional de placas doblemente reforzadas | C82: Kg | D82: 3900 | E82: 5130 | F82: =ROUND(D82*E82,2) -> 20007000 | K82: =+I82+Q82 -> 0 | L82: =+J82+R82 -> 0
A83: 3 | B83: ESPACIO PUBLICO | F83: =ROUND(D83*E83,2) -> 0 | K83: =+I83+Q83 -> 0 | L83: =+J83+R83 -> 0
A84: 31 | B84: Preliminares | F84: =ROUND(D84*E84,2) -> 0 | K84: =+I84+Q84 -> 0 | L84: =+J84+R84 -> 0
A85: 3.1.1 | B85: Localización y Replanteo de Espacio Público | C85: m2 | D85: 700 | E85: 810 | F85: =ROUND(D85*E85,2) -> 567000 | K85: =+I85+Q85 -> 0 | L85: =+J85+R85 -> 0
A86: 32 | B86: Excavaciones y Demoliciones (No incluye cargue y transporte de sobrantes) | F86: =ROUND(D86*E86,2) -> 0 | K86: =+I86+Q86 -> 0 | L86: =+J86+R86 -> 0
A87: 3.2.1 | B87: Excavación Manual en material común | C87: m3 | D87: 150 | E87: 20250 | F87: =ROUND(D87*E87,2) -> 3037500 | K87: =+I87+Q87 -> 0 | L87: =+J87+R87 -> 0
A88: 3.2.2 | B88: Demolición de Pisos y Andenes en Concreto | C88: m2 | D88: 400 | E88: 4050 | F88: =ROUND(D88*E88,2) -> 1620000 | K88: =+I88+Q88 -> 0 | L88: =+J88+R88 -> 0
A89: 33 | B89: Andenes, Sardineles, Pisos y Rampas | F89: =ROUND(D89*E89,2) -> 0 | K89: =+I89+Q89 -> 0 | L89: =+J89+R89 -> 0
A90: 3.3.1 | B90: Franja de ajuste fundida en sitio en Concreto 3000 PSI (Incluye estampada para cenefa) | C90: m2 | D90: 10 | E90: 54000 | F90: =ROUND(D90*E90,2) -> 540000 | K90: =+I90+Q90 -> 0 | L90: =+J90+R90 -> 0
A91: 3.3.2 | B91: Franja demarcadora en Adoquín de arcilla 20x5x6 cm Color Rojo (Incluye 4 cm de arena) | C91: m2 | D91: 10 | E91: 121500 | F91: =ROUND(D91*E91,2) -> 1215000 | K91: =+I91+Q91 -> 0 | L91: =+J91+R91 -> 0
A92: 3.3.3 | B92: Adoquín Peatonal de Concreto de 20x10x6 cm - Color Arena (Incluye suministro e instalación, base de 4 cm de arena, nivelación y arena de sello) | C92: m2 | D92: 190 | E92: 121500 | F92: =ROUND(D92*E92,2) -> 23085000 | K92: =+I92+Q92 -> 0 | L92: =+J92+R92 -> 0
A93: 3.3.4 | B93: Adoquín Peatonal de Concreto de 20x10x6 cm - Color Rojo (Incluye suministro e instalación, base de 4 cm de arena, nivelación y arena de sello) | C93: m2 | D93: 137 | E93: 121500 | F93: =ROUND(D93*E93,2) -> 16645500 | K93: =+I93+Q93 -> 0 | L93: =+J93+R93 -> 0
A94: 3.3.5 | B94: Adoquín de Cemento Macizo Peatonal de 20x10x6 cm - Color Gris (Incluye suministro e instalación, base de 4 cm de arena, nivelación y arena de sello) | C94: m2 | D94: 190 | E94: 121500 | F94: =ROUND(D94*E94,2) -> 23085000 | K94: =+I94+Q94 -> 0 | L94: =+J94+R94 -> 0
A95: 3.3.6 | B95: Bordillo rectangular prefabricado para ciclo-ruta de 800x100x350 mm (Incluye suministro e instalación, 3 cm de Mortero de Nivelación 1:3) | C95: m | D95: 80 | E95: 121500 | F95: =ROUND(D95*E95,2) -> 9720000 | K95: =+I95+Q95 -> 0 | L95: =+J95+R95 -> 0
A96: 3.3.7 | B96: Piso en Loseta táctil guía discapacitados visuales de 40X40X6 cm LOST-GU - Color Gris (Incluye suministro e instalación, base de 4 cm de arena, nivelación y arena de sello) | C96: m2 | D96: 20 | E96: 121500 | F96: =ROUND(D96*E96,2) -> 2430000 | K96: =+I96+Q96 -> 0 | L96: =+J96+R96 -> 0
A97: 3.3.8 | B97: Piso en Loseta táctil alerta discapacitados visuales de 40X40X6 cm LOST-AL - Color Gris (Incluye suministro e instalación, base de 4 cm de arena, nivelación y arena de sello) | C97: m2 | D97: 20 | E97: 121500 | F97: =ROUND(D97*E97,2) -> 2430000 | K97: =+I97+Q97 -> 0 | L97: =+J97+R97 -> 0
A98: 3.3.9 | B98: Piso en Loseta en Concreto cuadrada plana de 40x40x6 cm (Incluye suministro e instalación, base de 4 cm de arena, nivelación y arena de sello) | C98: m2 | D98: 72 | E98: 121500 | F98: =ROUND(D98*E98,2) -> 8748000 | K98: =+I98+Q98 -> 0 | L98: =+J98+R98 -> 0
A99: 40240 | B99: Sardinel Bajo Rampas de 800x150x350 mm (Incluye suministro e instalación) | C99: m | D99: 12 | E99: 121500 | F99: =ROUND(D99*E99,2) -> 1458000 | K99: =+I99+Q99 -> 0 | L99: =+J99+R99 -> 0
A100: 40605 | B100: Andenes (Separador) y Esquinas Vado en Concreto de 3000 PSI | C100: m3 | D100: 4 | E100: 783000 | F100: =ROUND(D100*E100,2) -> 3132000 | K100: =+I100+Q100 -> 0 | L100: =+J100+R100 -> 0
A101: 40971 | B101: Escalera en Concreto de 3000 PSI | C101: m3 | D101: 35 | E101: 1012500 | F101: =ROUND(D101*E101,2) -> 35437500 | K101: =+I101+Q101 -> 0 | L101: =+J101+R101 -> 0
A102: 41336 | B102: Rampas Peatonales en Concreto de 3000 PSI | C102: m2 | D102: 21 | E102: 162000 | F102: =ROUND(D102*E102,2) -> 3402000 | K102: =+I102+Q102 -> 0 | L102: =+J102+R102 -> 0
A103: 34 | B103: Estructura de Pavimento para Andenes | F103: =ROUND(D103*E103,2) -> 0 | K103: =+I103+Q103 -> 0 | L103: =+J103+R103 -> 0
A104: 3.4.1 | B104: Reconformación del suelo natural | C104: m2 | D104: 520 | E104: 410 | F104: =ROUND(D104*E104,2) -> 213200 | K104: =+I104+Q104 -> 0 | L104: =+J104+R104 -> 0
A105: 3.4.2 | B105: Base Granular BG-1 extendida a mano (Suministro, colocación y compactación) | C105: m3 | D105: 156 | E105: 135000 | F105: =ROUND(D105*E105,2) -> 21060000 | K105: =+I105+Q105 -> 0 | L105: =+J105+R105 -> 0
A106: 35 | B106: Estructura de Pavimento para Ciclo-Ruta | F106: =ROUND(D106*E106,2) -> 0 | K106: =+I106+Q106 -> 0 | L106: =+J106+R106 -> 0
A107: 3.5.1 | B107: Renivelación y compactación de la subrasante | C107: m2 | D107: 120 | E107: 13500 | F107: =ROUND(D107*E107,2) -> 1620000 | K107: =+I107+Q107 -> 0 | L107: =+J107+R107 -> 0
A108: 3.5.2 | B108: Sub base Granular SBG-1 extendida a mano (Suministro, colocación y compactación) | C108: m3 | D108: 4 | E108: 135000 | F108: =ROUND(D108*E108,2) -> 540000 | K108: =+I108+Q108 -> 0 | L108: =+J108+R108 -> 0
A109: 3.5.3 | B109: Mezcla densa en caliente tipo MDC-3 (Suministro, instalación y colocación) | C109: m3 | D109: 1 | E109: 877500 | F109: =ROUND(D109*E109,2) -> 877500 | K109: =+I109+Q109 -> 0 | L109: =+J109+R109 -> 0
A110: 3.5.4 | B110: Riego de Imprimacion con emulsión CRL-1 | C110: m2 | D110: 12 | E110: 2700 | F110: =ROUND(D110*E110,2) -> 32400 | K110: =+I110+Q110 -> 0 | L110: =+J110+R110 -> 0
A111: 36 | B111: Mobiliario Urbano | F111: =ROUND(D111*E111,2) -> 0 | K111: =+I111+Q111 -> 0 | L111: =+J111+R111 -> 0
A112: 3.6.1 | B112: Contenedor de Raíces Tipo A1 de 1.00 x 1.00 m (Incluye gravilla) | C112: Un | D112: 5 | E112: 270000 | F112: =ROUND(D112*E112,2) -> 1350000 | K112: =+I112+Q112 -> 0 | L112: =+J112+R112 -> 0
...

Sheet Puente Cra.19
C1: SISTEMA INTEGRADO DE GESTIÓN DE CALIDAD FORMATO ACTA RECIBO PARCIAL DE OBRA | K1: CÓDIGO MIO-FO-36
K3: VERSIÓN 2.0
A6: UNIDAD EJECUTORA SISTEMA ESTRATEGICO DE TRANSPORTE PUBLICO | E6: ACTA Nª | F6: 1 | G6: VALOR TOTAL ACTA: | H6: ='ACTA ADICIONAL OBRA '!N5 -> 0 | J6: PERIODO MES | K6: =+'ACTA ADICIONAL OBRA '!P5 -> MARZO
I7: FECHA DE ELABORACIÓN | L7: =+'ACTA ADICIONAL OBRA '!P6 -> 46098 | M7: =+'ACTA ADICIONAL OBRA '!#REF! -> #REF! | N7: =+'ACTA ADICIONAL OBRA '!#REF! -> #REF!
A11: CONTRATO No : LPN-02 DE 2015 | G11: PLAZO INICIAL: | I11: NUEVE (9) MESES | J11: PLAZO ACUMULADO: | L11: NUEVE (9)
A13: OBJETO: CONSTRUCCIÓN DE LAS OBRAS CIVILES, ARQUITECTÓNICAS, HIDRÁULICAS Y TODAS AQUELLAS ACTIVIDADES NECESARIAS PARA LA RECONSTRUCCIÓN DE LOS PUENTES VEHICULARES EN DOBLE CALZADA DE LA CARRERA 5ta Y LA CARRERA 4ta EN ESTRUCTURA DE CONCRETO CON LUZ LIBRE DE 30 METROS Y LA CARRERA 19 EN ESTRUCTURA METÁLICA CON LUZ LIBRE DE 25 METROS, CON LA REHABILITACIÓN, ADECUACIÓN Y RECONSTRUCCIÓN DE LOS ACCESOS EN PAVIMENTO RÍGIDO CON ESPACIO PÚBLICO, PARA EL SISTEMA ESTRATÉGICO DE TRANSPORTE PÚBLICO DE LA CIUDAD DE SANTA MARTA- SETP | G13: FECHA DE INICIACION: | I13: 42072 | J13: FECHA DE SUSPENSIÓN:
G15: FECHA DE REANUDACIÓN: | J15: FECHA DE VENCIMIENTO: | L15: 42347
G17: VALOR INICIAL (incluido IVA) : $ 13,997,013,033.1 | J17: VALOR ADICIÓN No :
A18: CONTRATISTA: VALORES Y CONTRATOS S.A. | C18: LOCALIZACIÓN : | E18: SANTA MARTA - MAGDALENA
A20: CONTRATO DE INTERVENTORÍA No : CM - 01 DE 2015 | C20: INTERVENTOR: | E20: =+'ACTA ADICIONAL OBRA '!B16 -> CONSORCIO INTER. CENTRO DE VIDA 2025 | G20: VALOR TOTAL ACUMULADO: $ 13,997,013,033.1 | J20: VALOR TOTAL EN ADICIONES:
A22: =+'ACTA ADICIONAL OBRA '!#REF! -> #REF!
A24: IT 10T PUENTE DE LA CARRERA 19
A25: Item | B25: CONDICIONES ORIGINALES | G25: CONDICIONES ACTUALIZADAS Acta de Modificación No. _____ de fecha ________ | I25: OBRA EJECUTADA
I26: PRESENTE ACTA | K26: ACUMULADO | Q26: ACUMULADO ANTERIOR
B27: ITEM DE PAGO | C27: UND | D27: CANTIDAD | E27: VALOR UNITARIO | F27: VALOR TOTAL | G27: CANTIDAD | H27: VALOR | I27: CANTIDAD | J27: VALOR | K27: CANTIDAD | L27: VALOR | Q27: CANTIDAD | R27: VALOR
A28: 1 | B28: ESTRUCTURA DEL PUENTE | J28: =ROUND(I28*E28,2) -> 0 | L28: =K28*E28 -> 0 | R28: =Q28*K28 -> 0
A29: 11 | B29: Preliminares | J29: =ROUND(I29*E29,2) -> 0
A30: 1.1.1 | B30: Localización y Replanteo Puente | C30: Mes | D30: 5 | E30: 6750000 | F30: =ROUND(D30*E30,2) -> 33750000 | I30: 1 | J30: =ROUND(I30*E30,2) -> 6750000 | K30: =+I30+Q30 -> 1 | L30: =+J30+R30 -> 6750000
A31: 12 | B31: Demoliciones (No incluye cargue y transporte de sobrantes) | F31: =ROUND(D31*E31,2) -> 0 | J31: =ROUND(I31*E31,2) -> 0 | K31: =+I31+Q31 -> 0 | L31: =+J31+R31 -> 0
A32: 1.2.1 | B32: Demolición de Estructuras en Concreto reforzado | C32: M2 | D32: 174 | E32: 100000 | F32: =ROUND(D32*E32,2) -> 17400000 | I32: 171.2 | J32: =ROUND(I32*E32,2) -> 17120000 | K32: =+I32+Q32 -> 171.2 | L32: =+J32+R32 -> 17120000
A33: 13 | B33: Excavaciones (No incluye cargue y transporte de sobrantes) | F33: =ROUND(D33*E33,2) -> 0 | J33: =ROUND(I33*E33,2) -> 0 | K33: =+I33+Q33 -> 0 | L33: =+J33+R33 -> 0
A34: 1.3.1 | B34: Excavación a máquina para estribos | C34: M3 | D34: 118 | E34: 13500 | F34: =ROUND(D34*E34,2) -> 1593000 | I34: 118 | J34: =ROUND(I34*E34,2) -> 1593000 | K34: =+I34+Q34 -> 118 | L34: =+J34+R34 -> 1593000
A35: 1.3.2 | B35: Excavación para caisson D = 1.0 mts y L = 12 mts, bajo lodo bentonítico | C35: ML | D35: 240 | E35: 340000 | F35: =ROUND(D35*E35,2) -> 81600000 | J35: =ROUND(I35*E35,2) -> 0 | K35: =+I35+Q35 -> 0 | L35: =+J35+R35 -> 0
A36: 1.3.3 | B36: Excavación a maquina para Muros de contención | C36: M3 | D36: 97.9 | E36: 13500 | F36: =ROUND(D36*E36,2) -> 1321650 | J36: =ROUND(I36*E36,2) -> 0 | K36: =+I36+Q36 -> 0 | L36: =+J36+R36 -> 0
A37: 1.3.4 | B37: Excavación a maquina para Gaviones | C37: M3 | D37: 475 | E37: 13500 | F37: =ROUND(D37*E37,2) -> 6412500 | J37: =ROUND(I37*E37,2) -> 0 | K37: =+I37+Q37 -> 0 | L37: =+J37+R37 -> 0
A38: 14 | B38: Cimentación | F38: =ROUND(D38*E38,2) -> 0 | J38: =ROUND(I38*E38,2) -> 0 | K38: =+I38+Q38 -> 0 | L38: =+J38+R38 -> 0
A39: 1.4.1 | B39: Concreto tipo Tremie 210 kg/cm2 de 3000 psi (incluye vibrado de concreto, bombeo y mano de obra) | C39: M3 | D39: 189.6 | E39: 1485000 | F39: =ROUND(D39*E39,2) -> 281556000 | J39: =ROUND(I39*E39,2) -> 0 | K39: =+I39+Q39 -> 0 | L39: =+J39+R39 -> 0
A40: 1.4.2 | B40: Concreto para Dado de 3000 psi - 210 kg/cm2 | C40: M3 | D40: 118.86 | E40: 783000 | F40: =ROUND(D40*E40,2) -> 93067380 | J40: =ROUND(I40*E40,2) -> 0 | K40: =+I40+Q40 -> 0 | L40: =+J40+R40 -> 0
A41: 15 | B41: Estructuras de Concreto | F41: =ROUND(D41*E41,2) -> 0 | J41: =ROUND(I41*E41,2) -> 0 | K41: =+I41+Q41 -> 0 | L41: =+J41+R41 -> 0
A42: 1.5.1 | B42: Concreto para Estribos de 3000 psi - 210 kg/cm2 | C42: M3 | D42: 274 | E42: 750000 | F42: =ROUND(D42*E42,2) -> 205500000 | J42: =ROUND(I42*E42,2) -> 0 | K42: =+I42+Q42 -> 0 | L42: =+J42+R42 -> 0
A43: 1.5.2 | B43: Concreto para Losa de 4000 psi - 280kg/cm2 (incluye antisol rojo, formaleta, equipo de vibración, bombeo y mano de obra) | C43: M3 | D43: 83.2 | E43: 900000 | F43: =ROUND(D43*E43,2) -> 74880000 | J43: =ROUND(I43*E43,2) -> 0 | K43: =+I43+Q43 -> 0 | L43: =+J43+R43 -> 0
A44: 1.5.3 | B44: Concreto para Losa de Aproximacion de 4000 psi - 280kg/cm2 (incluye antisol rojo, formaleta, equipo de vibración, bombeo y mano de obra) | C44: M3 | D44: 59 | E44: 750000 | F44: =ROUND(D44*E44,2) -> 44250000 | J44: =ROUND(I44*E44,2) -> 0 | K44: =+I44+Q44 -> 0 | L44: =+J44+R44 -> 0
A45: 16 | B45: Acero de Refuerzo | F45: =ROUND(D45*E45,2) -> 0 | J45: =ROUND(I45*E45,2) -> 0 | K45: =+I45+Q45 -> 0 | L45: =+J45+R45 -> 0
A46: 1.6.1 | B46: Acero de Refuerzo Fy=4200 kg/cm2 (flejado e instalado en la estructura) | C46: KG | D46: 40191 | E46: 5500 | F46: =ROUND(D46*E46,2) -> 221050500 | I46: 430.4 | J46: =ROUND(I46*E46,2) -> 2367200 | K46: =+I46+Q46 -> 430.4 | L46: =+J46+R46 -> 2367200
A47: 17 | B47: Estructura Metálica | F47: =ROUND(D47*E47,2) -> 0 | J47: =ROUND(I47*E47,2) -> 0 | K47: =+I47+Q47 -> 0 | L47: =+J47+R47 -> 0
A48: 1.7.1 | B48: Suminitro de Estructura Metálica | C48: KG | D48: 54249 | E48: 13500 | F48: =ROUND(D48*E48,2) -> 732361500 | I48: =26148 -> 26148 | J48: =ROUND(I48*E48,2) -> 352998000 | K48: =+I48+Q48 -> 26148 | L48: =+J48+R48 -> 352998000
A49: 1.7.2 | B49: Montaje de Estructura Metálica | C49: KG | D49: 54249 | E49: 4500 | F49: =ROUND(D49*E49,2) -> 244120500 | J49: =ROUND(I49*E49,2) -> 0 | K49: =+I49+Q49 -> 0 | L49: =+J49+R49 -> 0
A50: 18 | B50: Baranda Metálica | F50: =ROUND(D50*E50,2) -> 0 | J50: =ROUND(I50*E50,2) -> 0 | K50: =+I50+Q50 -> 0 | L50: =+J50+R50 -> 0
A51: 1.8.1 | B51: Baranda Metálica en acero A36 | C51: ML | D51: 40 | E51: 600000 | F51: =ROUND(D51*E51,2) -> 24000000 | J51: =ROUND(I51*E51,2) -> 0 | K51: =+I51+Q51 -> 0 | L51: =+J51+R51 -> 0
A52: 19 | B52: Apoyos de Neopreno | F52: =ROUND(D52*E52,2) -> 0 | J52: =ROUND(I52*E52,2) -> 0 | K52: =+I52+Q52 -> 0 | L52: =+J52+R52 -> 0
A53: 1.9.1 | B53: Apoyos de Neopreno dureza 60 (55x45x7) cms (incluye instalación) | C53: UND | D53: 12 | E53: 1350000 | F53: =ROUND(D53*E53,2) -> 16200000 | J53: =ROUND(I53*E53,2) -> 0 | K53: =+I53+Q53 -> 0 | L53: =+J53+R53 -> 0
A54: 110 | B54: Juntas | F54: =ROUND(D54*E54,2) -> 0 | J54: =ROUND(I54*E54,2) -> 0 | K54: =+I54+Q54 -> 0 | L54: =+J54+R54 -> 0
A55: 1.10.1 | B55: Juntas de dilatacion con angulos de 3"x 3"x 3/8" (incluye accesorio para instalación y soldadura) | C55: ML | D55: 190 | E55: 675000 | F55: =ROUND(D55*E55,2) -> 128250000 | J55: =ROUND(I55*E55,2) -> 0 | K55: =+I55+Q55 -> 0 | L55: =+J55+R55 -> 0
A56: 111 | B56: Muros de Contención | F56: =ROUND(D56*E56,2) -> 0 | J56: =ROUND(I56*E56,2) -> 0 | K56: =+I56+Q56 -> 0 | L56: =+J56+R56 -> 0
A57: 1.11.1 | B57: Concreto Estructural f´c = 21 Mpa para Muros de contención | C57: m3 | D57: 43.5 | E57: 783000 | F57: =ROUND(D57*E57,2) -> 34060500 | J57: =ROUND(I57*E57,2) -> 0 | K57: =+I57+Q57 -> 0 | L57: =+J57+R57 -> 0
A58: 1.11.2 | B58: Acero de Refuerzo fy = 420 Mpa | C58: Kg | D58: 4120 | E58: 5500 | F58: =ROUND(D58*E58,2) -> 22660000 | J58: =ROUND(I58*E58,2) -> 0 | K58: =+I58+Q58 -> 0 | L58: =+J58+R58 -> 0
A59: 112 | B59: Obras de protección | F59: =ROUND(D59*E59,2) -> 0 | J59: =ROUND(I59*E59,2) -> 0 | K59: =+I59+Q59 -> 0 | L59: =+J59+R59 -> 0
A60: 1.12.1 | B60: Muros en Gaviones | C60: m3 | D60: 496.8 | E60: 202500 | F60: =ROUND(D60*E60,2) -> 100602000 | J60: =ROUND(I60*E60,2) -> 0 | K60: =+I60+Q60 -> 0 | L60: =+J60+R60 -> 0
A61: 2 | B61: PAVIMENTO | F61: =ROUND(D61*E61,2) -> 0 | J61: =ROUND(I61*E61,2) -> 0 | K61: =+I61+Q61 -> 0 | L61: =+J61+R61 -> 0
A62: 21 | B62: Preliminares | F62: =ROUND(D62*E62,2) -> 0 | J62: =ROUND(I62*E62,2) -> 0 | K62: =+I62+Q62 -> 0 | L62: =+J62+R62 -> 0
A63: 2.1.1 | B63: Localización y Replanteo de Vías Urbanas | C63: m2 | D63: 2025.4 | E63: 680 | F63: =ROUND(D63*E63,2) -> 1377272 | I63: 2025.4 | J63: =ROUND(I63*E63,2) -> 1377272 | K63: =+I63+Q63 -> 2025.4 | L63: =+J63+R63 -> 1377272
A64: 22 | B64: Demoliciones (No incluye cargue y transporte de sobrantes) | F64: =ROUND(D64*E64,2) -> 0 | J64: =ROUND(I64*E64,2) -> 0 | K64: =+I64+Q64 -> 0 | L64: =+J64+R64 -> 0
A65: 2.2.1 | B65: Demolición de Pavimentos Rígidos de espesor variable | C65: m2 | D65: 2131.9 | E65: 7000 | F65: =ROUND(D65*E65,2) -> 14923300 | I65: =ROUND(97.13+103.36+30.1+44.2+27.75,2) -> 302.54 | J65: =ROUND(I65*E65,2) -> 2117780 | K65: =+I65+Q65 -> 302.54 | L65: =+J65+R65 -> 2117780
A66: 23 | B66: Excavaciones (No incluye cargue y transporte de sobrantes) | F66: =ROUND(D66*E66,2) -> 0 | J66: =ROUND(I66*E66,2) -> 0 | K66: =+I66+Q66 -> 0 | L66: =+J66+R66 -> 0
A67: 2.3.1 | B67: Excavación mecánica de material sin clasificación | C67: m3 | D67: 831.5 | E67: 13500 | F67: =ROUND(D67*E67,2) -> 11225250 | J67: =ROUND(I67*E67,2) -> 0 | K67: =+I67+Q67 -> 0 | L67: =+J67+R67 -> 0
A68: 24 | B68: Estructura de Pavimento | F68: =ROUND(D68*E68,2) -> 0 | J68: =ROUND(I68*E68,2) -> 0 | K68: =+I68+Q68 -> 0 | L68: =+J68+R68 -> 0
A69: 2.4.1 | B69: Renivelación y Compactación de la Subrasante | C69: m2 | D69: 2025.4 | E69: 680 | F69: =ROUND(D69*E69,2) -> 1377272 | J69: =ROUND(I69*E69,2) -> 0 | K69: =+I69+Q69 -> 0 | L69: =+J69+R69 -> 0
A70: 2.4.2 | B70: Mejoramiento con incorporación de Granular (Suministro, colocación y compactación) | C70: m3 | D70: 332.6 | E70: 67500 | F70: =ROUND(D70*E70,2) -> 22450500 | J70: =ROUND(I70*E70,2) -> 0 | K70: =+I70+Q70 -> 0 | L70: =+J70+R70 -> 0
A71: 2.4.3 | B71: Base Granular BG-1 (suministro, colocación y compactación) | C71: m3 | D71: 765.5 | E71: 135000 | F71: =ROUND(D71*E71,2) -> 103342500 | J71: =ROUND(I71*E71,2) -> 0 | K71: =+I71+Q71 -> 0 | L71: =+J71+R71 -> 0
A72: 25 | B72: Pavimento en Concreto | F72: =ROUND(D72*E72,2) -> 0 | J72: =ROUND(I72*E72,2) -> 0 | K72: =+I72+Q72 -> 0 | L72: =+J72+R72 -> 0
A73: 2.5.1 | B73: Pavimento de Concreto MR-45 kg/cm2 (Incluye corte y sello de juntas, barras de transferencia, curado y texturizado) | C73: m3 | D73: 486.1 | E73: 877500 | F73: =ROUND(D73*E73,2) -> 426552750 | J73: =ROUND(I73*E73,2) -> 0 | K73: =+I73+Q73 -> 0 | L73: =+J73+R73 -> 0
A74: 2.5.2 | B74: Barras Corrugadas fy=280 Mpa (Incluye parrilla de refuerzo) | C74: Kg | D74: 5698 | E74: 5130 | F74: =ROUND(D74*E74,2) -> 29230740 | J74: =ROUND(I74*E74,2) -> 0 | K74: =+I74+Q74 -> 0 | L74: =+J74+R74 -> 0
A75: 2.5.3 | B75: Sellado de juntas en Pavimento de Concreto Hidráulico (incluye limpieza, suministro e instalación de soporte base y sellante) | C75: ml | D75: 500 | E75: 10800 | F75: =ROUND(D75*E75,2) -> 5400000 | J75: =ROUND(I75*E75,2) -> 0 | K75: =+I75+Q75 -> 0 | L75: =+J75+R75 -> 0
A76: 2.5.4 | B76: Reparación de losas a profundidad total | C76: m3 | D76: 5 | E76: 877500 | F76: =ROUND(D76*E76,2) -> 4387500 | J76: =ROUND(I76*E76,2) -> 0 | K76: =+I76+Q76 -> 0 | L76: =+J76+R76 -> 0
A77: 2.5.5 | B77: Reparación de losas a profundidad parcial con epóxico | C77: m2 | D77: 4 | E77: 135000 | F77: =ROUND(D77*E77,2) -> 540000 | J77: =ROUND(I77*E77,2) -> 0 | K77: =+I77+Q77 -> 0 | L77: =+J77+R77 -> 0
A78: 3 | B78: ESPACIO PUBLICO | F78: =ROUND(D78*E78,2) -> 0 | J78: =ROUND(I78*E78,2) -> 0 | K78: =+I78+Q78 -> 0 | L78: =+J78+R78 -> 0
A79: 31 | B79: Preliminares | F79: =ROUND(D79*E79,2) -> 0 | J79: =ROUND(I79*E79,2) -> 0 | K79: =+I79+Q79 -> 0 | L79: =+J79+R79 -> 0
A80: 3.1.1 | B80: Localización y Replanteo de Espacio Público | C80: m2 | D80: 592.4 | E80: 810 | F80: =ROUND(D80*E80,2) -> 479844 | J80: =ROUND(I80*E80,2) -> 0 | K80: =+I80+Q80 -> 0 | L80: =+J80+R80 -> 0
A81: 32 | B81: Excavaciones y Demoliciones (No incluye cargue y transporte de sobrantes) | F81: =ROUND(D81*E81,2) -> 0 | J81: =ROUND(I81*E81,2) -> 0 | K81: =+I81+Q81 -> 0 | L81: =+J81+R81 -> 0
A82: 3.2.1 | B82: Excavación Manual en material común | C82: m3 | D82: 118.5 | E82: 20250 | F82: =ROUND(D82*E82,2) -> 2399625 | J82: =ROUND(I82*E82,2) -> 0 | K82: =+I82+Q82 -> 0 | L82: =+J82+R82 -> 0
A83: 3.2.2 | B83: Demolición de sardinel existente competente) | C83: m | D83: 442.4 | E83: 3400 | F83: =ROUND(D83*E83,2) -> 1504160 | J83: =ROUND(I83*E83,2) -> 0 | K83: =+I83+Q83 -> 0 | L83: =+J83+R83 -> 0
A84: 3.2.3 | B84: Demolición de Pisos y Andenes en Concreto | C84: m2 | D84: 473.9 | E84: 4050 | F84: =ROUND(D84*E84,2) -> 1919295 | J84: =ROUND(I84*E84,2) -> 0 | K84: =+I84+Q84 -> 0 | L84: =+J84+R84 -> 0
A85: 33 | B85: Andenes, Sardineles, Pisos y Rampas | F85: =ROUND(D85*E85,2) -> 0 | J85: =ROUND(I85*E85,2) -> 0 | K85: =+I85+Q85 -> 0 | L85: =+J85+R85 -> 0
A86: 3.3.1 | B86: Bordillo de 20x20 cm fundido en concreto (incluye formaleta, antisol rojo, desencofrante y mano de obra) | C86: ML | D86: 687.5 | E86: 33750 | F86: =ROUND(D86*E86,2) -> 23203125 | J86: =ROUND(I86*E86,2) -> 0 | K86: =+I86+Q86 -> 0 | L86: =+J86+R86 -> 0
A87: 3.3.2 | B87: Adoquín peatonal en concreto gris y de colores de 20x10x6 cms (incluye vibración, subbase, arena fina y mano de obra) | C87: m2 | D87: 504.4 | E87: 121500 | F87: =ROUND(D87*E87,2) -> 61284600 | J87: =ROUND(I87*E87,2) -> 0 | K87: =+I87+Q87 -> 0 | L87: =+J87+R87 -> 0
A88: 3.3.3 | B88: Loseta prefabricada en concreto tactil - guía (gris o color ) de 20 x 20 x 6 cms (incluye subbase, arena fina y mano de obra) | C88: m2 | D88: 60 | E88: 121500 | F88: =ROUND(D88*E88,2) -> 7290000 | J88: =ROUND(I88*E88,2) -> 0 | K88: =+I88+Q88 -> 0 | L88: =+J88+R88 -> 0
A89: 3.3.4 | B89: Loseta texturizada tactil - alerta en concreto (gris o color) de 20 x 20 x 6 cms (incluye subbase, arena fina y mano de obra) | C89: m2 | D89: 4 | E89: 121500 | F89: =ROUND(D89*E89,2) -> 486000 | J89: =ROUND(I89*E89,2) -> 0 | K89: =+I89+Q89 -> 0 | L89: =+J89+R89 -> 0
A90: 3.3.5 | B90: Andenes (Separador) y Esquinas Vado en Concreto de 3000 PSI | C90: m3 | D90: 12.6 | E90: 783000 | F90: =ROUND(D90*E90,2) -> 9865800 | J90: =ROUND(I90*E90,2) -> 0 | K90: =+I90+Q90 -> 0 | L90: =+J90+R90 -> 0
A91: 3.3.6 | B91: Rampas de acceso Vehicular | C91: m2 | D91: 20 | E91: 324000 | F91: =ROUND(D91*E91,2) -> 6480000 | J91: =ROUND(I91*E91,2) -> 0 | K91: =+I91+Q91 -> 0 | L91: =+J91+R91 -> 0
A92: 3.3.7 | B92: Rampas Peatonales en Concreto de 3000 PSI | C92: m2 | D92: 4 | E92: 162000 | F92: =ROUND(D92*E92,2) -> 648000 | J92: =ROUND(I92*E92,2) -> 0 | K92: =+I92+Q92 -> 0 | L92: =+J92+R92 -> 0
A93: 34 | B93: Estructura de Pavimento para Andenes | F93: =ROUND(D93*E93,2) -> 0 | J93: =ROUND(I93*E93,2) -> 0 | K93: =+I93+Q93 -> 0 | L93: =+J93+R93 -> 0
A94: 3.4.1 | B94: Reconformación del suelo natural | C94: m2 | D94: 592.4 | E94: 410 | F94: =ROUND(D94*E94,2) -> 242884 | J94: =ROUND(I94*E94,2) -> 0 | K94: =+I94+Q94 -> 0 | L94: =+J94+R94 -> 0
A95: 3.4.2 | B95: Base Granular BG-1 extendida a mano (Suministro, colocación y compactación) | C95: m3 | D95: 177.5 | E95: 135000 | F95: =ROUND(D95*E95,2) -> 23962500 | J95: =ROUND(I95*E95,2) -> 0 | K95: =+I95+Q95 -> 0 | L95: =+J95+R95 -> 0
A96: 35 | B96: Mobiliario Urbano | F96: =ROUND(D96*E96,2) -> 0 | J96: =ROUND(I96*E96,2) -> 0 | K96: =+I96+Q96 -> 0 | L96: =+J96+R96 -> 0
A97: 3.5.1 | B97: Contenedor de Raíces Tipo A1 de 1.00 x 1.00 m (Incluye gravilla) | C97: Un | D97: 2 | E97: 270000 | F97: =ROUND(D97*E97,2) -> 540000 | J97: =ROUND(I97*E97,2) -> 0 | K97: =+I97+Q97 -> 0 | L97: =+J97+R97 -> 0
A98: 3.5.2 | B98: Contenedor de Raíces Tipo B1 de 1.20 x 1.20 m (Incluye gravilla) | C98: Un | D98: 3 | E98: 337500 | F98: =ROUND(D98*E98,2) -> 1012500 | J98: =ROUND(I98*E98,2) -> 0 | K98: =+I98+Q98 -> 0 | L98: =+J98+R98 -> 0
A99: 3.5.3 | B99: Marco o Borde para Contenedor de Raices Tipo A1 (1.00 x 1.00 m) | C99: m | D99: 10 | E99: 472500 | F99: =ROUND(D99*E99,2) -> 4725000 | J99: =ROUND(I99*E99,2) -> 0 | K99: =+I99+Q99 -> 0 | L99: =+J99+R99 -> 0
A100: 3.5.4 | B100: Marco o Borde para Contenedor de Raices Tipo B1 (1.20 x 1.20 m) | C100: m | D100: 11 | E100: 607500 | F100: =ROUND(D100*E100,2) -> 6682500 | J100: =ROUND(I100*E100,2) -> 0 | K100: =+I100+Q100 -> 0 | L100: =+J100+R100 -> 0
A101: 3.5.5 | B101: Suministro e Instalación de Bancas en Concreto sin espaldar M-31 | C101: Un | D101: 7 | E101: 607500 | F101: =ROUND(D101*E101,2) -> 4252500 | J101: =ROUND(I101*E101,2) -> 0 | K101: =+I101+Q101 -> 0 | L101: =+J101+R101 -> 0
A102: 3.5.6 | B102: Caneca en Acero Inoxidable Tipo Barcelona | C102: Un | D102: 10 | E102: 1012500 | F102: =ROUND(D102*E102,2) -> 10125000 | J102: =ROUND(I102*E102,2) -> 0 | K102: =+I102+Q102 -> 0 | L102: =+J102+R102 -> 0
A103: 36 | B103: Paisajismo | F103: =ROUND(D103*E103,2) -> 0 | J103: =ROUND(I103*E103,2) -> 0 | K103: =+I103+Q103 -> 0 | L103: =+J103+R103 -> 0
A104: 3.6.1 | B104: Zona Verde Con Césped | C104: m2 | D104: 15 | E104: 30000 | F104: =ROUND(D104*E104,2) -> 450000 | J104: =ROUND(I104*E104,2) -> 0 | K104: =+I104+Q104 -> 0 | L104: =+J104+R104 -> 0
A105: 4 | B105: SEÑALIZACIÓN | F105: =ROUND(D105*E105,2) -> 0 | J105: =ROUND(I105*E105,2) -> 0 | K105: =+I105+Q105 -> 0 | L105: =+J105+R105 -> 0
A106: 41 | B106: Señalización Vertical y Elevada Corredor Vial (Incluye suministro e instalación) | F106: =ROUND(D106*E106,2) -> 0 | J106: =ROUND(I106*E106,2) -> 0 | K106: =+I106+Q106 -> 0 | L106: =+J106+R106 -> 0
A107: 4.1.1 | B107: Señal de tránsito Grupo I (SP-23, SP-36 y SR-39 de 60 cm | C107: Un | D107: 3 | E107: 337500 | F107: =ROUND(D107*E107,2) -> 1012500 | J107: =ROUND(I107*E107,2) -> 0 | K107: =+I107+Q107 -> 0 | L107: =+J107+R107 -> 0
A108: 4.1.2 | B108: Señal de tránsito grupo V (SI-26 de 50x60) | C108: Un | D108: 1 | E108: 270000 | F108: =ROUND(D108*E108,2) -> 270000 | J108: =ROUND(I108*E108,2) -> 0 | K108: =+I108+Q108 -> 0 | L108: =+J108+R108 -> 0
A109: 42 | B109: Señalización Horizontal Corredor Vial | F109: =ROUND(D109*E109,2) -> 0 | J109: =ROUND(I109*E109,2) -> 0 | K109: =+I109+Q109 -> 0 | L109: =+J109+R109 -> 0
A110: 4.2.1 | B110: Linea de demarcación continua blanca con Resina Termoplástica con microesfera | C110: ml | D110: 366 | E110: 3500 | F110: =ROUND(D110*E110,2) -> 1281000 | J110: =ROUND(I110*E110,2) -> 0 | K110: =+I110+Q110 -> 0 | L110: =+J110+R110 -> 0
A111: 4.2.2 | B111: Linea de demarcación discontinua blanca con Resina Termoplástica con microesfera | C111: ml | D111: 328 | E111: 3500 | F111: =ROUND(D111*E111,2) -> 1148000 | J111: =ROUND(I111*E111,2) -> 0 | K111: =+I111+Q111 -> 0 | L111: =+J111+R111 -> 0
A112: 4.2.3 | B112: Flechas Direccional DE FRENTE, GIRO A LA DERECHA, GIRO A LA IZQUIERDA, de color Blanco, de 15 cm de ancho, con Resina Termoplástica con microesfera | C112: Un | D112: 2 | E112: 27000 | F112: =ROUND(D112*E112,2) -> 54000 | J112: =ROUND(I112*E112,2) -> 0 | K112: =+I112+Q112 -> 0 | L112: =+J112+R112 -> 0
...

Sheet Ambiental
C1: SISTEMA INTEGRADO DE GESTIÓN DE CALIDAD FORMATO ACTA RECIBO PARCIAL DE OBRA | K1: CÓDIGO MIO-FO-36
K3: VERSIÓN 2.0
A6: UNIDAD EJECUTORA SISTEMA ESTRATEGICO DE TRANSPORTE PUBLICO | E6: ACTA Nª | F6: 1 | G6: VALOR TOTAL ACTA: | H6: ='ACTA ADICIONAL OBRA '!N5 -> 0 | J6: PERIODO MES | K6: =+'ACTA ADICIONAL OBRA '!P5 -> MARZO
J7: FECHA DE ELABORACIÓN | L7: =+'ACTA ADICIONAL OBRA '!P6 -> 46098 | M7: =+'ACTA ADICIONAL OBRA '!#REF! -> #REF! | N7: =+'ACTA ADICIONAL OBRA '!#REF! -> #REF!
A11: CONTRATO No : LPN-02 DE 2015 | G11: PLAZO INICIAL: | I11: NUEVE (9) MESES | J11: PLAZO ACUMULADO: | L11: NUEVE (9)
A13: OBJETO: CONSTRUCCIÓN DE LAS OBRAS CIVILES, ARQUITECTÓNICAS, HIDRÁULICAS Y TODAS AQUELLAS ACTIVIDADES NECESARIAS PARA LA RECONSTRUCCIÓN DE LOS PUENTES VEHICULARES EN DOBLE CALZADA DE LA CARRERA 5ta Y LA CARRERA 4ta EN ESTRUCTURA DE CONCRETO CON LUZ LIBRE DE 30 METROS Y LA CARRERA 19 EN ESTRUCTURA METÁLICA CON LUZ LIBRE DE 25 METROS, CON LA REHABILITACIÓN, ADECUACIÓN Y RECONSTRUCCIÓN DE LOS ACCESOS EN PAVIMENTO RÍGIDO CON ESPACIO PÚBLICO, PARA EL SISTEMA ESTRATÉGICO DE TRANSPORTE PÚBLICO DE LA CIUDAD DE SANTA MARTA- SETP | G13: FECHA DE INICIACION: | I13: 42072 | J13: FECHA DE SUSPENSIÓN:
G15: FECHA DE REANUDACIÓN: | J15: FECHA DE VENCIMIENTO: | L15: 42347
G17: VALOR INICIAL (incluido IVA) : $ 13,997,013,033.1 | J17: VALOR ADICIÓN No :
A18: CONTRATISTA: VALORES Y CONTRATOS S.A. | C18: LOCALIZACIÓN | E18: SANTA MARTA - MAGDALENA
A20: CONTRATO DE INTERVENTORÍA No : CM - 01 DE 2015 | C20: INTERVENTOR: | E20: =+'ACTA ADICIONAL OBRA '!B16 -> CONSORCIO INTER. CENTRO DE VIDA 2025 | G20: VALOR TOTAL ACUMULADO: $ 13,997,013,033.1 | J20: VALOR TOTAL EN ADICIONES:
A22: =+'ACTA ADICIONAL OBRA '!#REF! -> #REF!
A24: IT 13 PLAN DE MANEJO AMBIENTAL PARA LOS PUENTES
A25: Item | B25: CONDICIONES ORIGINALES | G25: CONDICIONES ACTUALIZADAS Acta de Modificación No. _____ de fecha ________ | I25: OBRA EJECUTADA
I26: PRESENTE ACTA | K26: ACUMULADO | Q26: ACUMULADO ANTERIOR
B27: ITEM DE PAGO | C27: UND | D27: CANTIDAD | E27: VALOR UNITARIO | F27: VALOR TOTAL | G27: CANTIDAD | H27: VALOR | I27: CANTIDAD | J27: VALOR | K27: CANTIDAD | L27: VALOR | Q27: CANTIDAD | R27: VALOR
A28: 13 | B28: PLAN DE MANEJO AMBIENTAL Y SOCIAL | J28: =ROUND(I28*E28,2) -> 0 | L28: =K28*E28 -> 0 | R28: =Q28*K28 -> 0
A29: 13.1 | B29: SISTEMA DE GESTIÓN AMBIENTAL (COMPONENTE A) | J29: =ROUND(I29*E29,2) -> 0
A30: 41275 | B30: GASTOS ADMINISTRACION ETAPA DE CONSTRUCCION | J30: =ROUND(I30*E30,2) -> 0 | K30: =+I30+Q30 -> 0 | L30: =+J30+R30 -> 0
A31: 13.1.1.1 | B31: Residente Ambiental (100%) | C31: Mes | D31: 9 | E31: 4725000 | F31: =ROUND(D31*E31,2) -> 42525000 | I31: 1 | J31: =ROUND(I31*E31,2) -> 4725000 | K31: =+I31+Q31 -> 1 | L31: =+J31+R31 -> 4725000
A32: 13.1.1.2 | B32: Residente Social (100%) | C32: Mes | D32: 9 | E32: 3780000 | F32: =ROUND(D32*E32,2) -> 34020000 | I32: 1 | J32: =ROUND(I32*E32,2) -> 3780000 | K32: =+I32+Q32 -> 1 | L32: =+J32+R32 -> 3780000
A33: 13.1.1.3 | B33: Residente SISO (100%) | C33: Mes | D33: 9 | E33: 4185000 | F33: =ROUND(D33*E33,2) -> 37665000 | I33: 1 | J33: =ROUND(I33*E33,2) -> 4185000 | K33: =+I33+Q33 -> 1 | L33: =+J33+R33 -> 4185000
A34: 13.1.1.4 | B34: Residente Forestal (30%) | C34: Mes | D34: 9 | E34: 1350000 | F34: =ROUND(D34*E34,2) -> 12150000 | I34: 1 | J34: =ROUND(I34*E34,2) -> 1350000 | K34: =+I34+Q34 -> 1 | L34: =+J34+R34 -> 1350000
A35: 13.1.1.5 | B35: Comunicador Social (30%) | C35: Mes | D35: 7 | E35: 1350000 | F35: =ROUND(D35*E35,2) -> 9450000 | I35: 1 | J35: =ROUND(I35*E35,2) -> 1350000 | K35: =+I35+Q35 -> 1 | L35: =+J35+R35 -> 1350000
A36: 13.1.1.6 | B36: Arqueologo (50%) | C36: Mes | D36: 7 | E36: 2025000 | F36: =ROUND(D36*E36,2) -> 14175000 | J36: =ROUND(I36*E36,2) -> 0 | K36: =+I36+Q36 -> 0 | L36: =+J36+R36 -> 0
A37: 13.1.1.7 | B37: Auxiliar Ambiental (100%) | C37: Mes | D37: 7 | E37: 2025000 | F37: =ROUND(D37*E37,2) -> 14175000 | I37: 1 | J37: =ROUND(I37*E37,2) -> 2025000 | K37: =+I37+Q37 -> 1 | L37: =+J37+R37 -> 2025000
A38: 13.1.1.8 | B38: Auxiliar SISO (100%) | C38: Mes | D38: 7 | E38: 4050000 | F38: =ROUND(D38*E38,2) -> 28350000 | J38: =ROUND(I38*E38,2) -> 0 | K38: =+I38+Q38 -> 0 | L38: =+J38+R38 -> 0
A39: 13.1.1.9 | B39: Auxiliar Social (100%) - Son 3 | C39: Mes | D39: 7 | E39: 4050000 | F39: =ROUND(D39*E39,2) -> 28350000 | I39: 1 | J39: =ROUND(I39*E39,2) -> 4050000 | K39: =+I39+Q39 -> 1 | L39: =+J39+R39 -> 4050000
A40: 13.1.1.10 | B40: Personal para Aseo, Orden y Limpieza (100%) - Son 6 | C40: Mes | D40: 7 | E40: 8100000 | F40: =ROUND(D40*E40,2) -> 56700000 | I40: 0.33 | J40: =ROUND(I40*E40,2) -> 2673000 | K40: =+I40+Q40 -> 0.33 | L40: =+J40+R40 -> 2673000
A41: 13.2 | B41: PLAN DE GESTIÓN SOCIAL - COMPONENTE B | F41: =ROUND(D41*E41,2) -> 0 | J41: =ROUND(I41*E41,2) -> 0 | K41: =+I41+Q41 -> 0 | L41: =+J41+R41 -> 0
A42: 41306 | B42: Programa B1 - Divulgación e información a la Comunidad | F42: =ROUND(D42*E42,2) -> 0 | J42: =ROUND(I42*E42,2) -> 0 | K42: =+I42+Q42 -> 0 | L42: =+J42+R42 -> 0
A43: 13.2.1.1 | B43: Reuniones informativas con la Comunidad | C43: Un | D43: 6 | E43: 337500 | F43: =ROUND(D43*E43,2) -> 2025000 | J43: =ROUND(I43*E43,2) -> 0 | K43: =+I43+Q43 -> 0 | L43: =+J43+R43 -> 0
A44: 13.2.1.2 | B44: Socialización, seguimiento y evaluación de PMT | C44: Un | D44: 6 | E44: 405000 | F44: =ROUND(D44*E44,2) -> 2430000 | J44: =ROUND(I44*E44,2) -> 0 | K44: =+I44+Q44 -> 0 | L44: =+J44+R44 -> 0
A45: 13.2.1.3 | B45: Runiones informativas a grupos focales y comunidad organizada | C45: Un | D45: 5 | E45: 337500 | F45: =ROUND(D45*E45,2) -> 1687500 | J45: =ROUND(I45*E45,2) -> 0 | K45: =+I45+Q45 -> 0 | L45: =+J45+R45 -> 0
A46: 13.2.1.4 | B46: Pendones de 2,0 x 1,2 m (full color) | C46: Un | D46: 4 | E46: 270000 | F46: =ROUND(D46*E46,2) -> 1080000 | J46: =ROUND(I46*E46,2) -> 0 | K46: =+I46+Q46 -> 0 | L46: =+J46+R46 -> 0
A47: 13.2.1.5 | B47: Vallas informativas Fijas | C47: Un | D47: 2 | E47: 4050000 | F47: =ROUND(D47*E47,2) -> 8100000 | I47: 2 | J47: =ROUND(I47*E47,2) -> 8100000 | K47: =+I47+Q47 -> 2 | L47: =+J47+R47 -> 8100000
A48: 13.2.1.6 | B48: Volantes tipo 1 (inicio, avance y finalización de obra) | C48: Un | D48: 4500 | E48: 270 | F48: =ROUND(D48*E48,2) -> 1215000 | I48: 500 | J48: =ROUND(I48*E48,2) -> 135000 | K48: =+I48+Q48 -> 500 | L48: =+J48+R48 -> 135000
A49: 13.2.1.7 | B49: Volantes tipo 2 (PMT) | C49: Un | D49: 1500 | E49: 1350 | F49: =ROUND(D49*E49,2) -> 2025000 | I49: 500 | J49: =ROUND(I49*E49,2) -> 675000 | K49: =+I49+Q49 -> 500 | L49: =+J49+R49 -> 675000
A50: 13.2.1.8 | B50: Copia de volantes | C50: Un | D50: 2000 | E50: 140 | F50: =ROUND(D50*E50,2) -> 280000 | I50: 500 | J50: =ROUND(I50*E50,2) -> 70000 | K50: =+I50+Q50 -> 500 | L50: =+J50+R50 -> 70000
A51: 13.2.1.9 | B51: Plegables técnicos | C51: Un | D51: 1000 | E51: 6750 | F51: =ROUND(D51*E51,2) -> 6750000 | J51: =ROUND(I51*E51,2) -> 0 | K51: =+I51+Q51 -> 0 | L51: =+J51+R51 -> 0
A52: 13.2.1.10 | B52: Afiches | C52: Un | D52: 20 | E52: 40500 | F52: =ROUND(D52*E52,2) -> 810000 | J52: =ROUND(I52*E52,2) -> 0 | K52: =+I52+Q52 -> 0 | L52: =+J52+R52 -> 0
A53: 13.2.1.11 | B53: Aviso de prensa | C53: Un | D53: 4 | E53: 5400000 | F53: =ROUND(D53*E53,2) -> 21600000 | J53: =ROUND(I53*E53,2) -> 0 | K53: =+I53+Q53 -> 0 | L53: =+J53+R53 -> 0
A54: 13.2.1.12 | B54: Cuñas radiales | C54: Un | D54: 7 | E54: 1350000 | F54: =ROUND(D54*E54,2) -> 9450000 | J54: =ROUND(I54*E54,2) -> 0 | K54: =+I54+Q54 -> 0 | L54: =+J54+R54 -> 0
A55: 13.2.1.13 | B55: Puntos estratégicos de información | C55: Un | D55: 2 | E55: 675000 | F55: =ROUND(D55*E55,2) -> 1350000 | J55: =ROUND(I55*E55,2) -> 0 | K55: =+I55+Q55 -> 0 | L55: =+J55+R55 -> 0
A56: 41307 | B56: Programa B3 - Atención y participación Ciudadana | F56: =ROUND(D56*E56,2) -> 0 | J56: =ROUND(I56*E56,2) -> 0 | K56: =+I56+Q56 -> 0 | L56: =+J56+R56 -> 0
A57: 13.2.2.1 | B57: Oficinas de atención a la comunidad (línea telefónica, 15 sillas, un escritorio, un tablero mural, ventilación adecuada, TV, DVD, un buzón de sugerencias, afiches relacionados con la obra, planos) | C57: Un | D57: 2 | E57: 6750000 | F57: =ROUND(D57*E57,2) -> 13500000 | I57: 1 | J57: =ROUND(I57*E57,2) -> 6750000 | K57: =+I57+Q57 -> 1 | L57: =+J57+R57 -> 6750000
A58: 13.2.2.2 | B58: Encuestas satisfacción de obra (muestreo bimestral: incluye formatos para encuestas, lapiceros, planilleros) | C58: Un | D58: 3 | E58: 337500 | F58: =ROUND(D58*E58,2) -> 1012500 | J58: =ROUND(I58*E58,2) -> 0 | K58: =+I58+Q58 -> 0 | L58: =+J58+R58 -> 0
A59: 41308 | B59: Programa B4 - Pedagogía para la sostenibilidad Ambiental | F59: =ROUND(D59*E59,2) -> 0 | J59: =ROUND(I59*E59,2) -> 0 | K59: =+I59+Q59 -> 0 | L59: =+J59+R59 -> 0
A60: 13.2.3.1 | B60: Talleres a Entidades e Instituciones del sector para cuidado y sostenibilidad Ambiental. Duración 1 hora. | C60: Un | D60: 4 | E60: 675000 | F60: =ROUND(D60*E60,2) -> 2700000 | J60: =ROUND(I60*E60,2) -> 0 | K60: =+I60+Q60 -> 0 | L60: =+J60+R60 -> 0
A61: 13.2.3.2 | B61: Plegable reunión con comité Ambiental | C61: Un | D61: 800 | E61: 2700 | F61: =ROUND(D61*E61,2) -> 2160000 | J61: =ROUND(I61*E61,2) -> 0 | K61: =+I61+Q61 -> 0 | L61: =+J61+R61 -> 0
A62: 41309 | B62: Programa B6 - Capacitación al Personal de la Obra | F62: =ROUND(D62*E62,2) -> 0 | J62: =ROUND(I62*E62,2) -> 0 | K62: =+I62+Q62 -> 0 | L62: =+J62+R62 -> 0
A63: 13.2.4.1 | B63: Talleres Externos de Capacitación Ambiental al Personal de Obra. Duración: Mínimo 1 hora. | C63: Un | D63: 7 | E63: 337500 | F63: =ROUND(D63*E63,2) -> 2362500 | J63: =ROUND(I63*E63,2) -> 0 | K63: =+I63+Q63 -> 0 | L63: =+J63+R63 -> 0
A64: 13.3 | B64: MANEJO SILVICULTURAL, COBERTURA VEGETAL Y PAISAJISMO - COMPONENTE C | F64: =ROUND(D64*E64,2) -> 0 | J64: =ROUND(I64*E64,2) -> 0 | K64: =+I64+Q64 -> 0 | L64: =+J64+R64 -> 0
A65: 41334 | B65: Programa C1 - Eliminación de árboles | F65: =ROUND(D65*E65,2) -> 0 | J65: =ROUND(I65*E65,2) -> 0 | K65: =+I65+Q65 -> 0 | L65: =+J65+R65 -> 0
A66: 13.3.1.1 | B66: Eliminación de árboles Categoría I (De 1,5 a 5 mts.) | C66: Un | D66: 4 | E66: 135000 | F66: =ROUND(D66*E66,2) -> 540000 | J66: =ROUND(I66*E66,2) -> 0 | K66: =+I66+Q66 -> 0 | L66: =+J66+R66 -> 0
A67: 13.3.1.2 | B67: Eliminación de árboles Categoría II (De 5,1 a 10 mts.) | C67: Un | D67: 18 | E67: 135000 | F67: =ROUND(D67*E67,2) -> 2430000 | J67: =ROUND(I67*E67,2) -> 0 | K67: =+I67+Q67 -> 0 | L67: =+J67+R67 -> 0
A68: 13.3.1.3 | B68: Eliminación de árboles Categoría III (> 10 mts.) | C68: Un | D68: 2 | E68: 270000 | F68: =ROUND(D68*E68,2) -> 540000 | J68: =ROUND(I68*E68,2) -> 0 | K68: =+I68+Q68 -> 0 | L68: =+J68+R68 -> 0
A69: 41335 | B69: Programa C3 - Compensación Forestal | F69: =ROUND(D69*E69,2) -> 0 | J69: =ROUND(I69*E69,2) -> 0 | K69: =+I69+Q69 -> 0 | L69: =+J69+R69 -> 0
A70: 13.3.2.1 | B70: Compensación de árboles Categoría I (H= 1,5 a 2,0 m) | C70: Un | D70: 120 | E70: 67500 | F70: =ROUND(D70*E70,2) -> 8100000 | J70: =ROUND(I70*E70,2) -> 0 | K70: =+I70+Q70 -> 0 | L70: =+J70+R70 -> 0
A71: 13.3.2.2 | B71: Riego de árboles y zonas verdes | C71: Un | D71: 720 | E71: 1350 | F71: =ROUND(D71*E71,2) -> 972000 | J71: =ROUND(I71*E71,2) -> 0 | K71: =+I71+Q71 -> 0 | L71: =+J71+R71 -> 0
A72: 13.3.2.3 | B72: Mantenimiento de los árboles sembrados (limpieza mensual) | C72: Un | D72: 720 | E72: 1350 | F72: =ROUND(D72*E72,2) -> 972000 | J72: =ROUND(I72*E72,2) -> 0 | K72: =+I72+Q72 -> 0 | L72: =+J72+R72 -> 0
A73: 13.4 | B73: GESTIÓN AMBIENTAL EN LAS ACTIVIDADES DE CONSTRUCCIÓN - COMPONENTE D | F73: =ROUND(D73*E73,2) -> 0 | J73: =ROUND(I73*E73,2) -> 0 | K73: =+I73+Q73 -> 0 | L73: =+J73+R73 -> 0
A74: 41365 | B74: Programa D1 - Manejo de demoliciones, escombros y desechos de construcción | F74: =ROUND(D74*E74,2) -> 0 | J74: =ROUND(I74*E74,2) -> 0 | K74: =+I74+Q74 -> 0 | L74: =+J74+R74 -> 0
A75: 13.4.1.1 | B75: Limpieza general y cierre de la Obra (Incluye malla polisombra y listón de madera comercial 2" x 3"x 2,60 m, espaciados cada 4 m y embebidos en canecas plásticas rellenas (incluye mantenimiento del cerramiento) | C75: ML | D75: 1500 | E75: 10800 | F75: =ROUND(D75*E75,2) -> 16200000 | I75: 70 | J75: =ROUND(I75*E75,2) -> 756000 | K75: =+I75+Q75 -> 70 | L75: =+J75+R75 -> 756000
A76: 13.4.1.2 | B76: Limpieza general (Incluye escobas con cerdas firmes, carretillas Buggy, palas y cepillos para barrido de calles) | C76: Un | D76: 6 | E76: 67500 | F76: =ROUND(D76*E76,2) -> 405000 | I76: 1 | J76: =ROUND(I76*E76,2) -> 67500 | K76: =+I76+Q76 -> 1 | L76: =+J76+R76 -> 67500
A77: 13.4.1.3 | B77: Plástico Negro Para Cubrimiento de Residuos Generados en la obra | C77: M2 | D77: 1500 | E77: 1350 | F77: =ROUND(D77*E77,2) -> 2025000 | J77: =ROUND(I77*E77,2) -> 0 | K77: =+I77+Q77 -> 0 | L77: =+J77+R77 -> 0
A78: 13.4.1.4 | B78: Canecas rotuladas según código de colores para disposición de residuos reciclables, no reciclables y peligrosos generados en obra con tapa incluida. | C78: Un | D78: 27 | E78: 67500 | F78: =ROUND(D78*E78,2) -> 1822500 | I78: 3 | J78: =ROUND(I78*E78,2) -> 202500 | K78: =+I78+Q78 -> 3 | L78: =+J78+R78 -> 202500
A79: 13.4.1.5 | B79: Cargue, transporte y disposición final en sitio autorizado por la autoridad ambiental competente de material proveniente de demoliciones y excavaciones en las actividades de Reconstrucción de Puentes, Rehabilitación y Recostrucción de los accesos | F79: =ROUND(D79*E79,2) -> 0 | J79: =ROUND(I79*E79,2) -> 0 | K79: =+I79+Q79 -> 0 | L79: =+J79+R79 -> 0
A80: 13.4.1.5.1 | B80: Puente Carrera 5ta | F80: =ROUND(D80*E80,2) -> 0 | J80: =ROUND(I80*E80,2) -> 0 | K80: =+I80+Q80 -> 0 | L80: =+J80+R80 -> 0
A81: 13.4.1.5.1-a | B81: Por demoliciones y excavaciones de la Estructura | C81: M3 | D81: 488 | E81: 24300 | F81: =ROUND(D81*E81,2) -> 11858400 | J81: =ROUND(I81*E81,2) -> 0 | K81: =+I81+Q81 -> 0 | L81: =+J81+R81 -> 0
A82: 13.4.1.5.1-b | B82: Por demoliciones y excavaciones en Pavimento | C82: M3 | D82: 1090.6 | E82: 24300 | F82: =ROUND(D82*E82,2) -> 26501580 | J82: =ROUND(I82*E82,2) -> 0 | K82: =+I82+Q82 -> 0 | L82: =+J82+R82 -> 0
A83: 13.4.1.5.1-c | B83: Por demoliciones y excavaciones en Espacio Público | C83: M3 | D83: 399.6 | E83: 24300 | F83: =ROUND(D83*E83,2) -> 9710280 | J83: =ROUND(I83*E83,2) -> 0 | K83: =+I83+Q83 -> 0 | L83: =+J83+R83 -> 0
A84: 13.4.1.5.2 | B84: Puente Carrera 4ta | F84: =ROUND(D84*E84,2) -> 0 | J84: =ROUND(I84*E84,2) -> 0 | K84: =+I84+Q84 -> 0 | L84: =+J84+R84 -> 0
A85: 13.4.1.5.2-a | B85: Por demoliciones y excavaciones de la Estructura | C85: M3 | D85: 323 | E85: 22950 | F85: =ROUND(D85*E85,2) -> 7412850 | J85: =ROUND(I85*E85,2) -> 0 | K85: =+I85+Q85 -> 0 | L85: =+J85+R85 -> 0
A86: 13.4.1.5.2-b | B86: Por demoliciones y excavaciones en Pavimento | C86: M3 | D86: 131.2 | E86: 22950 | F86: =ROUND(D86*E86,2) -> 3011040 | J86: =ROUND(I86*E86,2) -> 0 | K86: =+I86+Q86 -> 0 | L86: =+J86+R86 -> 0
A87: 13.4.1.5.2-c | B87: Por demoliciones y excavaciones en Espacio Público | C87: M3 | D87: 152 | E87: 22950 | F87: =ROUND(D87*E87,2) -> 3488400 | J87: =ROUND(I87*E87,2) -> 0 | K87: =+I87+Q87 -> 0 | L87: =+J87+R87 -> 0
A88: 13.4.1.5.3 | B88: Puente Carrera 19 | F88: =ROUND(D88*E88,2) -> 0 | J88: =ROUND(I88*E88,2) -> 0 | K88: =+I88+Q88 -> 0 | L88: =+J88+R88 -> 0
A89: 13.4.1.5.3-a | B89: Por demoliciones y excavaciones de la Estructura | C89: M3 | D89: 371.2 | E89: 27000 | F89: =ROUND(D89*E89,2) -> 10022400 | J89: =ROUND(I89*E89,2) -> 0 | K89: =+I89+Q89 -> 0 | L89: =+J89+R89 -> 0
A90: 13.4.1.5.3-b | B90: Por demoliciones y excavaciones en Pavimento | C90: M3 | D90: 980.2 | E90: 27000 | F90: =ROUND(D90*E90,2) -> 26465400 | J90: =ROUND(I90*E90,2) -> 0 | K90: =+I90+Q90 -> 0 | L90: =+J90+R90 -> 0
A91: 13.4.1.5.3-c | B91: Por demoliciones y excavaciones en Espacio Público | C91: M3 | D91: 151.2 | E91: 27000 | F91: =ROUND(D91*E91,2) -> 4082400 | J91: =ROUND(I91*E91,2) -> 0 | K91: =+I91+Q91 -> 0 | L91: =+J91+R91 -> 0
A92: 13.4.1.6 | B92: Cargue, transporte y disposición final en sitio autorizado por la autoridad ambiental competente de material proveniente de demoliciones, excavaciones y perfilados en la actividad de construcción, recostruccón y reposición en Redes de Servicios Públicos | F92: =ROUND(D92*E92,2) -> 0 | J92: =ROUND(I92*E92,2) -> 0 | K92: =+I92+Q92 -> 0 | L92: =+J92+R92 -> 0
A93: 13.4.1.6.1 | B93: Puente Carrera 5ta | F93: =ROUND(D93*E93,2) -> 0 | J93: =ROUND(I93*E93,2) -> 0 | K93: =+I93+Q93 -> 0 | L93: =+J93+R93 -> 0
A94: 13.4.1.6.1-a | B94: Por demoliciones, excavaciones y perfiladas en Acueducto | C94: M3 | D94: 5.4 | E94: 24300 | F94: =ROUND(D94*E94,2) -> 131220 | J94: =ROUND(I94*E94,2) -> 0 | K94: =+I94+Q94 -> 0 | L94: =+J94+R94 -> 0
A95: 13.4.1.6.2 | B95: Puente Carrera 19 | F95: =ROUND(D95*E95,2) -> 0 | J95: =ROUND(I95*E95,2) -> 0 | K95: =+I95+Q95 -> 0 | L95: =+J95+R95 -> 0
A96: 13.4.1.6.2-a | B96: Por demoliciones, excavaciones y perfiladas en Alcantarillado Sanitario | C96: M3 | D96: 75 | E96: 27000 | F96: =ROUND(D96*E96,2) -> 2025000 | J96: =ROUND(I96*E96,2) -> 0 | K96: =+I96+Q96 -> 0 | L96: =+J96+R96 -> 0
A97: 13.4.1.6.2-b | B97: Por demoliciones, excavaciones y perfiladas en Alcantarillado Pluvial | C97: M3 | D97: 481.6 | E97: 27000 | F97: =ROUND(D97*E97,2) -> 13003200 | J97: =ROUND(I97*E97,2) -> 0 | K97: =+I97+Q97 -> 0 | L97: =+J97+R97 -> 0
A98: 13.4.1.6.2-c | B98: Por demoliciones, excavaciones y perfiladas en Acueducto | C98: M3 | D98: 37.3 | E98: 27000 | F98: =ROUND(D98*E98,2) -> 1007100 | J98: =ROUND(I98*E98,2) -> 0 | K98: =+I98+Q98 -> 0 | L98: =+J98+R98 -> 0
A99: 41366 | B99: Programa D3 - Manejo de campamentos e instalaciones temporales | F99: =ROUND(D99*E99,2) -> 0 | J99: =ROUND(I99*E99,2) -> 0 | K99: =+I99+Q99 -> 0 | L99: =+J99+R99 -> 0
A100: 13.4.2.1 | B100: Señalización preventiva Interna (Valla campamento interna de 1,5 x 1 m con parales en madera, metálica) | C100: Un | D100: 2 | E100: 1350000 | F100: =ROUND(D100*E100,2) -> 2700000 | J100: =ROUND(I100*E100,2) -> 0 | K100: =+I100+Q100 -> 0 | L100: =+J100+R100 -> 0
A101: 13.4.2.2 | B101: Alquiler de 3 Baños portátiles (CABINAS SANITARIAS UBICADAS EN OBRA) para manejo de residuos líquidos generados por obreros por la duración de la obra. | C101: Mes | D101: 7 | E101: 270000 | F101: =ROUND(D101*E101,2) -> 1890000 | J101: =ROUND(I101*E101,2) -> 0 | K101: =+I101+Q101 -> 0 | L101: =+J101+R101 -> 0
A102: 13.4.2.3 | B102: Manejo de residuos sólidos y emergencias en campamento (Plan de emergencia para atención primaria de accidentes in sitú; incluye botiquín para atención básica, 2 canecas metálicas por frente para manejo de residuos sólidos reciclables o no) | C102: Un | D102: 3 | E102: 1350000 | F102: =ROUND(D102*E102,2) -> 4050000 | J102: =ROUND(I102*E102,2) -> 0 | K102: =+I102+Q102 -> 0 | L102: =+J102+R102 -> 0
A103: 41367 | B103: Programa D5 - Manejo de residuos Líquidos, Combustibles, Aceites y Sustancias Químicas | F103: =ROUND(D103*E103,2) -> 0 | J103: =ROUND(I103*E103,2) -> 0 | K103: =+I103+Q103 -> 0 | L103: =+J103+R103 -> 0
A104: 13.4.3.1 | B104: Kit antiderrame (incluye pala antichispa, barreras de contención, paños oleofilicos, almohadillas absorbentes y desengrasante biodegradable) | C104: Un | D104: 4 | E104: 472500 | F104: =ROUND(D104*E104,2) -> 1890000 | J104: =ROUND(I104*E104,2) -> 0 | K104: =+I104+Q104 -> 0 | L104: =+J104+R104 -> 0
A105: 13.4.3.2 | B105: Rotuladores en calcomanía reflectiva distintiva | C105: Un | D105: 50 | E105: 6750 | F105: =ROUND(D105*E105,2) -> 337500 | I105: 5 | J105: =ROUND(I105*E105,2) -> 33750 | K105: =+I105+Q105 -> 5 | L105: =+J105+R105 -> 33750
A106: 41368 | B106: Programa D6 - Manejo de Estructuras y aseo de la Obra | F106: =ROUND(D106*E106,2) -> 0 | J106: =ROUND(I106*E106,2) -> 0 | K106: =+I106+Q106 -> 0 | L106: =+J106+R106 -> 0
A107: 13.4.4.1 | B107: Señales en áreas dispuestas en material policromado de 0,8 x 0,50 m y parales en madera de 2,60 m | C107: Un | D107: 30 | E107: 202500 | F107: =ROUND(D107*E107,2) -> 6075000 | J107: =ROUND(I107*E107,2) -> 0 | K107: =+I107+Q107 -> 0 | L107: =+J107+R107 -> 0
A108: 41369 | B108: Programa D7 - Manejo de aguas superficiales | F108: =ROUND(D108*E108,2) -> 0 | J108: =ROUND(I108*E108,2) -> 0 | K108: =+I108+Q108 -> 0 | L108: =+J108+R108 -> 0
A109: 13.4.5.1 | B109: Plasticos para protección de suelos | C109: M2 | D109: 500 | E109: 5400 | F109: =ROUND(D109*E109,2) -> 2700000 | J109: =ROUND(I109*E109,2) -> 0 | K109: =+I109+Q109 -> 0 | L109: =+J109+R109 -> 0
A110: 41370 | B110: Programa D9 - Control de emisiones atmosféricas y ruido | F110: =ROUND(D110*E110,2) -> 0 | J110: =ROUND(I110*E110,2) -> 0 | K110: =+I110+Q110 -> 0 | L110: =+J110+R110 -> 0
A111: 13.4.6.1 | B111: Alquiler de Carrotanque y suministro de agua para Humectación Previa en áreas de corte o relleno | C111: Un | D111: 1 | E111: 2025000 | F111: =ROUND(D111*E111,2) -> 2025000 | J111: =ROUND(I111*E111,2) -> 0 | K111: =+I111+Q111 -> 0 | L111: =+J111+R111 -> 0
A112: 13.4.6.2 | B112: Monitoreo de ruido, conforme a lo señalado en el Documento del Plan de Manejo Ambiental | C112: Un | D112: 2 | E112: 810000 | F112: =ROUND(D112*E112,2) -> 1620000 | J112: =ROUND(I112*E112,2) -> 0 | K112: =+I112+Q112 -> 0 | L112: =+J112+R112 -> 0
...
